Workbook

Sheet MEMORANDOS E IPC 2023 Y 2024
A1: Memorando | B1: Nombre | C1: Fecha de viabilidad | D1: Enero_23 | E1: Febrero_23 | F1: Marzo_23 | G1: Abril_23 | H1: Mayo_23 | I1: Junio_23 | J1: Julio_23 | K1: Agosto_23 | L1: Septiembre_23 | M1: Octubre_23 | N1: Noviembre_23 | O1: Diciembre_23 | P1: IPC_2023 | Q1: Enero_24 | R1: Febrero_24 | S1: Marzo_24 | T1: Abril_24 | U1: Mayo_24 | V1: IPC_2024 | W1: Suma Ipc_2023 | X1: Suma IPC_2024 | Y1: IPC PERIODO | Z1: IPC APLICADO
A2: I2023000881 | B2: Carnicos con soporte | C2: 44939 | D2: 1.78 | E2: 1.66 | F2: 1.05 | G2: 0.78 | H2: 0.43 | I2: 0.3 | J2: 0.5 | K2: 0.7 | L2: 0.54 | M2: 0.25 | N2: 0.47 | O2: 0.45 | P2: 9.28 | Q2: 0.92 | R2: 1.09 | S2: 0.7 | T2: 0.59 | V2: =Q2+R2+S2+T2 -> 3.3 | W2: =SUM(E2:O2) -> 7.13 | X2: =SUM(Q2:U2) -> 3.3 | Y2: =W2+X2 -> 10.43 | Z2: =IF(Y2>P2,P2,Y2) -> 9.28
A3: I2023000889 | B3: viveres y abarrotes | C3: 44939 | D3: 1.78 | E3: 1.66 | F3: 1.05 | G3: 0.78 | H3: 0.43 | I3: 0.3 | J3: 0.5 | K3: 0.7 | L3: 0.54 | M3: 0.25 | N3: 0.47 | O3: 0.45 | P3: 9.28 | Q3: 0.92 | R3: 1.09 | S3: 0.7 | T3: 0.59 | V3: =Q3+R3+S3+T3 -> 3.3 | W3: =SUM(E3:O3) -> 7.13 | X3: =SUM(Q3:U3) -> 3.3 | Y3: =W3+X3 -> 10.43 | Z3: =IF(Y3>P3,P3,Y3) -> 9.28
A4: I2023000944 | B4: Panaderia con soportes | C4: 44939 | D4: 1.78 | E4: 1.66 | F4: 1.05 | G4: 0.78 | H4: 0.43 | I4: 0.3 | J4: 0.5 | K4: 0.7 | L4: 0.54 | M4: 0.25 | N4: 0.47 | O4: 0.45 | P4: 9.28 | Q4: 0.92 | R4: 1.09 | S4: 0.7 | T4: 0.59 | V4: =Q4+R4+S4+T4 -> 3.3 | W4: =SUM(E4:O4) -> 7.13 | X4: =SUM(Q4:U4) -> 3.3 | Y4: =W4+X4 -> 10.43 | Z4: =IF(Y4>P4,P4,Y4) -> 9.28
A5: I2023000994 | B5: lacteeos 2023 | C5: 44940 | D5: 1.78 | E5: 1.66 | F5: 1.05 | G5: 0.78 | H5: 0.43 | I5: 0.3 | J5: 0.5 | K5: 0.7 | L5: 0.54 | M5: 0.25 | N5: 0.47 | O5: 0.45 | P5: 9.28 | Q5: 0.92 | R5: 1.09 | S5: 0.7 | T5: 0.59 | V5: =Q5+R5+S5+T5 -> 3.3 | W5: =SUM(E5:O5) -> 7.13 | X5: =SUM(Q5:U5) -> 3.3 | Y5: =W5+X5 -> 10.43 | Z5: =IF(Y5>P5,P5,Y5) -> 9.28
A6: I2023001005 | B6: huevos frutas y verduras | C6: 44940 | D6: 1.78 | E6: 1.66 | F6: 1.05 | G6: 0.78 | H6: 0.43 | I6: 0.3 | J6: 0.5 | K6: 0.7 | L6: 0.54 | M6: 0.25 | N6: 0.47 | O6: 0.45 | P6: 9.28 | Q6: 0.92 | R6: 1.09 | S6: 0.7 | T6: 0.59 | V6: =Q6+R6+S6+T6 -> 3.3 | W6: =SUM(E6:O6) -> 7.13 | X6: =SUM(Q6:U6) -> 3.3 | Y6: =W6+X6 -> 10.43 | Z6: =IF(Y6>P6,P6,Y6) -> 9.28
A7: I2023004856 | B7: Cuidado transitorio | C7: 44974 | D7: 1.78 | E7: 1.66 | F7: 1.05 | G7: 0.78 | H7: 0.43 | I7: 0.3 | J7: 0.5 | K7: 0.7 | L7: 0.54 | M7: 0.25 | N7: 0.47 | O7: 0.45 | P7: 9.28 | Q7: 0.92 | R7: 1.09 | S7: 0.7 | T7: 0.59 | V7: =Q7+R7+S7+T7 -> 3.3 | W7: =SUM(F7:O7) -> 5.47 | X7: =SUM(Q7:U7) -> 3.3 | Y7: =W7+X7 -> 8.77 | Z7: =IF(Y7>P7,P7,Y7) -> 8.77
A8: I2023008278 | B8: Externos Discapacidad | C8: 45002 | D8: 1.78 | E8: 1.66 | F8: 1.05 | G8: 0.78 | H8: 0.43 | I8: 0.3 | J8: 0.5 | K8: 0.7 | L8: 0.54 | M8: 0.25 | N8: 0.47 | O8: 0.45 | P8: 9.28 | Q8: 0.92 | R8: 1.09 | S8: 0.7 | T8: 0.59 | V8: =Q8+R8+S8+T8 -> 3.3 | W8: =SUM(H8:O8) -> 3.64 | X8: =SUM(Q8:U8) -> 3.3 | Y8: =W8+X8 -> 6.94 | Z8: =IF(Y8>P8,P8,Y8) -> 6.94
A9: I2023010652 | B9: Aseo personal | C9: 45030 | D9: 1.78 | E9: 1.66 | F9: 1.05 | G9: 0.78 | H9: 0.43 | I9: 0.3 | J9: 0.5 | K9: 0.7 | L9: 0.54 | M9: 0.25 | N9: 0.47 | O9: 0.45 | P9: 9.28 | Q9: 0.92 | R9: 1.09 | S9: 0.7 | T9: 0.59 | V9: =Q9+R9+S9+T9 -> 3.3 | W9: =SUM(G9:O9) -> 4.42 | X9: =SUM(Q9:U9) -> 3.3 | Y9: =W9+X9 -> 7.72 | Z9: =IF(Y9>P9,P9,Y9) -> 7.72
A10: I2023015628 | B10: Papeleria | C10: 45076 | D10: 1.78 | E10: 1.66 | F10: 1.05 | G10: 0.78 | H10: 0.43 | I10: 0.3 | J10: 0.5 | K10: 0.7 | L10: 0.54 | M10: 0.25 | N10: 0.47 | O10: 0.45 | P10: 9.28 | Q10: 0.92 | R10: 1.09 | S10: 0.7 | T10: 0.59 | V10: =Q10+R10+S10+T10 -> 3.3 | W10: =SUM(I10:O10) -> 3.21 | X10: =SUM(Q10:U10) -> 3.3 | Y10: =W10+X10 -> 6.51 | Z10: =IF(Y10>P10,P10,Y10) -> 6.51
A11: I2023018072 | B11: menaje mobiliario | C11: 45100 | D11: 1.78 | E11: 1.66 | F11: 1.05 | G11: 0.78 | H11: 0.43 | I11: 0.3 | J11: 0.5 | K11: 0.7 | L11: 0.54 | M11: 0.25 | N11: 0.47 | O11: 0.45 | P11: 9.28 | Q11: 0.92 | R11: 1.09 | S11: 0.7 | T11: 0.59 | V11: =Q11+R11+S11+T11 -> 3.3 | W11: =SUM(J11:O11) -> 2.91 | X11: =SUM(Q11:U11) -> 3.3 | Y11: =W11+X11 -> 6.21 | Z11: =IF(Y11>P11,P11,Y11) -> 6.21
A12: I2023019873 | B12: Comunidad de cuidado | C12: 45117 | D12: 1.78 | E12: 1.66 | F12: 1.05 | G12: 0.78 | H12: 0.43 | I12: 0.3 | J12: 0.5 | K12: 0.7 | L12: 0.54 | M12: 0.25 | N12: 0.47 | O12: 0.45 | P12: 9.28 | Q12: 0.92 | R12: 1.09 | S12: 0.7 | T12: 0.59 | V12: =Q12+R12+S12+T12 -> 3.3 | W12: =SUM(K12:O12) -> 2.41 | X12: =SUM(Q12:U12) -> 3.3 | Y12: =W12+X12 -> 5.71 | Z12: =IF(Y12>P12,P12,Y12) -> 5.71
A13: I2023024745 | B13: Elementos de Ciodado Proteccion y Emergencias | C13: 45161 | D13: 1.78 | E13: 1.66 | F13: 1.05 | G13: 0.78 | H13: 0.43 | I13: 0.3 | J13: 0.5 | K13: 0.7 | L13: 0.54 | M13: 0.25 | N13: 0.47 | O13: 0.45 | P13: 9.28 | Q13: 0.92 | R13: 1.09 | S13: 0.7 | T13: 0.59 | V13: =Q13+R13+S13+T13 -> 3.3 | W13: =SUM(L13:O13) -> 1.71 | X13: =SUM(Q13:U13) -> 3.3 | Y13: =W13+X13 -> 5.01 | Z13: =IF(Y13>P13,P13,Y13) -> 5.01
A14: I2023027361 | B14: Canecas | C14: 45182 | D14: 1.78 | E14: 1.66 | F14: 1.05 | G14: 0.78 | H14: 0.43 | I14: 0.3 | J14: 0.5 | K14: 0.7 | L14: 0.54 | M14: 0.25 | N14: 0.47 | O14: 0.45 | P14: 9.28 | Q14: 0.92 | R14: 1.09 | S14: 0.7 | T14: 0.59 | V14: =Q14+R14+S14+T14 -> 3.3 | W14: =SUM(M14:O14) -> 1.17 | X14: =SUM(Q14:U14) -> 3.3 | Y14: =W14+X14 -> 4.47 | Z14: =IF(Y14>P14,P14,Y14) -> 4.47
A15: I2023031011 | B15: Lote 6 Lenceria | C15: 45210 | D15: 1.78 | E15: 1.66 | F15: 1.05 | G15: 0.78 | H15: 0.43 | I15: 0.3 | J15: 0.5 | K15: 0.7 | L15: 0.54 | M15: 0.25 | N15: 0.47 | O15: 0.45 | P15: 9.28 | Q15: 0.92 | R15: 1.09 | S15: 0.7 | T15: 0.59 | V15: =Q15+R15+S15+T15 -> 3.3 | W15: =SUM(N15:O15) -> 0.92 | X15: =SUM(Q15:U15) -> 3.3 | Y15: =W15+X15 -> 4.22 | Z15: =IF(Y15>P15,P15,Y15) -> 4.22
A16: I2023031084 | B16: lote 2 menaje | C16: 45210 | D16: 1.78 | E16: 1.66 | F16: 1.05 | G16: 0.78 | H16: 0.43 | I16: 0.3 | J16: 0.5 | K16: 0.7 | L16: 0.54 | M16: 0.25 | N16: 0.47 | O16: 0.45 | P16: 9.28 | Q16: 0.92 | R16: 1.09 | S16: 0.7 | T16: 0.59 | V16: =Q16+R16+S16+T16 -> 3.3 | W16: =SUM(N16:O16) -> 0.92 | X16: =SUM(Q16:U16) -> 3.3 | Y16: =W16+X16 -> 4.22 | Z16: =IF(Y16>P16,P16,Y16) -> 4.22
A17: I2023031433 | B17: lote 5 Biomédicos | C17: 45212 | D17: 1.78 | E17: 1.66 | F17: 1.05 | G17: 0.78 | H17: 0.43 | I17: 0.3 | J17: 0.5 | K17: 0.7 | L17: 0.54 | M17: 0.25 | N17: 0.47 | O17: 0.45 | P17: 9.28 | Q17: 0.92 | R17: 1.09 | S17: 0.7 | T17: 0.59 | V17: =Q17+R17+S17+T17 -> 3.3 | W17: =SUM(N17:O17) -> 0.92 | X17: =SUM(Q17:U17) -> 3.3 | Y17: =W17+X17 -> 4.22 | Z17: =IF(Y17>P17,P17,Y17) -> 4.22
A18: I2023031801 | B18: Lote 1 Mobiliario | C18: 45212 | D18: 1.78 | E18: 1.66 | F18: 1.05 | G18: 0.78 | H18: 0.43 | I18: 0.3 | J18: 0.5 | K18: 0.7 | L18: 0.54 | M18: 0.25 | N18: 0.47 | O18: 0.45 | P18: 9.28 | Q18: 0.92 | R18: 1.09 | S18: 0.7 | T18: 0.59 | V18: =Q18+R18+S18+T18 -> 3.3 | W18: =SUM(N18:O18) -> 0.92 | X18: =SUM(Q18:U18) -> 3.3 | Y18: =W18+X18 -> 4.22 | Z18: =IF(Y18>P18,P18,Y18) -> 4.22
A19: I2023031991 | B19: Lote 3 Industriales | C19: 45219 | D19: 1.78 | E19: 1.66 | F19: 1.05 | G19: 0.78 | H19: 0.43 | I19: 0.3 | J19: 0.5 | K19: 0.7 | L19: 0.54 | M19: 0.25 | N19: 0.47 | O19: 0.45 | P19: 9.28 | Q19: 0.92 | R19: 1.09 | S19: 0.7 | T19: 0.59 | V19: =Q19+R19+S19+T19 -> 3.3 | W19: =SUM(N19:O19) -> 0.92 | X19: =SUM(Q19:U19) -> 3.3 | Y19: =W19+X19 -> 4.22 | Z19: =IF(Y19>P19,P19,Y19) -> 4.22
A20: I2023032069 | B20: Lote 4 Deportivos | C20: 45220 | D20: 1.78 | E20: 1.66 | F20: 1.05 | G20: 0.78 | H20: 0.43 | I20: 0.3 | J20: 0.5 | K20: 0.7 | L20: 0.54 | M20: 0.25 | N20: 0.47 | O20: 0.45 | P20: 9.28 | Q20: 0.92 | R20: 1.09 | S20: 0.7 | T20: 0.59 | V20: =Q20+R20+S20+T20 -> 3.3 | W20: =SUM(N20:O20) -> 0.92 | X20: =SUM(Q20:U20) -> 3.3 | Y20: =W20+X20 -> 4.22 | Z20: =IF(Y20>P20,P20,Y20) -> 4.22
A21: I2024004413 | B21: Cofinanciados 885 | C21: 45338
A22: I2024004588 | B22: Fórmulas lácteas 2024 | C22: 45341
A23: I2024004948 | B23: Servicios de vigilancia | C23: 45341
A24: i2024004988 | B24: Cofinaciados especificos y servicios publicos | C24: 45344
A25: I2024005209 | B25: carnicos Pollo | C25: 45346
A26: I2024011245 | B26: Viveres y Abarrotes 2024 | C26: 45408
A27: I2024011415 | B27: Productos lacteos | C27: 45411
A28: I2024011757 | B28: Cárnicos con soporte | C28: 45413
A29: I2024012926 | B29: Productos, Frutas, Huevos y Empaques | C29: 45426
A30: I2024013575 | B30: porductos panaderia | C30: 45414
A31: I2024014734 | B31: firma tercerizados | C31: 45441

Sheet INDEXACIÓN PRODUCTOS MES A MES
B1: 1 | C1: 2 | D1: 3 | E1: 4 | F1: 5 | G1: 6 | H1: 7 | I1: 8 | J1: 9 | K1: 10 | L1: 11 | M1: 12 | N1: 13 | O1: 14 | P1: 15 | Q1: 16 | R1: 17 | S1: 18 | T1: 19 | U1: 20 | V1: 21 | W1: 22
A2: ITEM | B2: ELEMENTO | C2: DESCRIPCION | D2: UNIDAD DE COSTEO | E2: RAD No. VIABILIZADO | F2: FECHA MEMORANDO DE VIABILIZACION | G2: VALOR UNITARIO MAS IVA SEGÚN MEMORANDO DE VIABILIZACION | H2: IPC MES A MES MARZO 2023 A ABRIL 2024 (Fuente DANE)
H3: Marzo_23 | I3: Abril_23 | J3: Mayo_23 | K3: Junio_23 | L3: Julio_23 | M3: Agosto_23 | N3: Septiembre_23 | O3: Octubre_23 | P3: Noviembre_23 | Q3: Diciembre_23 | R3: Enero_24 | S3: Febrero_24 | T3: Marzo_24 | U3: Abril_24 | V3: VALOR INDEXADO | W3: % INDEXADO
H4: 1.05 | I4: 0.78 | J4: 0.43 | K4: 0.3 | L4: 0.5 | M4: 0.7 | N4: 0.54 | O4: 0.25 | P4: 0.47 | Q4: 0.45 | R4: 0.92 | S4: 1.09 | T4: 0.7 | U4: 0.59
A5: DOTACION TALENTO HUMANO | B5: CHAQUETA INSTITUCIONAL | C5: Chaqueta con mangas removibles, material delgado, con los logos y del color establecido en el manual de imagen institucional de la Secretaría Distrital de Integración Social, tallas según se requieran | D5: UNIDAD | E5: I2024014734 | F5: =IFERROR((VLOOKUP(E5,'MEMORANDOS E IPC 2023 Y 2024'!$A$1:$C$20,3,0)),"0") -> 0 | G5: 218088 | H5: =IF(($F5="0"),$G5,(ROUNDDOWN((G5*(1+(H$4/100))),0))) -> 218088 | I5: =IF(($F5="0"),$G5,(ROUNDDOWN((H5*(1+(I$4/100))),0))) -> 218088 | J5: =IF(($F5="0"),$G5,(ROUNDDOWN((I5*(1+(J$4/100))),0))) -> 218088 | K5: =IF(($F5="0"),$G5,(ROUNDDOWN((J5*(1+(K$4/100))),0))) -> 218088 | L5: =IF(($F5="0"),$G5,(ROUNDDOWN((K5*(1+(L$4/100))),0))) -> 218088 | M5: =IF(($F5="0"),$G5,(ROUNDDOWN((L5*(1+(M$4/100))),0))) -> 218088 | N5: =IF(($F5="0"),$G5,(ROUNDDOWN((M5*(1+(N$4/100))),0))) -> 218088 | O5: =IF(($F5="0"),$G5,(ROUNDDOWN((N5*(1+(O$4/100))),0))) -> 218088 | ... U5: =IF(($F5="0"),$G5,(ROUNDDOWN((T5*(1+(U$4/100))),0))) -> 218088 | V5: =U5-G5 -> 0 | W5: =V5/G5 -> 0
A6: DOTACION TALENTO HUMANO | B6: TRAJE ANTIFLUIDO AZUL | C6: Traje anti fluido de dos (2) piezas, azul con los logos dispuestos como lo establece el manual de imagen institucional de la Secretaría Distrital de Integración Social . Tres (3) trajes para cada rol. | D6: UNIDAD | E6: I2024014734 | F6: =IFERROR((VLOOKUP(E6,'MEMORANDOS E IPC 2023 Y 2024'!$A$1:$C$20,3,0)),"0") -> 0 | G6: 83785 | H6: =IF(($F6="0"),$G6,(ROUNDDOWN((G6*(1+(H$4/100))),0))) -> 83785 | I6: =IF(($F6="0"),$G6,(ROUNDDOWN((H6*(1+(I$4/100))),0))) -> 83785 | J6: =IF(($F6="0"),$G6,(ROUNDDOWN((I6*(1+(J$4/100))),0))) -> 83785 | K6: =IF(($F6="0"),$G6,(ROUNDDOWN((J6*(1+(K$4/100))),0))) -> 83785 | L6: =IF(($F6="0"),$G6,(ROUNDDOWN((K6*(1+(L$4/100))),0))) -> 83785 | M6: =IF(($F6="0"),$G6,(ROUNDDOWN((L6*(1+(M$4/100))),0))) -> 83785 | N6: =IF(($F6="0"),$G6,(ROUNDDOWN((M6*(1+(N$4/100))),0))) -> 83785 | O6: =IF(($F6="0"),$G6,(ROUNDDOWN((N6*(1+(O$4/100))),0))) -> 83785 | ... U6: =IF(($F6="0"),$G6,(ROUNDDOWN((T6*(1+(U$4/100))),0))) -> 83785 | V6: =U6-G6 -> 0 | W6: =V6/G6 -> 0
A7: DOTACION TALENTO HUMANO | B7: TRAJE ANTIFLUIDO BLANCO | C7: Traje anti fluido de dos (2) piezas, blanco con los logos dispuestos como lo establece el manual de imagen institucional de la Secretaría Distrital de Integración Social . Tres (3) trajes para cada rol. | D7: UNIDAD | E7: I2024014734 | F7: =IFERROR((VLOOKUP(E7,'MEMORANDOS E IPC 2023 Y 2024'!$A$1:$C$20,3,0)),"0") -> 0 | G7: 83785 | H7: =IF(($F7="0"),$G7,(ROUNDDOWN((G7*(1+(H$4/100))),0))) -> 83785 | I7: =IF(($F7="0"),$G7,(ROUNDDOWN((H7*(1+(I$4/100))),0))) -> 83785 | J7: =IF(($F7="0"),$G7,(ROUNDDOWN((I7*(1+(J$4/100))),0))) -> 83785 | K7: =IF(($F7="0"),$G7,(ROUNDDOWN((J7*(1+(K$4/100))),0))) -> 83785 | L7: =IF(($F7="0"),$G7,(ROUNDDOWN((K7*(1+(L$4/100))),0))) -> 83785 | M7: =IF(($F7="0"),$G7,(ROUNDDOWN((L7*(1+(M$4/100))),0))) -> 83785 | N7: =IF(($F7="0"),$G7,(ROUNDDOWN((M7*(1+(N$4/100))),0))) -> 83785 | O7: =IF(($F7="0"),$G7,(ROUNDDOWN((N7*(1+(O$4/100))),0))) -> 83785 | ... U7: =IF(($F7="0"),$G7,(ROUNDDOWN((T7*(1+(U$4/100))),0))) -> 83785 | V7: =U7-G7 -> 0 | W7: =V7/G7 -> 0
A8: DOTACION TALENTO HUMANO | B8: TRAJE ANTIFLUIDO VERDE | C8: Traje anti fluido de dos (2) piezas, verde con los logos dispuestos como lo establece el manual de imagen institucional de la Secretaría Distrital de Integración Social . Tres (3) trajes para cada rol. | D8: UNIDAD | E8: I2024014734 | F8: =IFERROR((VLOOKUP(E8,'MEMORANDOS E IPC 2023 Y 2024'!$A$1:$C$20,3,0)),"0") -> 0 | G8: 83785 | H8: =IF(($F8="0"),$G8,(ROUNDDOWN((G8*(1+(H$4/100))),0))) -> 83785 | I8: =IF(($F8="0"),$G8,(ROUNDDOWN((H8*(1+(I$4/100))),0))) -> 83785 | J8: =IF(($F8="0"),$G8,(ROUNDDOWN((I8*(1+(J$4/100))),0))) -> 83785 | K8: =IF(($F8="0"),$G8,(ROUNDDOWN((J8*(1+(K$4/100))),0))) -> 83785 | L8: =IF(($F8="0"),$G8,(ROUNDDOWN((K8*(1+(L$4/100))),0))) -> 83785 | M8: =IF(($F8="0"),$G8,(ROUNDDOWN((L8*(1+(M$4/100))),0))) -> 83785 | N8: =IF(($F8="0"),$G8,(ROUNDDOWN((M8*(1+(N$4/100))),0))) -> 83785 | O8: =IF(($F8="0"),$G8,(ROUNDDOWN((N8*(1+(O$4/100))),0))) -> 83785 | ... U8: =IF(($F8="0"),$G8,(ROUNDDOWN((T8*(1+(U$4/100))),0))) -> 83785 | V8: =U8-G8 -> 0 | W8: =V8/G8 -> 0
A9: DOTACION TALENTO HUMANO | B9: UNIFORME SERVICIOS GENERALES | C9: Uniforme: Camisa y pantalón Material: Tela, de cualquier color | D9: Unidad | E9: I2024004856 | F9: =IFERROR((VLOOKUP(E9,'MEMORANDOS E IPC 2023 Y 2024'!$A$1:$C$20,3,0)),"0") -> 0 | G9: 73814 | H9: =IF(($F9="0"),$G9,(ROUNDDOWN((G9*(1+(H$4/100))),0))) -> 73814 | I9: =IF(($F9="0"),$G9,(ROUNDDOWN((H9*(1+(I$4/100))),0))) -> 73814 | J9: =IF(($F9="0"),$G9,(ROUNDDOWN((I9*(1+(J$4/100))),0))) -> 73814 | K9: =IF(($F9="0"),$G9,(ROUNDDOWN((J9*(1+(K$4/100))),0))) -> 73814 | L9: =IF(($F9="0"),$G9,(ROUNDDOWN((K9*(1+(L$4/100))),0))) -> 73814 | M9: =IF(($F9="0"),$G9,(ROUNDDOWN((L9*(1+(M$4/100))),0))) -> 73814 | N9: =IF(($F9="0"),$G9,(ROUNDDOWN((M9*(1+(N$4/100))),0))) -> 73814 | O9: =IF(($F9="0"),$G9,(ROUNDDOWN((N9*(1+(O$4/100))),0))) -> 73814 | ... U9: =IF(($F9="0"),$G9,(ROUNDDOWN((T9*(1+(U$4/100))),0))) -> 73814 | V9: =U9-G9 -> 0 | W9: =V9/G9 -> 0
A10: DOTACION TALENTO HUMANO | B10: OVEROL | C10: Overol. El material debe estar acorde con el clima en que se preste el servicio, tallas según se requieran. | D10: UNIDAD | E10: I2024014734 | F10: =IFERROR((VLOOKUP(E10,'MEMORANDOS E IPC 2023 Y 2024'!$A$1:$C$20,3,0)),"0") -> 0 | G10: 102814 | H10: =IF(($F10="0"),$G10,(ROUNDDOWN((G10*(1+(H$4/100))),0))) -> 102814 | I10: =IF(($F10="0"),$G10,(ROUNDDOWN((H10*(1+(I$4/100))),0))) -> 102814 | J10: =IF(($F10="0"),$G10,(ROUNDDOWN((I10*(1+(J$4/100))),0))) -> 102814 | K10: =IF(($F10="0"),$G10,(ROUNDDOWN((J10*(1+(K$4/100))),0))) -> 102814 | L10: =IF(($F10="0"),$G10,(ROUNDDOWN((K10*(1+(L$4/100))),0))) -> 102814 | M10: =IF(($F10="0"),$G10,(ROUNDDOWN((L10*(1+(M$4/100))),0))) -> 102814 | N10: =IF(($F10="0"),$G10,(ROUNDDOWN((M10*(1+(N$4/100))),0))) -> 102814 | O10: =IF(($F10="0"),$G10,(ROUNDDOWN((N10*(1+(O$4/100))),0))) -> 102814 | ... U10: =IF(($F10="0"),$G10,(ROUNDDOWN((T10*(1+(U$4/100))),0))) -> 102814 | V10: =U10-G10 -> 0 | W10: =V10/G10 -> 0
A11: DOTACION TALENTO HUMANO | B11: PETO PLASTICO | C11: Petos plásticos | D11: Unidad | E11: I2024004413 | F11: =IFERROR((VLOOKUP(E11,'MEMORANDOS E IPC 2023 Y 2024'!$A$1:$C$20,3,0)),"0") -> 0 | G11: 31104 | H11: =IF(($F11="0"),$G11,(ROUNDDOWN((G11*(1+(H$4/100))),0))) -> 31104 | I11: =IF(($F11="0"),$G11,(ROUNDDOWN((H11*(1+(I$4/100))),0))) -> 31104 | J11: =IF(($F11="0"),$G11,(ROUNDDOWN((I11*(1+(J$4/100))),0))) -> 31104 | K11: =IF(($F11="0"),$G11,(ROUNDDOWN((J11*(1+(K$4/100))),0))) -> 31104 | L11: =IF(($F11="0"),$G11,(ROUNDDOWN((K11*(1+(L$4/100))),0))) -> 31104 | M11: =IF(($F11="0"),$G11,(ROUNDDOWN((L11*(1+(M$4/100))),0))) -> 31104 | N11: =IF(($F11="0"),$G11,(ROUNDDOWN((M11*(1+(N$4/100))),0))) -> 31104 | O11: =IF(($F11="0"),$G11,(ROUNDDOWN((N11*(1+(O$4/100))),0))) -> 31104 | ... U11: =IF(($F11="0"),$G11,(ROUNDDOWN((T11*(1+(U$4/100))),0))) -> 31104 | V11: =U11-G11 -> 0 | W11: =V11/G11 -> 0
A12: DOTACION TALENTO HUMANO | B12: GORRO DE COCINA | C12: Gorro de cocina | D12: Paqute x 100 | E12: I2024004856 | F12: =IFERROR((VLOOKUP(E12,'MEMORANDOS E IPC 2023 Y 2024'!$A$1:$C$20,3,0)),"0") -> 0 | G12: 27310 | H12: =IF(($F12="0"),$G12,(ROUNDDOWN((G12*(1+(H$4/100))),0))) -> 27310 | I12: =IF(($F12="0"),$G12,(ROUNDDOWN((H12*(1+(I$4/100))),0))) -> 27310 | J12: =IF(($F12="0"),$G12,(ROUNDDOWN((I12*(1+(J$4/100))),0))) -> 27310 | K12: =IF(($F12="0"),$G12,(ROUNDDOWN((J12*(1+(K$4/100))),0))) -> 27310 | L12: =IF(($F12="0"),$G12,(ROUNDDOWN((K12*(1+(L$4/100))),0))) -> 27310 | M12: =IF(($F12="0"),$G12,(ROUNDDOWN((L12*(1+(M$4/100))),0))) -> 27310 | N12: =IF(($F12="0"),$G12,(ROUNDDOWN((M12*(1+(N$4/100))),0))) -> 27310 | O12: =IF(($F12="0"),$G12,(ROUNDDOWN((N12*(1+(O$4/100))),0))) -> 27310 | ... U12: =IF(($F12="0"),$G12,(ROUNDDOWN((T12*(1+(U$4/100))),0))) -> 27310 | V12: =U12-G12 -> 0 | W12: =V12/G12 -> 0
A13: DOTACION TALENTO HUMANO | B13: GUANTES MANIPULACION DE ALIMENTOS | C13: guantes manipulación de alimentos | D13: Caja x 100 unidades | E13: I2023008278 | F13: =IFERROR((VLOOKUP(E13,'MEMORANDOS E IPC 2023 Y 2024'!$A$1:$C$20,3,0)),"0") -> 45002 | G13: 71607 | H13: =G13 -> 71607 | I13: =IF(($F13="0"),$F13,(ROUNDDOWN((H13*(1+(I$4/100))),0))) -> 72165 | J13: =IF(($F13="0"),$F13,(ROUNDDOWN((I13*(1+(J$4/100))),0))) -> 72475 | K13: =IF(($F13="0"),$F13,(ROUNDDOWN((J13*(1+(K$4/100))),0))) -> 72692 | L13: =IF(($F13="0"),$F13,(ROUNDDOWN((K13*(1+(L$4/100))),0))) -> 73055 | M13: =IF(($F13="0"),$F13,(ROUNDDOWN((L13*(1+(M$4/100))),0))) -> 73566 | N13: =IF(($F13="0"),$F13,(ROUNDDOWN((M13*(1+(N$4/100))),0))) -> 73963 | O13: =IF(($F13="0"),$F13,(ROUNDDOWN((N13*(1+(O$4/100))),0))) -> 74147 | P13: =IF(($F13="0"),$F13,(ROUNDDOWN((O13*(1+(P$4/100))),0))) -> 74495 | ... U13: =IF(($F13="0"),$F13,(ROUNDDOWN((T13*(1+(U$4/100))),0))) -> 77328 | V13: =U13-G13 -> 5721 | W13: =V13/G13 -> 0.079894424
A14: DOTACION TALENTO HUMANO | B14: COFIA Y / MALLA | C14: cofia y/o malla | D14: Caja x 100 unidades | E14: I2023004856 | F14: =IFERROR((VLOOKUP(E14,'MEMORANDOS E IPC 2023 Y 2024'!$A$1:$C$20,3,0)),"0") -> 44974 | G14: 14418 | H14: =IF(($F14="0"),$F14,(ROUNDDOWN((G14*(1+(H$4/100))),0))) -> 14569 | I14: =IF(($F14="0"),$F14,(ROUNDDOWN((H14*(1+(I$4/100))),0))) -> 14682 | J14: =IF(($F14="0"),$F14,(ROUNDDOWN((I14*(1+(J$4/100))),0))) -> 14745 | K14: =IF(($F14="0"),$F14,(ROUNDDOWN((J14*(1+(K$4/100))),0))) -> 14789 | L14: =IF(($F14="0"),$F14,(ROUNDDOWN((K14*(1+(L$4/100))),0))) -> 14862 | M14: =IF(($F14="0"),$F14,(ROUNDDOWN((L14*(1+(M$4/100))),0))) -> 14966 | N14: =IF(($F14="0"),$F14,(ROUNDDOWN((M14*(1+(N$4/100))),0))) -> 15046 | O14: =IF(($F14="0"),$F14,(ROUNDDOWN((N14*(1+(O$4/100))),0))) -> 15083 | ... U14: =IF(($F14="0"),$F14,(ROUNDDOWN((T14*(1+(U$4/100))),0))) -> 15728 | V14: =U14-G14 -> 1310 | W14: =V14/G14 -> 0.090858649
A15: DOTACION TALENTO HUMANO | B15: CALZADO TALENTO HUMANO | C15: Zapato cerrado, sin cordones, de material resistente, antideslizante, impermeable y de tacón bajo. No se permitirán zapatos tipo crocs que presenten orificios. | D15: Par | E15: I2024004413 | F15: =IFERROR((VLOOKUP(E15,'MEMORANDOS E IPC 2023 Y 2024'!$A$1:$C$20,3,0)),"0") -> 0 | G15: 49216 | H15: =IF(($F15="0"),$G15,(ROUNDDOWN((G15*(1+(H$4/100))),0))) -> 49216 | I15: =IF(($F15="0"),$G15,(ROUNDDOWN((H15*(1+(I$4/100))),0))) -> 49216 | J15: =IF(($F15="0"),$G15,(ROUNDDOWN((I15*(1+(J$4/100))),0))) -> 49216 | K15: =IF(($F15="0"),$G15,(ROUNDDOWN((J15*(1+(K$4/100))),0))) -> 49216 | L15: =IF(($F15="0"),$G15,(ROUNDDOWN((K15*(1+(L$4/100))),0))) -> 49216 | M15: =IF(($F15="0"),$G15,(ROUNDDOWN((L15*(1+(M$4/100))),0))) -> 49216 | N15: =IF(($F15="0"),$G15,(ROUNDDOWN((M15*(1+(N$4/100))),0))) -> 49216 | O15: =IF(($F15="0"),$G15,(ROUNDDOWN((N15*(1+(O$4/100))),0))) -> 49216 | ... U15: =IF(($F15="0"),$G15,(ROUNDDOWN((T15*(1+(U$4/100))),0))) -> 49216 | V15: =U15-G15 -> 0 | W15: =V15/G15 -> 0
A16: DOTACION TALENTO HUMANO | B16: BOTAS DE CAUCHO | C16: Botas blancas de caucho | D16: Par | E16: I2023004856 | F16: =IFERROR((VLOOKUP(E16,'MEMORANDOS E IPC 2023 Y 2024'!$A$1:$C$20,3,0)),"0") -> 44974 | G16: 59564 | H16: =IF(($F16="0"),$F16,(ROUNDDOWN((G16*(1+(H$4/100))),0))) -> 60189 | I16: =IF(($F16="0"),$F16,(ROUNDDOWN((H16*(1+(I$4/100))),0))) -> 60658 | J16: =IF(($F16="0"),$F16,(ROUNDDOWN((I16*(1+(J$4/100))),0))) -> 60918 | K16: =IF(($F16="0"),$F16,(ROUNDDOWN((J16*(1+(K$4/100))),0))) -> 61100 | L16: =IF(($F16="0"),$F16,(ROUNDDOWN((K16*(1+(L$4/100))),0))) -> 61405 | M16: =IF(($F16="0"),$F16,(ROUNDDOWN((L16*(1+(M$4/100))),0))) -> 61834 | N16: =IF(($F16="0"),$F16,(ROUNDDOWN((M16*(1+(N$4/100))),0))) -> 62167 | O16: =IF(($F16="0"),$F16,(ROUNDDOWN((N16*(1+(O$4/100))),0))) -> 62322 | ... U16: =IF(($F16="0"),$F16,(ROUNDDOWN((T16*(1+(U$4/100))),0))) -> 64994 | V16: =U16-G16 -> 5430 | W16: =V16/G16 -> 0.091162447
A17: DOTACION TALENTO HUMANO | B17: GUANTES DE LATEX | C17: Guantes de látex de examen, cajas de | D17: Caja x 100 unidades | E17: I2023008278 | F17: =IFERROR((VLOOKUP(E17,'MEMORANDOS E IPC 2023 Y 2024'!$A$1:$C$20,3,0)),"0") -> 45002 | G17: 71607 | H17: =G17 -> 71607 | I17: =IF(($F17="0"),$F17,(ROUNDDOWN((H17*(1+(I$4/100))),0))) -> 72165 | J17: =IF(($F17="0"),$F17,(ROUNDDOWN((I17*(1+(J$4/100))),0))) -> 72475 | K17: =IF(($F17="0"),$F17,(ROUNDDOWN((J17*(1+(K$4/100))),0))) -> 72692 | L17: =IF(($F17="0"),$F17,(ROUNDDOWN((K17*(1+(L$4/100))),0))) -> 73055 | M17: =IF(($F17="0"),$F17,(ROUNDDOWN((L17*(1+(M$4/100))),0))) -> 73566 | N17: =IF(($F17="0"),$F17,(ROUNDDOWN((M17*(1+(N$4/100))),0))) -> 73963 | O17: =IF(($F17="0"),$F17,(ROUNDDOWN((N17*(1+(O$4/100))),0))) -> 74147 | P17: =IF(($F17="0"),$F17,(ROUNDDOWN((O17*(1+(P$4/100))),0))) -> 74495 | ... U17: =IF(($F17="0"),$F17,(ROUNDDOWN((T17*(1+(U$4/100))),0))) -> 77328 | V17: =U17-G17 -> 5721 | W17: =V17/G17 -> 0.079894424
A18: DOTACION TALENTO HUMANO | B18: TAPABOCAS | C18: Tapabocas elástico desechable con tiras elásticas (opcional N95), cajas de mínimo 100 unidades cada una | D18: Caja x 50 unidades | E18: I2023004856 | F18: =IFERROR((VLOOKUP(E18,'MEMORANDOS E IPC 2023 Y 2024'!$A$1:$C$20,3,0)),"0") -> 44974 | G18: 18247 | H18: =IF(($F18="0"),$F18,(ROUNDDOWN((G18*(1+(H$4/100))),0))) -> 18438 | I18: =IF(($F18="0"),$F18,(ROUNDDOWN((H18*(1+(I$4/100))),0))) -> 18581 | J18: =IF(($F18="0"),$F18,(ROUNDDOWN((I18*(1+(J$4/100))),0))) -> 18660 | K18: =IF(($F18="0"),$F18,(ROUNDDOWN((J18*(1+(K$4/100))),0))) -> 18715 | L18: =IF(($F18="0"),$F18,(ROUNDDOWN((K18*(1+(L$4/100))),0))) -> 18808 | M18: =IF(($F18="0"),$F18,(ROUNDDOWN((L18*(1+(M$4/100))),0))) -> 18939 | N18: =IF(($F18="0"),$F18,(ROUNDDOWN((M18*(1+(N$4/100))),0))) -> 19041 | O18: =IF(($F18="0"),$F18,(ROUNDDOWN((N18*(1+(O$4/100))),0))) -> 19088 | ... U18: =IF(($F18="0"),$F18,(ROUNDDOWN((T18*(1+(U$4/100))),0))) -> 19904 | V18: =U18-G18 -> 1657 | W18: =V18/G18 -> 0.090809448
A19: BIENES NO CONSUMIBLES | B19: ABRELATAS | C19: abrelatas en forma de tijera, sistema de dos discos pequeños, uno con borde en serrucho y otro con borde cortante. | D19: Unidad | E19: I2023018072 | F19: =IFERROR((VLOOKUP(E19,'MEMORANDOS E IPC 2023 Y 2024'!$A$1:$C$20,3,0)),"0") -> 45100 | G19: 14313 | H19: =G19 -> 14313 | I19: =H19 -> 14313 | J19: =I19 -> 14313 | K19: =J19 -> 14313 | L19: =IF(($F19="0"),$F19,(ROUNDDOWN((K19*(1+(L$4/100))),0))) -> 14384 | M19: =IF(($F19="0"),$F19,(ROUNDDOWN((L19*(1+(M$4/100))),0))) -> 14484 | N19: =IF(($F19="0"),$F19,(ROUNDDOWN((M19*(1+(N$4/100))),0))) -> 14562 | O19: =IF(($F19="0"),$F19,(ROUNDDOWN((N19*(1+(O$4/100))),0))) -> 14598 | P19: =IF(($F19="0"),$F19,(ROUNDDOWN((O19*(1+(P$4/100))),0))) -> 14666 | Q19: =IF(($F19="0"),$F19,(ROUNDDOWN((P19*(1+(Q$4/100))),0))) -> 14731 | R19: =IF(($F19="0"),$F19,(ROUNDDOWN((Q19*(1+(R$4/100))),0))) -> 14866 | S19: =IF(($F19="0"),$F19,(ROUNDDOWN((R19*(1+(S$4/100))),0))) -> 15028 | ... U19: =IF(($F19="0"),$F19,(ROUNDDOWN((T19*(1+(U$4/100))),0))) -> 15222 | V19: =U19-G19 -> 909 | W19: =V19/G19 -> 0.063508698
A20: BIENES NO CONSUMIBLES | B20: ALMOHADA PARA ADULTO | C20: tamaño: 50cm x 75cm altura 8cm | D20: Desgaste y uso mensual por unidad | E20: I2023004856 | F20: =IFERROR((VLOOKUP(E20,'MEMORANDOS E IPC 2023 Y 2024'!$A$1:$C$20,3,0)),"0") -> 44974 | G20: 45654 | H20: =IF(($F20="0"),$F20,(ROUNDDOWN((G20*(1+(H$4/100))),0))) -> 46133 | I20: =IF(($F20="0"),$F20,(ROUNDDOWN((H20*(1+(I$4/100))),0))) -> 46492 | J20: =IF(($F20="0"),$F20,(ROUNDDOWN((I20*(1+(J$4/100))),0))) -> 46691 | K20: =IF(($F20="0"),$F20,(ROUNDDOWN((J20*(1+(K$4/100))),0))) -> 46831 | L20: =IF(($F20="0"),$F20,(ROUNDDOWN((K20*(1+(L$4/100))),0))) -> 47065 | M20: =IF(($F20="0"),$F20,(ROUNDDOWN((L20*(1+(M$4/100))),0))) -> 47394 | N20: =IF(($F20="0"),$F20,(ROUNDDOWN((M20*(1+(N$4/100))),0))) -> 47649 | O20: =IF(($F20="0"),$F20,(ROUNDDOWN((N20*(1+(O$4/100))),0))) -> 47768 | ... U20: =IF(($F20="0"),$F20,(ROUNDDOWN((T20*(1+(U$4/100))),0))) -> 49816 | V20: =U20-G20 -> 4162 | W20: =V20/G20 -> 0.091163972
A21: BIENES NO CONSUMIBLES | B21: ANAQUEL O ESTANTERÍAS | C21: Para ubicación de alimentos no perecederos (víveres y abarrotes), en material higiénico sanitario en acero inoxidable de 5 entrepaños para almacenamiento en seco,de 50 cm x 50 cm como minimo | D21: Desgaste y uso mensual por unidad | E21: I2023004856 | F21: =IFERROR((VLOOKUP(E21,'MEMORANDOS E IPC 2023 Y 2024'!$A$1:$C$20,3,0)),"0") -> 44974 | G21: 312375 | H21: =IF(($F21="0"),$F21,(ROUNDDOWN((G21*(1+(H$4/100))),0))) -> 315654 | I21: =IF(($F21="0"),$F21,(ROUNDDOWN((H21*(1+(I$4/100))),0))) -> 318116 | J21: =IF(($F21="0"),$F21,(ROUNDDOWN((I21*(1+(J$4/100))),0))) -> 319483 | K21: =IF(($F21="0"),$F21,(ROUNDDOWN((J21*(1+(K$4/100))),0))) -> 320441 | L21: =IF(($F21="0"),$F21,(ROUNDDOWN((K21*(1+(L$4/100))),0))) -> 322043 | M21: =IF(($F21="0"),$F21,(ROUNDDOWN((L21*(1+(M$4/100))),0))) -> 324297 | N21: =IF(($F21="0"),$F21,(ROUNDDOWN((M21*(1+(N$4/100))),0))) -> 326048 | O21: =IF(($F21="0"),$F21,(ROUNDDOWN((N21*(1+(O$4/100))),0))) -> 326863 | ... U21: =IF(($F21="0"),$F21,(ROUNDDOWN((T21*(1+(U$4/100))),0))) -> 340892 | V21: =U21-G21 -> 28517 | W21: =V21/G21 -> 0.091290916
A22: BIENES NO CONSUMIBLES | B22: ARCHIVADOR VERTICAL 4 GAVETAS METÁLICO | C22: Materiales: Lámina Cold Rolled calibre 20 en pintura electrostática color gris claro, correderas independientes Full Extension, cerradura en la parte superior. Gavetas extraíbles (4 unidades), con sistema anti-vuelco de seguridad, apertura de solo un cajón al tiempo. Medidas: 136 cm alto x 47 cm ancho, 60 cm fondo. Medidas gaveta: 29 cm alto x 44 cm ancho x 55 cm fondo. Apoyos con niveladores. | D22: Unidad | E22: I2023018072 | F22: =IFERROR((VLOOKUP(E22,'MEMORANDOS E IPC 2023 Y 2024'!$A$1:$C$20,3,0)),"0") -> 45100 | G22: 718794 | H22: =G22 -> 718794 | I22: =H22 -> 718794 | J22: =I22 -> 718794 | K22: =J22 -> 718794 | L22: =IF(($F22="0"),$F22,(ROUNDDOWN((K22*(1+(L$4/100))),0))) -> 722387 | M22: =IF(($F22="0"),$F22,(ROUNDDOWN((L22*(1+(M$4/100))),0))) -> 727443 | N22: =IF(($F22="0"),$F22,(ROUNDDOWN((M22*(1+(N$4/100))),0))) -> 731371 | O22: =IF(($F22="0"),$F22,(ROUNDDOWN((N22*(1+(O$4/100))),0))) -> 733199 | P22: =IF(($F22="0"),$F22,(ROUNDDOWN((O22*(1+(P$4/100))),0))) -> 736645 | Q22: =IF(($F22="0"),$F22,(ROUNDDOWN((P22*(1+(Q$4/100))),0))) -> 739959 | R22: =IF(($F22="0"),$F22,(ROUNDDOWN((Q22*(1+(R$4/100))),0))) -> 746766 | S22: =IF(($F22="0"),$F22,(ROUNDDOWN((R22*(1+(S$4/100))),0))) -> 754905 | ... U22: =IF(($F22="0"),$F22,(ROUNDDOWN((T22*(1+(U$4/100))),0))) -> 764674 | V22: =U22-G22 -> 45880 | W22: =V22/G22 -> 0.063829136
A23: BIENES NO CONSUMIBLES | B23: BACINILLAS O PATOS | C23: personas entre 1.53 a 1.75 mts de estatura, muletas | D23: Desgaste y uso mensual por unidad | E23: I2023019873 | F23: =IFERROR((VLOOKUP(E23,'MEMORANDOS E IPC 2023 Y 2024'!$A$1:$C$20,3,0)),"0") -> 45117 | G23: 140987 | H23: =G23 -> 140987 | I23: =H23 -> 140987 | J23: =I23 -> 140987 | K23: =J23 -> 140987 | L23: =K23 -> 140987 | M23: =IF(($F23="0"),$F23,(ROUNDDOWN((L23*(1+(M$4/100))),0))) -> 141973 | N23: =IF(($F23="0"),$F23,(ROUNDDOWN((M23*(1+(N$4/100))),0))) -> 142739 | O23: =IF(($F23="0"),$F23,(ROUNDDOWN((N23*(1+(O$4/100))),0))) -> 143095 | P23: =IF(($F23="0"),$F23,(ROUNDDOWN((O23*(1+(P$4/100))),0))) -> 143767 | Q23: =IF(($F23="0"),$F23,(ROUNDDOWN((P23*(1+(Q$4/100))),0))) -> 144413 | R23: =IF(($F23="0"),$F23,(ROUNDDOWN((Q23*(1+(R$4/100))),0))) -> 145741 | S23: =IF(($F23="0"),$F23,(ROUNDDOWN((R23*(1+(S$4/100))),0))) -> 147329 | T23: =IF(($F23="0"),$F23,(ROUNDDOWN((S23*(1+(T$4/100))),0))) -> 148360 | U23: =IF(($F23="0"),$F23,(ROUNDDOWN((T23*(1+(U$4/100))),0))) -> 149235 | V23: =U23-G23 -> 8248 | W23: =V23/G23 -> 0.058501848
A24: BIENES NO CONSUMIBLES | B24: BALANZA | C24: Balanza para pesaje de residuos ordinarios | D24: Unidad | E24: I2024014734 | F24: =IFERROR((VLOOKUP(E24,'MEMORANDOS E IPC 2023 Y 2024'!$A$1:$C$20,3,0)),"0") -> 0 | G24: 109564 | H24: =IF(($F24="0"),$G24,(ROUNDDOWN((G24*(1+(H$4/100))),0))) -> 109564 | I24: =IF(($F24="0"),$G24,(ROUNDDOWN((H24*(1+(I$4/100))),0))) -> 109564 | J24: =IF(($F24="0"),$G24,(ROUNDDOWN((I24*(1+(J$4/100))),0))) -> 109564 | K24: =IF(($F24="0"),$G24,(ROUNDDOWN((J24*(1+(K$4/100))),0))) -> 109564 | L24: =IF(($F24="0"),$G24,(ROUNDDOWN((K24*(1+(L$4/100))),0))) -> 109564 | M24: =IF(($F24="0"),$G24,(ROUNDDOWN((L24*(1+(M$4/100))),0))) -> 109564 | N24: =IF(($F24="0"),$G24,(ROUNDDOWN((M24*(1+(N$4/100))),0))) -> 109564 | O24: =IF(($F24="0"),$G24,(ROUNDDOWN((N24*(1+(O$4/100))),0))) -> 109564 | ... U24: =IF(($F24="0"),$G24,(ROUNDDOWN((T24*(1+(U$4/100))),0))) -> 109564 | V24: =U24-G24 -> 0 | W24: =V24/G24 -> 0
A25: BIENES NO CONSUMIBLES | B25: BALANZA 1 | C25: Balanza para pesaje de residuos hospitalarios | D25: Unidad | E25: I2024014734 | F25: =IFERROR((VLOOKUP(E25,'MEMORANDOS E IPC 2023 Y 2024'!$A$1:$C$20,3,0)),"0") -> 0 | G25: 112447 | H25: =IF(($F25="0"),$G25,(ROUNDDOWN((G25*(1+(H$4/100))),0))) -> 112447 | I25: =IF(($F25="0"),$G25,(ROUNDDOWN((H25*(1+(I$4/100))),0))) -> 112447 | J25: =IF(($F25="0"),$G25,(ROUNDDOWN((I25*(1+(J$4/100))),0))) -> 112447 | K25: =IF(($F25="0"),$G25,(ROUNDDOWN((J25*(1+(K$4/100))),0))) -> 112447 | L25: =IF(($F25="0"),$G25,(ROUNDDOWN((K25*(1+(L$4/100))),0))) -> 112447 | M25: =IF(($F25="0"),$G25,(ROUNDDOWN((L25*(1+(M$4/100))),0))) -> 112447 | N25: =IF(($F25="0"),$G25,(ROUNDDOWN((M25*(1+(N$4/100))),0))) -> 112447 | O25: =IF(($F25="0"),$G25,(ROUNDDOWN((N25*(1+(O$4/100))),0))) -> 112447 | ... U25: =IF(($F25="0"),$G25,(ROUNDDOWN((T25*(1+(U$4/100))),0))) -> 112447 | V25: =U25-G25 -> 0 | W25: =V25/G25 -> 0
A26: BIENES NO CONSUMIBLES | B26: BALDE | C26: Balde con agarradera y tapa en material plastico con vertedero para controlar la salida del liquido. Capacidad de 13 Lts | D26: Unidad | E26: I2023018072 | F26: =IFERROR((VLOOKUP(E26,'MEMORANDOS E IPC 2023 Y 2024'!$A$1:$C$20,3,0)),"0") -> 45100 | G26: 23503 | H26: =G26 -> 23503 | I26: =H26 -> 23503 | J26: =I26 -> 23503 | K26: =J26 -> 23503 | L26: =IF(($F26="0"),$F26,(ROUNDDOWN((K26*(1+(L$4/100))),0))) -> 23620 | M26: =IF(($F26="0"),$F26,(ROUNDDOWN((L26*(1+(M$4/100))),0))) -> 23785 | N26: =IF(($F26="0"),$F26,(ROUNDDOWN((M26*(1+(N$4/100))),0))) -> 23913 | O26: =IF(($F26="0"),$F26,(ROUNDDOWN((N26*(1+(O$4/100))),0))) -> 23972 | P26: =IF(($F26="0"),$F26,(ROUNDDOWN((O26*(1+(P$4/100))),0))) -> 24084 | Q26: =IF(($F26="0"),$F26,(ROUNDDOWN((P26*(1+(Q$4/100))),0))) -> 24192 | R26: =IF(($F26="0"),$F26,(ROUNDDOWN((Q26*(1+(R$4/100))),0))) -> 24414 | S26: =IF(($F26="0"),$F26,(ROUNDDOWN((R26*(1+(S$4/100))),0))) -> 24680 | ... U26: =IF(($F26="0"),$F26,(ROUNDDOWN((T26*(1+(U$4/100))),0))) -> 24998 | V26: =U26-G26 -> 1495 | W26: =V26/G26 -> 0.063608901
A27: BIENES NO CONSUMIBLES | B27: BANDEJA | C27: Bandejas plasticas para servir (en material higiénico sanitario) de mínimo 47 cm x 35,5 cm. | D27: Desgaste y uso mensual por unidad | E27: I2023004856 | F27: =IFERROR((VLOOKUP(E27,'MEMORANDOS E IPC 2023 Y 2024'!$A$1:$C$20,3,0)),"0") -> 44974 | G27: 11208 | H27: =IF(($F27="0"),$F27,(ROUNDDOWN((G27*(1+(H$4/100))),0))) -> 11325 | I27: =IF(($F27="0"),$F27,(ROUNDDOWN((H27*(1+(I$4/100))),0))) -> 11413 | J27: =IF(($F27="0"),$F27,(ROUNDDOWN((I27*(1+(J$4/100))),0))) -> 11462 | K27: =IF(($F27="0"),$F27,(ROUNDDOWN((J27*(1+(K$4/100))),0))) -> 11496 | L27: =IF(($F27="0"),$F27,(ROUNDDOWN((K27*(1+(L$4/100))),0))) -> 11553 | M27: =IF(($F27="0"),$F27,(ROUNDDOWN((L27*(1+(M$4/100))),0))) -> 11633 | N27: =IF(($F27="0"),$F27,(ROUNDDOWN((M27*(1+(N$4/100))),0))) -> 11695 | O27: =IF(($F27="0"),$F27,(ROUNDDOWN((N27*(1+(O$4/100))),0))) -> 11724 | ... U27: =IF(($F27="0"),$F27,(ROUNDDOWN((T27*(1+(U$4/100))),0))) -> 12225 | V27: =U27-G27 -> 1017 | W27: =V27/G27 -> 0.090738758
A28: BIENES NO CONSUMIBLES | B28: BÁSCULA ELECTRÓNICA | C28: Balanza - Báscula para alimentos, Capacidad hasta de 150 Kg. Sensibilidad mínima de 50 gramos. Dimensión plataforma: mínima de 30 cm x 40 cm Certificado de calibración por laboratorio acreditado por la ONAC, cada año, incluyendo pilas o cargador para su funcionamiento. | D28: Desgaste y uso mensual por unidad | E28: I2023004856 | F28: =IFERROR((VLOOKUP(E28,'MEMORANDOS E IPC 2023 Y 2024'!$A$1:$C$20,3,0)),"0") -> 44974 | G28: 359859 | H28: =IF(($F28="0"),$F28,(ROUNDDOWN((G28*(1+(H$4/100))),0))) -> 363637 | I28: =IF(($F28="0"),$F28,(ROUNDDOWN((H28*(1+(I$4/100))),0))) -> 366473 | J28: =IF(($F28="0"),$F28,(ROUNDDOWN((I28*(1+(J$4/100))),0))) -> 368048 | K28: =IF(($F28="0"),$F28,(ROUNDDOWN((J28*(1+(K$4/100))),0))) -> 369152 | L28: =IF(($F28="0"),$F28,(ROUNDDOWN((K28*(1+(L$4/100))),0))) -> 370997 | M28: =IF(($F28="0"),$F28,(ROUNDDOWN((L28*(1+(M$4/100))),0))) -> 373593 | N28: =IF(($F28="0"),$F28,(ROUNDDOWN((M28*(1+(N$4/100))),0))) -> 375610 | O28: =IF(($F28="0"),$F28,(ROUNDDOWN((N28*(1+(O$4/100))),0))) -> 376549 | ... U28: =IF(($F28="0"),$F28,(ROUNDDOWN((T28*(1+(U$4/100))),0))) -> 392712 | V28: =U28-G28 -> 32853 | W28: =V28/G28 -> 0.09129409
A29: BIENES NO CONSUMIBLES | B29: BÁSCULA ELECTRÓNICA INDUSTRIAL | C29: Bascula electrónica industrial diseñada para trabajo continuo, con plataforma robusta. Plataforma en acero inoxidable, Indicador: electrónico con función de TARA/HOLD, Capacidad mínima: 150 kg División/ precisión mínima: 50 g., Precisión máxima: 100g., Dimensión plataforma: (lxaxh) 70 cm x 70 cm.x15cm (+/- 30%), Peso de bascula: máximo de 40kg., Batería: recargable con autonomía mínima de 24 horas de uso Accesorios: adaptador / cargador de batería. La báscula debe ser entregada con certificado de aprobación de modelo acorde con OIML R 76-1 o la norma correspondiente según el país o región de origen, informe de verificación inicial acorde con OIML R 76-1 o la NTC 2031:2002. Debe tener identificación metrológica de origen (etiqueta o placa) con información relacionada con clase, capacidad máxima, capacidad mínima, escalón de verificación (e) y división de escala (d)). Cada equipo deberá tener un empaque que facilite su almacenamiento y transporte y que garanticen las condiciones necesarias para mantener la calibración. Los equipos antropométricos deben comprarse con certificado de calibración, acreditado ante la ONAC (Organismo Nacional de Acreditación de Colombia) en Masa. Garantía mínima de 3 años de conformidad con lo estipulado en el capítulo 1 del título 3 de la ley 1480 de 2011 (estatuto de protección al consumidor). Deberá ser entregado con los manuales de calibración y manejo del equipo | D29: Desgaste y uso mensual por unidad | E29: I2023031991 | F29: =IFERROR((VLOOKUP(E29,'MEMORANDOS E IPC 2023 Y 2024'!$A$1:$C$20,3,0)),"0") -> 45219 | G29: 1160000 | H29: =G29 -> 1160000 | I29: =H29 -> 1160000 | J29: =I29 -> 1160000 | K29: =J29 -> 1160000 | L29: =K29 -> 1160000 | M29: =L29 -> 1160000 | N29: =M29 -> 1160000 | O29: =N29 -> 1160000 | P29: =IF(($F29="0"),$F29,(ROUNDDOWN((O29*(1+(P$4/100))),0))) -> 1165452 | Q29: =IF(($F29="0"),$F29,(ROUNDDOWN((P29*(1+(Q$4/100))),0))) -> 1170696 | R29: =IF(($F29="0"),$F29,(ROUNDDOWN((Q29*(1+(R$4/100))),0))) -> 1181466 | S29: =IF(($F29="0"),$F29,(ROUNDDOWN((R29*(1+(S$4/100))),0))) -> 1194343 | T29: =IF(($F29="0"),$F29,(ROUNDDOWN((S29*(1+(T$4/100))),0))) -> 1202703 | U29: =IF(($F29="0"),$F29,(ROUNDDOWN((T29*(1+(U$4/100))),0))) -> 1209798 | V29: =U29-G29 -> 49798 | W29: =V29/G29 -> 0.04292931
A30: BIENES NO CONSUMIBLES | B30: BASCULA ELECTRÓNICA PESA PERSONAS | C30: Báscula grado médico para paciente adulto con certificado de conformidad expedido por el país de origen.Funcionamiento digital con pantalla de visualización LCD.Capacidad de carga ≥ 180KG. Con funciones: Desconexión automática, 2 en 1 o madre bebe, auto HOLD y conmutación de kgs/lbs. Plataforma antideslizante. Alimentación eléctrica suministrada por pilas y con opción de alimentación eléctrica por cargador a pared.Escala de división de 100 gr o menos.Soportes con sistema de nivelación de altura para garantizar una medición correcta. Con opción para ajuste del factor gravitacional del lugar de instalación.Material de fabricación: ABS grado médico. | D30: Unidad | E30: I2023031433 | F30: =IFERROR((VLOOKUP(E30,'MEMORANDOS E IPC 2023 Y 2024'!$A$1:$C$20,3,0)),"0") -> 45212 | G30: 279950 | H30: =G30 -> 279950 | I30: =H30 -> 279950 | J30: =I30 -> 279950 | K30: =J30 -> 279950 | L30: =K30 -> 279950 | M30: =L30 -> 279950 | N30: =M30 -> 279950 | O30: =N30 -> 279950 | P30: =IF(($F30="0"),$F30,(ROUNDDOWN((O30*(1+(P$4/100))),0))) -> 281265 | Q30: =IF(($F30="0"),$F30,(ROUNDDOWN((P30*(1+(Q$4/100))),0))) -> 282530 | R30: =IF(($F30="0"),$F30,(ROUNDDOWN((Q30*(1+(R$4/100))),0))) -> 285129 | S30: =IF(($F30="0"),$F30,(ROUNDDOWN((R30*(1+(S$4/100))),0))) -> 288236 | T30: =IF(($F30="0"),$F30,(ROUNDDOWN((S30*(1+(T$4/100))),0))) -> 290253 | U30: =IF(($F30="0"),$F30,(ROUNDDOWN((T30*(1+(U$4/100))),0))) -> 291965 | V30: =U30-G30 -> 12015 | W30: =V30/G30 -> 0.042918378
A31: BIENES NO CONSUMIBLES | B31: BATA BLANCA | C31: Bata blanca | D31: Desgaste y uso mensual por unidad | E31: I2023004856 | F31: =IFERROR((VLOOKUP(E31,'MEMORANDOS E IPC 2023 Y 2024'!$A$1:$C$20,3,0)),"0") -> 44974 | G31: 49609 | H31: =IF(($F31="0"),$F31,(ROUNDDOWN((G31*(1+(H$4/100))),0))) -> 50129 | I31: =IF(($F31="0"),$F31,(ROUNDDOWN((H31*(1+(I$4/100))),0))) -> 50520 | J31: =IF(($F31="0"),$F31,(ROUNDDOWN((I31*(1+(J$4/100))),0))) -> 50737 | K31: =IF(($F31="0"),$F31,(ROUNDDOWN((J31*(1+(K$4/100))),0))) -> 50889 | L31: =IF(($F31="0"),$F31,(ROUNDDOWN((K31*(1+(L$4/100))),0))) -> 51143 | M31: =IF(($F31="0"),$F31,(ROUNDDOWN((L31*(1+(M$4/100))),0))) -> 51501 | N31: =IF(($F31="0"),$F31,(ROUNDDOWN((M31*(1+(N$4/100))),0))) -> 51779 | O31: =IF(($F31="0"),$F31,(ROUNDDOWN((N31*(1+(O$4/100))),0))) -> 51908 | ... U31: =IF(($F31="0"),$F31,(ROUNDDOWN((T31*(1+(U$4/100))),0))) -> 54133 | V31: =U31-G31 -> 4524 | W31: =V31/G31 -> 0.09119313
A32: BIENES NO CONSUMIBLES | B32: BOTIQUIN TIPO A | C32: Botiquín tipo A - fijo botiquín de primeros auxilios fabricado en lámina. Fijo con dos entrepaños y cavidad para variedad de frascos. Puerta de vidrio enmarcada con cerradura. Terminado en pintura electrostática, el cual debe contener todos los elementos mencionados en la resolución 0705 DE 2007. | D32: Desgaste y uso mensual por unidad | E32: I2023008278 | F32: =IFERROR((VLOOKUP(E32,'MEMORANDOS E IPC 2023 Y 2024'!$A$1:$C$20,3,0)),"0") -> 45002 | G32: 159628 | H32: =G32 -> 159628 | I32: =IF(($F32="0"),$F32,(ROUNDDOWN((H32*(1+(I$4/100))),0))) -> 160873 | J32: =IF(($F32="0"),$F32,(ROUNDDOWN((I32*(1+(J$4/100))),0))) -> 161564 | K32: =IF(($F32="0"),$F32,(ROUNDDOWN((J32*(1+(K$4/100))),0))) -> 162048 | L32: =IF(($F32="0"),$F32,(ROUNDDOWN((K32*(1+(L$4/100))),0))) -> 162858 | M32: =IF(($F32="0"),$F32,(ROUNDDOWN((L32*(1+(M$4/100))),0))) -> 163998 | N32: =IF(($F32="0"),$F32,(ROUNDDOWN((M32*(1+(N$4/100))),0))) -> 164883 | O32: =IF(($F32="0"),$F32,(ROUNDDOWN((N32*(1+(O$4/100))),0))) -> 165295 | P32: =IF(($F32="0"),$F32,(ROUNDDOWN((O32*(1+(P$4/100))),0))) -> 166071 | ... U32: =IF(($F32="0"),$F32,(ROUNDDOWN((T32*(1+(U$4/100))),0))) -> 172389 | V32: =U32-G32 -> 12761 | W32: =V32/G32 -> 0.079942115
A33: BIENES NO CONSUMIBLES | B33: BOTIQUIN TIPO A - PORTATIL | C33: MALETÍN ELABORADO EN LONA COLOR ROJO, TOTALMENTE IMPERMEABLE ABULLONADO Y FORRADO CON EL LOGO DE CRUZ Y LEYENDA INFORMATIVA “BOTIQUIN PRIMEROS AUXILIOS”, MEDIDAS APROXIMADAS DEL MALETIN 40 X 30 X 15 CM, CORREA Y CREMALLERA .1 COMPARTIMIENTOS + 4 BOLSILLOS INTERNOS. ESTE BOTIQUÍN DEBE CONTENER CADA UNO DE LOS ELEMENTOS ESTABLECIDOS POR LA RESOLUCION 705 DE 2007 EXPEDIDO POR LA SECRETARÍA DISTRITAL DE SALUD: GASA ESTÉRIL: *GASA DE 3" X 3" 10 SOBRES CON 2 UNIDADES CADA UNO. *ESPARADRAPO DE TELA: 1 ROLLO DE 4" X 5 YD *BAJA LENGUAS EN MADERA: 1 PAQUETE X 20 UNIDADES *GUANTES E LÁTEX: 1 CAJA X 100 UNIDADES *VENDA ELÁSTICA: 1 UNIDAD DE 2" X 5 YD *VENDA ELÁSTICA: 1 UNIDAD DE 3" X 5 YD *VENDA ELÁSTICA: 1 UNIDAD DE 5" X 5 YD *VENDA DE ALGODÓN LAMINADO: 1 UNIDAD DE 3” X 5 YD *VENDA DE ALGODÓN LAMINADO: 1 UNIDAD DE 5” X 5 YD *YODOPOVIDONA (JABÓN QUIRÚRGICO): 1 FRASCO X 120 ML *SUERO FISIOLÓGICO: 5 BOLSAS X 100 ML O 2 BOLSAS X 250 ML *TERMÓMETRO CLÍNICO DIGITAL (ORAL): 1 NIDAD *ALCOHOL ANTISÉPTICO: 1 FRASCO X 350 ML NOTA: FECHAS DE VENCIMIENTO MÍNIMO 18 MESES | D33: Desgaste y uso mensual por unidad | E33: I2023024745 | F33: =IFERROR((VLOOKUP(E33,'MEMORANDOS E IPC 2023 Y 2024'!$A$1:$C$20,3,0)),"0") -> 45161 | G33: 111050 | H33: =G33 -> 111050 | I33: =H33 -> 111050 | J33: =I33 -> 111050 | K33: =J33 -> 111050 | L33: =K33 -> 111050 | M33: =L33 -> 111050 | N33: =IF(($F33="0"),$F33,(ROUNDDOWN((M33*(1+(N$4/100))),0))) -> 111649 | O33: =IF(($F33="0"),$F33,(ROUNDDOWN((N33*(1+(O$4/100))),0))) -> 111928 | P33: =IF(($F33="0"),$F33,(ROUNDDOWN((O33*(1+(P$4/100))),0))) -> 112454 | Q33: =IF(($F33="0"),$F33,(ROUNDDOWN((P33*(1+(Q$4/100))),0))) -> 112960 | R33: =IF(($F33="0"),$F33,(ROUNDDOWN((Q33*(1+(R$4/100))),0))) -> 113999 | S33: =IF(($F33="0"),$F33,(ROUNDDOWN((R33*(1+(S$4/100))),0))) -> 115241 | T33: =IF(($F33="0"),$F33,(ROUNDDOWN((S33*(1+(T$4/100))),0))) -> 116047 | U33: =IF(($F33="0"),$F33,(ROUNDDOWN((T33*(1+(U$4/100))),0))) -> 116731 | V33: =U33-G33 -> 5681 | W33: =V33/G33 -> 0.051157136
A34: BIENES NO CONSUMIBLES | B34: BOTIQUÍN TIPO B | C34: (1) Botiquín tipo B de fácil traslado, teniendo en cuenta lo establecido en la Resolución 705 de 2007 de la Secretaría Distrital de Salud (Anexo tecnico Componentes ambientes adecuados y seguros Tabla 15. Relación de elementos Botiquín tipo B) | D34: Desgaste y uso mensual por unidad | E34: I2023004856 | F34: =IFERROR((VLOOKUP(E34,'MEMORANDOS E IPC 2023 Y 2024'!$A$1:$C$20,3,0)),"0") -> 44974 | G34: 571791 | H34: =IF(($F34="0"),$F34,(ROUNDDOWN((G34*(1+(H$4/100))),0))) -> 577794 | I34: =IF(($F34="0"),$F34,(ROUNDDOWN((H34*(1+(I$4/100))),0))) -> 582300 | J34: =IF(($F34="0"),$F34,(ROUNDDOWN((I34*(1+(J$4/100))),0))) -> 584803 | K34: =IF(($F34="0"),$F34,(ROUNDDOWN((J34*(1+(K$4/100))),0))) -> 586557 | L34: =IF(($F34="0"),$F34,(ROUNDDOWN((K34*(1+(L$4/100))),0))) -> 589489 | M34: =IF(($F34="0"),$F34,(ROUNDDOWN((L34*(1+(M$4/100))),0))) -> 593615 | N34: =IF(($F34="0"),$F34,(ROUNDDOWN((M34*(1+(N$4/100))),0))) -> 596820 | O34: =IF(($F34="0"),$F34,(ROUNDDOWN((N34*(1+(O$4/100))),0))) -> 598312 | ... U34: =IF(($F34="0"),$F34,(ROUNDDOWN((T34*(1+(U$4/100))),0))) -> 623997 | V34: =U34-G34 -> 52206 | W34: =V34/G34 -> 0.091302591
A35: BIENES NO CONSUMIBLES | B35: CABINA DE SONIDO | C35: torre de sonido con entrada de audio analógico aux, lector usb – bluetooth – fm – sd, reproductor de música mp3 y mp4, control remoto, potencia de salida 200 w, energía 110v/60hz, 3 canales de potencia y altura aproximada de 56 cm. batería recargable y micrófono incluido. | D35: Desgaste y uso mensual por unidad | E35: I2024004413 | F35: =IFERROR((VLOOKUP(E35,'MEMORANDOS E IPC 2023 Y 2024'!$A$1:$C$20,3,0)),"0") -> 0 | G35: 943857 | H35: =IF(($F35="0"),$G35,(ROUNDDOWN((G35*(1+(H$4/100))),0))) -> 943857 | I35: =IF(($F35="0"),$G35,(ROUNDDOWN((H35*(1+(I$4/100))),0))) -> 943857 | J35: =IF(($F35="0"),$G35,(ROUNDDOWN((I35*(1+(J$4/100))),0))) -> 943857 | K35: =IF(($F35="0"),$G35,(ROUNDDOWN((J35*(1+(K$4/100))),0))) -> 943857 | L35: =IF(($F35="0"),$G35,(ROUNDDOWN((K35*(1+(L$4/100))),0))) -> 943857 | M35: =IF(($F35="0"),$G35,(ROUNDDOWN((L35*(1+(M$4/100))),0))) -> 943857 | N35: =IF(($F35="0"),$G35,(ROUNDDOWN((M35*(1+(N$4/100))),0))) -> 943857 | O35: =IF(($F35="0"),$G35,(ROUNDDOWN((N35*(1+(O$4/100))),0))) -> 943857 | ... U35: =IF(($F35="0"),$G35,(ROUNDDOWN((T35*(1+(U$4/100))),0))) -> 943857 | V35: =U35-G35 -> 0 | W35: =V35/G35 -> 0
A36: BIENES NO CONSUMIBLES | B36: CALDERO | C36: Caldero hondo de aluminio de alta pureza, fundido con capacidad de 75 litros extrafuerte con tapa. Dimensiones: Alto 53,5 cm y diámetro 54 cm. Color: Gris | D36: Desgaste y uso mensual por unidad | E36: I2023031084 | F36: =IFERROR((VLOOKUP(E36,'MEMORANDOS E IPC 2023 Y 2024'!$A$1:$C$20,3,0)),"0") -> 45210 | G36: 168130 | H36: =G36 -> 168130 | I36: =H36 -> 168130 | J36: =I36 -> 168130 | K36: =J36 -> 168130 | L36: =K36 -> 168130 | M36: =L36 -> 168130 | N36: =M36 -> 168130 | O36: =N36 -> 168130 | P36: =IF(($F36="0"),$F36,(ROUNDDOWN((O36*(1+(P$4/100))),0))) -> 168920 | Q36: =IF(($F36="0"),$F36,(ROUNDDOWN((P36*(1+(Q$4/100))),0))) -> 169680 | R36: =IF(($F36="0"),$F36,(ROUNDDOWN((Q36*(1+(R$4/100))),0))) -> 171241 | S36: =IF(($F36="0"),$F36,(ROUNDDOWN((R36*(1+(S$4/100))),0))) -> 173107 | T36: =IF(($F36="0"),$F36,(ROUNDDOWN((S36*(1+(T$4/100))),0))) -> 174318 | U36: =IF(($F36="0"),$F36,(ROUNDDOWN((T36*(1+(U$4/100))),0))) -> 175346 | V36: =U36-G36 -> 7216 | W36: =V36/G36 -> 0.04291917
A37: BIENES NO CONSUMIBLES | B37: CAMAROTE | C37: Camarote sencillo en tubo metálico redondo de 2” calibre 18. Largueros en ángulo de hierro perfil en L de 1 ½” x 3/16”. Escalera fija en el piecero. Soldadura MIG. Tablado en madera cepillada firmemente unidos por listones de 3cm x 1cm x 190cm. Acabados en pintura electrostática. imensiones: alto 140cm x ancho 100cm x largo 190 cm. | D37: Desgaste y uso mensual por unidad | E37: I2023031801 | F37: =IFERROR((VLOOKUP(E37,'MEMORANDOS E IPC 2023 Y 2024'!$A$1:$C$20,3,0)),"0") -> 45212 | G37: 1309250 | H37: =G37 -> 1309250 | I37: =H37 -> 1309250 | J37: =I37 -> 1309250 | K37: =J37 -> 1309250 | L37: =K37 -> 1309250 | M37: =L37 -> 1309250 | N37: =M37 -> 1309250 | O37: =N37 -> 1309250 | P37: =IF(($F37="0"),$F37,(ROUNDDOWN((O37*(1+(P$4/100))),0))) -> 1315403 | Q37: =IF(($F37="0"),$F37,(ROUNDDOWN((P37*(1+(Q$4/100))),0))) -> 1321322 | R37: =IF(($F37="0"),$F37,(ROUNDDOWN((Q37*(1+(R$4/100))),0))) -> 1333478 | S37: =IF(($F37="0"),$F37,(ROUNDDOWN((R37*(1+(S$4/100))),0))) -> 1348012 | T37: =IF(($F37="0"),$F37,(ROUNDDOWN((S37*(1+(T$4/100))),0))) -> 1357448 | U37: =IF(($F37="0"),$F37,(ROUNDDOWN((T37*(1+(U$4/100))),0))) -> 1365456 | V37: =U37-G37 -> 56206 | W37: =V37/G37 -> 0.042929922
A38: BIENES NO CONSUMIBLES | B38: CAMILLA FIJA ADULTO | C38: Camilla fija sencilla, Fabricado en tubo cuadrado de 1 1/4" Cold Rolled Cal. 18, Tapizado en cordobán lavable y espuma de 5cm color Negro, con refuerzo en tablex de alta resistencia, Refuerzo en tubo redondo de 7/8" cold rolled Cal 18, 4 tapones plásticos de 1 ¼ externos, Dimensiones: argo 1.80 m, Ancho 0.55 m, Altura 0.80 m, Capacidad de carga: 120kg - 150kg, Terminado en pintura electrostática color Blanco. | D38: Desgaste y uso mensual por unidad | E38: I2023031433 | F38: =IFERROR((VLOOKUP(E38,'MEMORANDOS E IPC 2023 Y 2024'!$A$1:$C$20,3,0)),"0") -> 45212 | G38: 378340 | H38: =G38 -> 378340 | I38: =H38 -> 378340 | J38: =I38 -> 378340 | K38: =J38 -> 378340 | L38: =K38 -> 378340 | M38: =L38 -> 378340 | N38: =M38 -> 378340 | O38: =N38 -> 378340 | P38: =IF(($F38="0"),$F38,(ROUNDDOWN((O38*(1+(P$4/100))),0))) -> 380118 | Q38: =IF(($F38="0"),$F38,(ROUNDDOWN((P38*(1+(Q$4/100))),0))) -> 381828 | R38: =IF(($F38="0"),$F38,(ROUNDDOWN((Q38*(1+(R$4/100))),0))) -> 385340 | S38: =IF(($F38="0"),$F38,(ROUNDDOWN((R38*(1+(S$4/100))),0))) -> 389540 | T38: =IF(($F38="0"),$F38,(ROUNDDOWN((S38*(1+(T$4/100))),0))) -> 392266 | U38: =IF(($F38="0"),$F38,(ROUNDDOWN((T38*(1+(U$4/100))),0))) -> 394580 | V38: =U38-G38 -> 16240 | W38: =V38/G38 -> 0.042924354
A39: BIENES NO CONSUMIBLES | B39: CAMINADOR ADULTO/A | C39: Caminador plegable: con función de paso a paso y fijo, estructura liviana en aluminio cromado, regatones de goma antideslizantes y manillares de espuma ergonómicos, ajustable y plegable para facilitar su almacenamiento, cuenta con sistema de activación reciproco mediante la presión de un pin y agarraderas de espuma, plegable con doble soporte frontal, en aluminio, plegable con un solo botón, con asas acolchadas y puntales de goma antideslizante, estructura de 4 patas construido en aluminio anodizado, regulable en altura cada 2,5 cm desde los 82 a los 92 cm, peso máximo soportado 100 kg, color plateado. | D39: Desgaste y uso mensual por unidad | E39: I2023031433 | F39: =IFERROR((VLOOKUP(E39,'MEMORANDOS E IPC 2023 Y 2024'!$A$1:$C$20,3,0)),"0") -> 45212 | G39: 171325 | H39: =G39 -> 171325 | I39: =H39 -> 171325 | J39: =I39 -> 171325 | K39: =J39 -> 171325 | L39: =K39 -> 171325 | M39: =L39 -> 171325 | N39: =M39 -> 171325 | O39: =N39 -> 171325 | P39: =IF(($F39="0"),$F39,(ROUNDDOWN((O39*(1+(P$4/100))),0))) -> 172130 | Q39: =IF(($F39="0"),$F39,(ROUNDDOWN((P39*(1+(Q$4/100))),0))) -> 172904 | R39: =IF(($F39="0"),$F39,(ROUNDDOWN((Q39*(1+(R$4/100))),0))) -> 174494 | S39: =IF(($F39="0"),$F39,(ROUNDDOWN((R39*(1+(S$4/100))),0))) -> 176395 | T39: =IF(($F39="0"),$F39,(ROUNDDOWN((S39*(1+(T$4/100))),0))) -> 177629 | U39: =IF(($F39="0"),$F39,(ROUNDDOWN((T39*(1+(U$4/100))),0))) -> 178677 | V39: =U39-G39 -> 7352 | W39: =V39/G39 -> 0.042912593
A40: BIENES NO CONSUMIBLES | B40: CANASTILLAS | C40: Canastillas plásticas para frutas y verduras, de 50 / 55 cms de largo x 30 /38 cm de ancho. | D40: Desgaste y uso mensual por unidad | E40: I2023004856 | F40: =IFERROR((VLOOKUP(E40,'MEMORANDOS E IPC 2023 Y 2024'!$A$1:$C$20,3,0)),"0") -> 44974 | G40: 35207 | H40: =IF(($F40="0"),$F40,(ROUNDDOWN((G40*(1+(H$4/100))),0))) -> 35576 | I40: =IF(($F40="0"),$F40,(ROUNDDOWN((H40*(1+(I$4/100))),0))) -> 35853 | J40: =IF(($F40="0"),$F40,(ROUNDDOWN((I40*(1+(J$4/100))),0))) -> 36007 | K40: =IF(($F40="0"),$F40,(ROUNDDOWN((J40*(1+(K$4/100))),0))) -> 36115 | L40: =IF(($F40="0"),$F40,(ROUNDDOWN((K40*(1+(L$4/100))),0))) -> 36295 | M40: =IF(($F40="0"),$F40,(ROUNDDOWN((L40*(1+(M$4/100))),0))) -> 36549 | N40: =IF(($F40="0"),$F40,(ROUNDDOWN((M40*(1+(N$4/100))),0))) -> 36746 | O40: =IF(($F40="0"),$F40,(ROUNDDOWN((N40*(1+(O$4/100))),0))) -> 36837 | ... U40: =IF(($F40="0"),$F40,(ROUNDDOWN((T40*(1+(U$4/100))),0))) -> 38416 | V40: =U40-G40 -> 3209 | W40: =V40/G40 -> 0.091146647
A41: BIENES NO CONSUMIBLES | B41: CANECA PARA EL DESCOMIDE CON TAPA HERMÉTICA | C41: Una (1) caneca con tapa hermética - Color Negro - Capacidad 40 litros | D41: Desgaste y uso mensual por unidad | E41: I2023004856 | F41: =IFERROR((VLOOKUP(E41,'MEMORANDOS E IPC 2023 Y 2024'!$A$1:$C$20,3,0)),"0") -> 44974 | G41: 69372 | H41: =IF(($F41="0"),$F41,(ROUNDDOWN((G41*(1+(H$4/100))),0))) -> 70100 | I41: =IF(($F41="0"),$F41,(ROUNDDOWN((H41*(1+(I$4/100))),0))) -> 70646 | J41: =IF(($F41="0"),$F41,(ROUNDDOWN((I41*(1+(J$4/100))),0))) -> 70949 | K41: =IF(($F41="0"),$F41,(ROUNDDOWN((J41*(1+(K$4/100))),0))) -> 71161 | L41: =IF(($F41="0"),$F41,(ROUNDDOWN((K41*(1+(L$4/100))),0))) -> 71516 | M41: =IF(($F41="0"),$F41,(ROUNDDOWN((L41*(1+(M$4/100))),0))) -> 72016 | N41: =IF(($F41="0"),$F41,(ROUNDDOWN((M41*(1+(N$4/100))),0))) -> 72404 | O41: =IF(($F41="0"),$F41,(ROUNDDOWN((N41*(1+(O$4/100))),0))) -> 72585 | ... U41: =IF(($F41="0"),$F41,(ROUNDDOWN((T41*(1+(U$4/100))),0))) -> 75699 | V41: =U41-G41 -> 6327 | W41: =V41/G41 -> 0.091203944
A42: BIENES NO CONSUMIBLES | B42: CANECA PARA LA COCINA CON TAPA HERMÉTICA | C42: Una (1) caneca con tapa hermética - Color Verde o Negro - Capacidad 70 litros | D42: Desgaste y uso mensual por unidad | E42: I2023004856 | F42: =IFERROR((VLOOKUP(E42,'MEMORANDOS E IPC 2023 Y 2024'!$A$1:$C$20,3,0)),"0") -> 44974 | G42: 135420 | H42: =IF(($F42="0"),$F42,(ROUNDDOWN((G42*(1+(H$4/100))),0))) -> 136841 | I42: =IF(($F42="0"),$F42,(ROUNDDOWN((H42*(1+(I$4/100))),0))) -> 137908 | J42: =IF(($F42="0"),$F42,(ROUNDDOWN((I42*(1+(J$4/100))),0))) -> 138501 | K42: =IF(($F42="0"),$F42,(ROUNDDOWN((J42*(1+(K$4/100))),0))) -> 138916 | L42: =IF(($F42="0"),$F42,(ROUNDDOWN((K42*(1+(L$4/100))),0))) -> 139610 | M42: =IF(($F42="0"),$F42,(ROUNDDOWN((L42*(1+(M$4/100))),0))) -> 140587 | N42: =IF(($F42="0"),$F42,(ROUNDDOWN((M42*(1+(N$4/100))),0))) -> 141346 | O42: =IF(($F42="0"),$F42,(ROUNDDOWN((N42*(1+(O$4/100))),0))) -> 141699 | ... U42: =IF(($F42="0"),$F42,(ROUNDDOWN((T42*(1+(U$4/100))),0))) -> 147779 | V42: =U42-G42 -> 12359 | W42: =V42/G42 -> 0.091264215
A43: BIENES NO CONSUMIBLES | B43: CANECA PARA LOS PAÑALES CON TAPA HERMÉTICA | C43: Una (1) caneca con tapa hermética - Color Negro - Capacidad 40 litros | D43: Desgaste y uso mensual por unidad | E43: I2023004856 | F43: =IFERROR((VLOOKUP(E43,'MEMORANDOS E IPC 2023 Y 2024'!$A$1:$C$20,3,0)),"0") -> 44974 | G43: 69372 | H43: =IF(($F43="0"),$F43,(ROUNDDOWN((G43*(1+(H$4/100))),0))) -> 70100 | I43: =IF(($F43="0"),$F43,(ROUNDDOWN((H43*(1+(I$4/100))),0))) -> 70646 | J43: =IF(($F43="0"),$F43,(ROUNDDOWN((I43*(1+(J$4/100))),0))) -> 70949 | K43: =IF(($F43="0"),$F43,(ROUNDDOWN((J43*(1+(K$4/100))),0))) -> 71161 | L43: =IF(($F43="0"),$F43,(ROUNDDOWN((K43*(1+(L$4/100))),0))) -> 71516 | M43: =IF(($F43="0"),$F43,(ROUNDDOWN((L43*(1+(M$4/100))),0))) -> 72016 | N43: =IF(($F43="0"),$F43,(ROUNDDOWN((M43*(1+(N$4/100))),0))) -> 72404 | O43: =IF(($F43="0"),$F43,(ROUNDDOWN((N43*(1+(O$4/100))),0))) -> 72585 | ... U43: =IF(($F43="0"),$F43,(ROUNDDOWN((T43*(1+(U$4/100))),0))) -> 75699 | V43: =U43-G43 -> 6327 | W43: =V43/G43 -> 0.091203944
A44: BIENES NO CONSUMIBLES | B44: CANECA PARA PUNTO ECOLÓGICO BLANCA | C44: Una (1) caneca tipo vaiven para punto ecológico - Blanco - Capacidad 40 litros | D44: Desgaste y uso mensual por unidad | E44: I2023004856 | F44: =IFERROR((VLOOKUP(E44,'MEMORANDOS E IPC 2023 Y 2024'!$A$1:$C$20,3,0)),"0") -> 44974 | G44: 73339 | H44: =IF(($F44="0"),$F44,(ROUNDDOWN((G44*(1+(H$4/100))),0))) -> 74109 | I44: =IF(($F44="0"),$F44,(ROUNDDOWN((H44*(1+(I$4/100))),0))) -> 74687 | J44: =IF(($F44="0"),$F44,(ROUNDDOWN((I44*(1+(J$4/100))),0))) -> 75008 | K44: =IF(($F44="0"),$F44,(ROUNDDOWN((J44*(1+(K$4/100))),0))) -> 75233 | L44: =IF(($F44="0"),$F44,(ROUNDDOWN((K44*(1+(L$4/100))),0))) -> 75609 | M44: =IF(($F44="0"),$F44,(ROUNDDOWN((L44*(1+(M$4/100))),0))) -> 76138 | N44: =IF(($F44="0"),$F44,(ROUNDDOWN((M44*(1+(N$4/100))),0))) -> 76549 | O44: =IF(($F44="0"),$F44,(ROUNDDOWN((N44*(1+(O$4/100))),0))) -> 76740 | ... U44: =IF(($F44="0"),$F44,(ROUNDDOWN((T44*(1+(U$4/100))),0))) -> 80031 | V44: =U44-G44 -> 6692 | W44: =V44/G44 -> 0.091247495
A45: BIENES NO CONSUMIBLES | B45: CANECA PARA PUNTO ECOLÓGICO NEGRA | C45: Una (1) caneca tipo vaiven para punto ecológico - negro - Capacidad 40 litros | D45: Desgaste y uso mensual por unidad | E45: I2023004856 | F45: =IFERROR((VLOOKUP(E45,'MEMORANDOS E IPC 2023 Y 2024'!$A$1:$C$20,3,0)),"0") -> 44974 | G45: 73339 | H45: =IF(($F45="0"),$F45,(ROUNDDOWN((G45*(1+(H$4/100))),0))) -> 74109 | I45: =IF(($F45="0"),$F45,(ROUNDDOWN((H45*(1+(I$4/100))),0))) -> 74687 | J45: =IF(($F45="0"),$F45,(ROUNDDOWN((I45*(1+(J$4/100))),0))) -> 75008 | K45: =IF(($F45="0"),$F45,(ROUNDDOWN((J45*(1+(K$4/100))),0))) -> 75233 | L45: =IF(($F45="0"),$F45,(ROUNDDOWN((K45*(1+(L$4/100))),0))) -> 75609 | M45: =IF(($F45="0"),$F45,(ROUNDDOWN((L45*(1+(M$4/100))),0))) -> 76138 | N45: =IF(($F45="0"),$F45,(ROUNDDOWN((M45*(1+(N$4/100))),0))) -> 76549 | O45: =IF(($F45="0"),$F45,(ROUNDDOWN((N45*(1+(O$4/100))),0))) -> 76740 | ... U45: =IF(($F45="0"),$F45,(ROUNDDOWN((T45*(1+(U$4/100))),0))) -> 80031 | V45: =U45-G45 -> 6692 | W45: =V45/G45 -> 0.091247495
A46: BIENES NO CONSUMIBLES | B46: CANECA TIPO PEDAL PARA BAÑOS | C46: Una (1) caneca tipo pedal - Color Negro - Capacidad 12 litros | D46: Desgaste y uso mensual por unidad | E46: I2023004856 | F46: =IFERROR((VLOOKUP(E46,'MEMORANDOS E IPC 2023 Y 2024'!$A$1:$C$20,3,0)),"0") -> 44974 | G46: 48800 | H46: =IF(($F46="0"),$F46,(ROUNDDOWN((G46*(1+(H$4/100))),0))) -> 49312 | I46: =IF(($F46="0"),$F46,(ROUNDDOWN((H46*(1+(I$4/100))),0))) -> 49696 | J46: =IF(($F46="0"),$F46,(ROUNDDOWN((I46*(1+(J$4/100))),0))) -> 49909 | K46: =IF(($F46="0"),$F46,(ROUNDDOWN((J46*(1+(K$4/100))),0))) -> 50058 | L46: =IF(($F46="0"),$F46,(ROUNDDOWN((K46*(1+(L$4/100))),0))) -> 50308 | M46: =IF(($F46="0"),$F46,(ROUNDDOWN((L46*(1+(M$4/100))),0))) -> 50660 | N46: =IF(($F46="0"),$F46,(ROUNDDOWN((M46*(1+(N$4/100))),0))) -> 50933 | O46: =IF(($F46="0"),$F46,(ROUNDDOWN((N46*(1+(O$4/100))),0))) -> 51060 | ... U46: =IF(($F46="0"),$F46,(ROUNDDOWN((T46*(1+(U$4/100))),0))) -> 53248 | V46: =U46-G46 -> 4448 | W46: =V46/G46 -> 0.091147541
A47: BIENES NO CONSUMIBLES | B47: CANECA TIPO PEDAL PARA RIESGO BIOLÓGICO | C47: Una (1) caneca tipo pedal - Color rojo - Capacidad 12 litros | D47: Desgaste y uso mensual por unidad | E47: I2023004856 | F47: =IFERROR((VLOOKUP(E47,'MEMORANDOS E IPC 2023 Y 2024'!$A$1:$C$20,3,0)),"0") -> 44974 | G47: 48800 | H47: =IF(($F47="0"),$F47,(ROUNDDOWN((G47*(1+(H$4/100))),0))) -> 49312 | I47: =IF(($F47="0"),$F47,(ROUNDDOWN((H47*(1+(I$4/100))),0))) -> 49696 | J47: =IF(($F47="0"),$F47,(ROUNDDOWN((I47*(1+(J$4/100))),0))) -> 49909 | K47: =IF(($F47="0"),$F47,(ROUNDDOWN((J47*(1+(K$4/100))),0))) -> 50058 | L47: =IF(($F47="0"),$F47,(ROUNDDOWN((K47*(1+(L$4/100))),0))) -> 50308 | M47: =IF(($F47="0"),$F47,(ROUNDDOWN((L47*(1+(M$4/100))),0))) -> 50660 | N47: =IF(($F47="0"),$F47,(ROUNDDOWN((M47*(1+(N$4/100))),0))) -> 50933 | O47: =IF(($F47="0"),$F47,(ROUNDDOWN((N47*(1+(O$4/100))),0))) -> 51060 | ... U47: =IF(($F47="0"),$F47,(ROUNDDOWN((T47*(1+(U$4/100))),0))) -> 53248 | V47: =U47-G47 -> 4448 | W47: =V47/G47 -> 0.091147541
A48: BIENES NO CONSUMIBLES | B48: CANECA TIPO PEDAL RIESGO QUÍMICO (BLÍSTER) | C48: Una (1) caneca tipo pedal - Color rojo - Capacidad 50 litros | D48: Desgaste y uso mensual por unidad | E48: I2023004856 | F48: =IFERROR((VLOOKUP(E48,'MEMORANDOS E IPC 2023 Y 2024'!$A$1:$C$20,3,0)),"0") -> 44974 | G48: 94665 | H48: =IF(($F48="0"),$F48,(ROUNDDOWN((G48*(1+(H$4/100))),0))) -> 95658 | I48: =IF(($F48="0"),$F48,(ROUNDDOWN((H48*(1+(I$4/100))),0))) -> 96404 | J48: =IF(($F48="0"),$F48,(ROUNDDOWN((I48*(1+(J$4/100))),0))) -> 96818 | K48: =IF(($F48="0"),$F48,(ROUNDDOWN((J48*(1+(K$4/100))),0))) -> 97108 | L48: =IF(($F48="0"),$F48,(ROUNDDOWN((K48*(1+(L$4/100))),0))) -> 97593 | M48: =IF(($F48="0"),$F48,(ROUNDDOWN((L48*(1+(M$4/100))),0))) -> 98276 | N48: =IF(($F48="0"),$F48,(ROUNDDOWN((M48*(1+(N$4/100))),0))) -> 98806 | O48: =IF(($F48="0"),$F48,(ROUNDDOWN((N48*(1+(O$4/100))),0))) -> 99053 | ... U48: =IF(($F48="0"),$F48,(ROUNDDOWN((T48*(1+(U$4/100))),0))) -> 103301 | V48: =U48-G48 -> 8636 | W48: =V48/G48 -> 0.091226958
A49: BIENES NO CONSUMIBLES | B49: CANECA TIPO PEDAL RIESGO QUÍMICO (ENVASES PLÁSTICOS Y DE VIDRIO) | C49: Una (1) caneca tipo pedal - Color rojo - Capacidad 50 litros | D49: Desgaste y uso mensual por unidad | E49: I2023004856 | F49: =IFERROR((VLOOKUP(E49,'MEMORANDOS E IPC 2023 Y 2024'!$A$1:$C$20,3,0)),"0") -> 44974 | G49: 94665 | H49: =IF(($F49="0"),$F49,(ROUNDDOWN((G49*(1+(H$4/100))),0))) -> 95658 | I49: =IF(($F49="0"),$F49,(ROUNDDOWN((H49*(1+(I$4/100))),0))) -> 96404 | J49: =IF(($F49="0"),$F49,(ROUNDDOWN((I49*(1+(J$4/100))),0))) -> 96818 | K49: =IF(($F49="0"),$F49,(ROUNDDOWN((J49*(1+(K$4/100))),0))) -> 97108 | L49: =IF(($F49="0"),$F49,(ROUNDDOWN((K49*(1+(L$4/100))),0))) -> 97593 | M49: =IF(($F49="0"),$F49,(ROUNDDOWN((L49*(1+(M$4/100))),0))) -> 98276 | N49: =IF(($F49="0"),$F49,(ROUNDDOWN((M49*(1+(N$4/100))),0))) -> 98806 | O49: =IF(($F49="0"),$F49,(ROUNDDOWN((N49*(1+(O$4/100))),0))) -> 99053 | ... U49: =IF(($F49="0"),$F49,(ROUNDDOWN((T49*(1+(U$4/100))),0))) -> 103301 | V49: =U49-G49 -> 8636 | W49: =V49/G49 -> 0.091226958
A50: BIENES NO CONSUMIBLES | B50: CANECA TIPO PEDAL RIESGO QUÍMICO (PRESURIZADOS) | C50: Una (1) caneca tipo pedal - Color rojo - Capacidad 50 litros | D50: Desgaste y uso mensual por unidad | E50: I2023004856 | F50: =IFERROR((VLOOKUP(E50,'MEMORANDOS E IPC 2023 Y 2024'!$A$1:$C$20,3,0)),"0") -> 44974 | G50: 94665 | H50: =IF(($F50="0"),$F50,(ROUNDDOWN((G50*(1+(H$4/100))),0))) -> 95658 | I50: =IF(($F50="0"),$F50,(ROUNDDOWN((H50*(1+(I$4/100))),0))) -> 96404 | J50: =IF(($F50="0"),$F50,(ROUNDDOWN((I50*(1+(J$4/100))),0))) -> 96818 | K50: =IF(($F50="0"),$F50,(ROUNDDOWN((J50*(1+(K$4/100))),0))) -> 97108 | L50: =IF(($F50="0"),$F50,(ROUNDDOWN((K50*(1+(L$4/100))),0))) -> 97593 | M50: =IF(($F50="0"),$F50,(ROUNDDOWN((L50*(1+(M$4/100))),0))) -> 98276 | N50: =IF(($F50="0"),$F50,(ROUNDDOWN((M50*(1+(N$4/100))),0))) -> 98806 | O50: =IF(($F50="0"),$F50,(ROUNDDOWN((N50*(1+(O$4/100))),0))) -> 99053 | ... U50: =IF(($F50="0"),$F50,(ROUNDDOWN((T50*(1+(U$4/100))),0))) -> 103301 | V50: =U50-G50 -> 8636 | W50: =V50/G50 -> 0.091226958
A51: BIENES NO CONSUMIBLES | B51: CANECAS CON TAPA PARA EL CUARTO DE ALMACENAMIENTO BLANCO | C51: Una (1) caneca con tapa - Color Blanco - Capacidad 208 litros | D51: Desgaste y uso mensual por unidad | E51: I2023004856 | F51: =IFERROR((VLOOKUP(E51,'MEMORANDOS E IPC 2023 Y 2024'!$A$1:$C$20,3,0)),"0") -> 44974 | G51: 255533 | H51: =IF(($F51="0"),$F51,(ROUNDDOWN((G51*(1+(H$4/100))),0))) -> 258216 | I51: =IF(($F51="0"),$F51,(ROUNDDOWN((H51*(1+(I$4/100))),0))) -> 260230 | J51: =IF(($F51="0"),$F51,(ROUNDDOWN((I51*(1+(J$4/100))),0))) -> 261348 | K51: =IF(($F51="0"),$F51,(ROUNDDOWN((J51*(1+(K$4/100))),0))) -> 262132 | L51: =IF(($F51="0"),$F51,(ROUNDDOWN((K51*(1+(L$4/100))),0))) -> 263442 | M51: =IF(($F51="0"),$F51,(ROUNDDOWN((L51*(1+(M$4/100))),0))) -> 265286 | N51: =IF(($F51="0"),$F51,(ROUNDDOWN((M51*(1+(N$4/100))),0))) -> 266718 | O51: =IF(($F51="0"),$F51,(ROUNDDOWN((N51*(1+(O$4/100))),0))) -> 267384 | ... U51: =IF(($F51="0"),$F51,(ROUNDDOWN((T51*(1+(U$4/100))),0))) -> 278860 | V51: =U51-G51 -> 23327 | W51: =V51/G51 -> 0.091287622
... A61: BIENES NO CONSUMIBLES | B61: COLCHONETAS | C61: Colchonetas grandes de 120 cm x 60 cm, 5 cm espesor, densidad de 23 kg | D61: Desgaste y uso mensual por unidad | E61: I2023004856 | F61: =IFERROR((VLOOKUP(E61,'MEMORANDOS E IPC 2023 Y 2024'!$A$1:$C$20,3,0)),"0") -> 44974 | G61: 95927 | H61: =IF(($F61="0"),$F61,(ROUNDDOWN((G61*(1+(H$4/100))),0))) -> 96934 | I61: =IF(($F61="0"),$F61,(ROUNDDOWN((H61*(1+(I$4/100))),0))) -> 97690 | J61: =IF(($F61="0"),$F61,(ROUNDDOWN((I61*(1+(J$4/100))),0))) -> 98110 | K61: =IF(($F61="0"),$F61,(ROUNDDOWN((J61*(1+(K$4/100))),0))) -> 98404 | L61: =IF(($F61="0"),$F61,(ROUNDDOWN((K61*(1+(L$4/100))),0))) -> 98896 | M61: =IF(($F61="0"),$F61,(ROUNDDOWN((L61*(1+(M$4/100))),0))) -> 99588 | N61: =IF(($F61="0"),$F61,(ROUNDDOWN((M61*(1+(N$4/100))),0))) -> 100125 | O61: =IF(($F61="0"),$F61,(ROUNDDOWN((N61*(1+(O$4/100))),0))) -> 100375 | ... U61: =IF(($F61="0"),$F61,(ROUNDDOWN((T61*(1+(U$4/100))),0))) -> 104680 | V61: =U61-G61 -> 8753 | W61: =V61/G61 -> 0.091246469
A62: BIENES NO CONSUMIBLES | B62: COLCHONETA | C62: colchoneta en espuma de poliuretano, forrada en tela kodra azul para descanso. colchoneta de 190x90x20 cms densidad 30, forrada en lona kodra azul oscuro textil: 100 % pvc, filamentos de poliéster 30%, participación del recubrimiento 70%. impermeable 100%, flexible, antideslizante, cremallera en ele, dos (2) agarraderas verticales ubicadas al lado contrario de la cremallera y dos (2) respiradores. | D62: Unidad | E62: I2024004413 | F62: =IFERROR((VLOOKUP(E62,'MEMORANDOS E IPC 2023 Y 2024'!$A$1:$C$20,3,0)),"0") -> 0 | G62: 1952567 | H62: =IF(($F62="0"),$G62,(ROUNDDOWN((G62*(1+(H$4/100))),0))) -> 1952567 | I62: =IF(($F62="0"),$G62,(ROUNDDOWN((H62*(1+(I$4/100))),0))) -> 1952567 | J62: =IF(($F62="0"),$G62,(ROUNDDOWN((I62*(1+(J$4/100))),0))) -> 1952567 | K62: =IF(($F62="0"),$G62,(ROUNDDOWN((J62*(1+(K$4/100))),0))) -> 1952567 | L62: =IF(($F62="0"),$G62,(ROUNDDOWN((K62*(1+(L$4/100))),0))) -> 1952567 | M62: =IF(($F62="0"),$G62,(ROUNDDOWN((L62*(1+(M$4/100))),0))) -> 1952567 | N62: =IF(($F62="0"),$G62,(ROUNDDOWN((M62*(1+(N$4/100))),0))) -> 1952567 | O62: =IF(($F62="0"),$G62,(ROUNDDOWN((N62*(1+(O$4/100))),0))) -> 1952567 | ... U62: =IF(($F62="0"),$G62,(ROUNDDOWN((T62*(1+(U$4/100))),0))) -> 1952567 | V62: =U62-G62 -> 0 | W62: =V62/G62 -> 0
A63: BIENES NO CONSUMIBLES | B63: COMPUTADOR | C63: Computador con procesador mínimo 8 núcleos (o su equivalente) y disco duro mínimo 500 gigas, 4 gigas de memoria RAM, teclado, mouse y licencia Office acceso a internet | D63: Desgaste y uso mensual por unidad | E63: I2024004413 | F63: =IFERROR((VLOOKUP(E63,'MEMORANDOS E IPC 2023 Y 2024'!$A$1:$C$20,3,0)),"0") -> 0 | G63: 1952567 | H63: =IF(($F63="0"),$G63,(ROUNDDOWN((G63*(1+(H$4/100))),0))) -> 1952567 | I63: =IF(($F63="0"),$G63,(ROUNDDOWN((H63*(1+(I$4/100))),0))) -> 1952567 | J63: =IF(($F63="0"),$G63,(ROUNDDOWN((I63*(1+(J$4/100))),0))) -> 1952567 | K63: =IF(($F63="0"),$G63,(ROUNDDOWN((J63*(1+(K$4/100))),0))) -> 1952567 | L63: =IF(($F63="0"),$G63,(ROUNDDOWN((K63*(1+(L$4/100))),0))) -> 1952567 | M63: =IF(($F63="0"),$G63,(ROUNDDOWN((L63*(1+(M$4/100))),0))) -> 1952567 | N63: =IF(($F63="0"),$G63,(ROUNDDOWN((M63*(1+(N$4/100))),0))) -> 1952567 | O63: =IF(($F63="0"),$G63,(ROUNDDOWN((N63*(1+(O$4/100))),0))) -> 1952567 | ... U63: =IF(($F63="0"),$G63,(ROUNDDOWN((T63*(1+(U$4/100))),0))) -> 1952567 | V63: =U63-G63 -> 0 | W63: =V63/G63 -> 0
A64: BIENES NO CONSUMIBLES | B64: CONGELADOR | C64: Congelador inoxidable. Mínimo 250 litros | D64: Desgaste y uso mensual por unidad | E64: I2023004856 | F64: =IFERROR((VLOOKUP(E64,'MEMORANDOS E IPC 2023 Y 2024'!$A$1:$C$20,3,0)),"0") -> 44974 | G64: 2220143 | H64: =IF(($F64="0"),$F64,(ROUNDDOWN((G64*(1+(H$4/100))),0))) -> 2243454 | I64: =IF(($F64="0"),$F64,(ROUNDDOWN((H64*(1+(I$4/100))),0))) -> 2260952 | J64: =IF(($F64="0"),$F64,(ROUNDDOWN((I64*(1+(J$4/100))),0))) -> 2270674 | K64: =IF(($F64="0"),$F64,(ROUNDDOWN((J64*(1+(K$4/100))),0))) -> 2277486 | L64: =IF(($F64="0"),$F64,(ROUNDDOWN((K64*(1+(L$4/100))),0))) -> 2288873 | M64: =IF(($F64="0"),$F64,(ROUNDDOWN((L64*(1+(M$4/100))),0))) -> 2304895 | N64: =IF(($F64="0"),$F64,(ROUNDDOWN((M64*(1+(N$4/100))),0))) -> 2317341 | O64: =IF(($F64="0"),$F64,(ROUNDDOWN((N64*(1+(O$4/100))),0))) -> 2323134 | ... U64: =IF(($F64="0"),$F64,(ROUNDDOWN((T64*(1+(U$4/100))),0))) -> 2422868 | V64: =U64-G64 -> 202725 | W64: =V64/G64 -> 0.091311686
A65: BIENES NO CONSUMIBLES | B65: CONTENEDORES PLÁSTICOS | C65: Contenedores plásticos con tapa para el almacenamiento individual de medicamentos con medidas de 17cm X 8cm X 4.5 cm como mínimo. | D65: Desgaste y uso mensual por unidad | E65: I2023008278 | F65: =IFERROR((VLOOKUP(E65,'MEMORANDOS E IPC 2023 Y 2024'!$A$1:$C$20,3,0)),"0") -> 45002 | G65: 16890 | H65: =G65 -> 16890 | I65: =IF(($F65="0"),$F65,(ROUNDDOWN((H65*(1+(I$4/100))),0))) -> 17021 | J65: =IF(($F65="0"),$F65,(ROUNDDOWN((I65*(1+(J$4/100))),0))) -> 17094 | K65: =IF(($F65="0"),$F65,(ROUNDDOWN((J65*(1+(K$4/100))),0))) -> 17145 | L65: =IF(($F65="0"),$F65,(ROUNDDOWN((K65*(1+(L$4/100))),0))) -> 17230 | M65: =IF(($F65="0"),$F65,(ROUNDDOWN((L65*(1+(M$4/100))),0))) -> 17350 | N65: =IF(($F65="0"),$F65,(ROUNDDOWN((M65*(1+(N$4/100))),0))) -> 17443 | O65: =IF(($F65="0"),$F65,(ROUNDDOWN((N65*(1+(O$4/100))),0))) -> 17486 | P65: =IF(($F65="0"),$F65,(ROUNDDOWN((O65*(1+(P$4/100))),0))) -> 17568 | ... U65: =IF(($F65="0"),$F65,(ROUNDDOWN((T65*(1+(U$4/100))),0))) -> 18235 | V65: =U65-G65 -> 1345 | W65: =V65/G65 -> 0.079632919
A66: BIENES NO CONSUMIBLES | B66: CUBIERTOS CUCHARA SOPA | C66: Cucharas de sopa, en acero inoxidable. | D66: Desgaste y uso mensual por unidad | E66: I2023018072 | F66: =IFERROR((VLOOKUP(E66,'MEMORANDOS E IPC 2023 Y 2024'!$A$1:$C$20,3,0)),"0") -> 45100 | G66: 2698 | H66: =G66 -> 2698 | I66: =H66 -> 2698 | J66: =I66 -> 2698 | K66: =J66 -> 2698 | L66: =IF(($F66="0"),$F66,(ROUNDDOWN((K66*(1+(L$4/100))),0))) -> 2711 | M66: =IF(($F66="0"),$F66,(ROUNDDOWN((L66*(1+(M$4/100))),0))) -> 2729 | N66: =IF(($F66="0"),$F66,(ROUNDDOWN((M66*(1+(N$4/100))),0))) -> 2743 | O66: =IF(($F66="0"),$F66,(ROUNDDOWN((N66*(1+(O$4/100))),0))) -> 2749 | P66: =IF(($F66="0"),$F66,(ROUNDDOWN((O66*(1+(P$4/100))),0))) -> 2761 | Q66: =IF(($F66="0"),$F66,(ROUNDDOWN((P66*(1+(Q$4/100))),0))) -> 2773 | R66: =IF(($F66="0"),$F66,(ROUNDDOWN((Q66*(1+(R$4/100))),0))) -> 2798 | S66: =IF(($F66="0"),$F66,(ROUNDDOWN((R66*(1+(S$4/100))),0))) -> 2828 | ... U66: =IF(($F66="0"),$F66,(ROUNDDOWN((T66*(1+(U$4/100))),0))) -> 2863 | V66: =U66-G66 -> 165 | W66: =V66/G66 -> 0.061156412
A67: BIENES NO CONSUMIBLES | B67: CUBIERTOS CUCHARA POSTRE | C67: Cucharas para postre, en acero inoxidable. | D67: Desgaste y uso mensual por unidad | E67: I2023018072 | F67: =IFERROR((VLOOKUP(E67,'MEMORANDOS E IPC 2023 Y 2024'!$A$1:$C$20,3,0)),"0") -> 45100 | G67: 1611 | H67: =G67 -> 1611 | I67: =H67 -> 1611 | J67: =I67 -> 1611 | K67: =J67 -> 1611 | L67: =IF(($F67="0"),$F67,(ROUNDDOWN((K67*(1+(L$4/100))),0))) -> 1619 | M67: =IF(($F67="0"),$F67,(ROUNDDOWN((L67*(1+(M$4/100))),0))) -> 1630 | N67: =IF(($F67="0"),$F67,(ROUNDDOWN((M67*(1+(N$4/100))),0))) -> 1638 | O67: =IF(($F67="0"),$F67,(ROUNDDOWN((N67*(1+(O$4/100))),0))) -> 1642 | P67: =IF(($F67="0"),$F67,(ROUNDDOWN((O67*(1+(P$4/100))),0))) -> 1649 | Q67: =IF(($F67="0"),$F67,(ROUNDDOWN((P67*(1+(Q$4/100))),0))) -> 1656 | R67: =IF(($F67="0"),$F67,(ROUNDDOWN((Q67*(1+(R$4/100))),0))) -> 1671 | S67: =IF(($F67="0"),$F67,(ROUNDDOWN((R67*(1+(S$4/100))),0))) -> 1689 | ... U67: =IF(($F67="0"),$F67,(ROUNDDOWN((T67*(1+(U$4/100))),0))) -> 1710 | V67: =U67-G67 -> 99 | W67: =V67/G67 -> 0.061452514
A68: BIENES NO CONSUMIBLES | B68: CUBRE LECHO | C68: Cubrelecho 180 x 230 cm + 1 Funda de 50 x 70 cm, 1 funda incluida, microfibra 100%, color el supervisor escoga, fondo entero, compuesto de dos capas de tela con relleno de silicona. (Margen 10%+/-) | D68: Desgaste y uso mensual por unidad | E68: I2023004856 | F68: =IFERROR((VLOOKUP(E68,'MEMORANDOS E IPC 2023 Y 2024'!$A$1:$C$20,3,0)),"0") -> 44974 | G68: 122513 | H68: =IF(($F68="0"),$F68,(ROUNDDOWN((G68*(1+(H$4/100))),0))) -> 123799 | I68: =IF(($F68="0"),$F68,(ROUNDDOWN((H68*(1+(I$4/100))),0))) -> 124764 | J68: =IF(($F68="0"),$F68,(ROUNDDOWN((I68*(1+(J$4/100))),0))) -> 125300 | K68: =IF(($F68="0"),$F68,(ROUNDDOWN((J68*(1+(K$4/100))),0))) -> 125675 | L68: =IF(($F68="0"),$F68,(ROUNDDOWN((K68*(1+(L$4/100))),0))) -> 126303 | M68: =IF(($F68="0"),$F68,(ROUNDDOWN((L68*(1+(M$4/100))),0))) -> 127187 | N68: =IF(($F68="0"),$F68,(ROUNDDOWN((M68*(1+(N$4/100))),0))) -> 127873 | O68: =IF(($F68="0"),$F68,(ROUNDDOWN((N68*(1+(O$4/100))),0))) -> 128192 | ... U68: =IF(($F68="0"),$F68,(ROUNDDOWN((T68*(1+(U$4/100))),0))) -> 133693 | V68: =U68-G68 -> 11180 | W68: =V68/G68 -> 0.091255622
A69: BIENES NO CONSUMIBLES | B69: CUCHARA DE SERVIR PASTAS | C69: Cuchara de servir pastas en acero inoxidable de medidas aproximadas de 30 cm | D69: Desgaste y uso mensual por unidad | E69: I2023004856 | F69: =IFERROR((VLOOKUP(E69,'MEMORANDOS E IPC 2023 Y 2024'!$A$1:$C$20,3,0)),"0") -> 44974 | G69: 12000 | H69: =IF(($F69="0"),$F69,(ROUNDDOWN((G69*(1+(H$4/100))),0))) -> 12126 | I69: =IF(($F69="0"),$F69,(ROUNDDOWN((H69*(1+(I$4/100))),0))) -> 12220 | J69: =IF(($F69="0"),$F69,(ROUNDDOWN((I69*(1+(J$4/100))),0))) -> 12272 | K69: =IF(($F69="0"),$F69,(ROUNDDOWN((J69*(1+(K$4/100))),0))) -> 12308 | L69: =IF(($F69="0"),$F69,(ROUNDDOWN((K69*(1+(L$4/100))),0))) -> 12369 | M69: =IF(($F69="0"),$F69,(ROUNDDOWN((L69*(1+(M$4/100))),0))) -> 12455 | N69: =IF(($F69="0"),$F69,(ROUNDDOWN((M69*(1+(N$4/100))),0))) -> 12522 | O69: =IF(($F69="0"),$F69,(ROUNDDOWN((N69*(1+(O$4/100))),0))) -> 12553 | ... U69: =IF(($F69="0"),$F69,(ROUNDDOWN((T69*(1+(U$4/100))),0))) -> 13088 | V69: =U69-G69 -> 1088 | W69: =V69/G69 -> 0.090666667
A70: BIENES NO CONSUMIBLES | B70: CUCHARA PARA PREPARACIÓN | C70: Cuchara para preparación en acero inoxidable y/o aluminio Largo 36.5 cm | D70: Desgaste y uso mensual por unidad | E70: I2023004856 | F70: =IFERROR((VLOOKUP(E70,'MEMORANDOS E IPC 2023 Y 2024'!$A$1:$C$20,3,0)),"0") -> 44974 | G70: 26821 | H70: =IF(($F70="0"),$F70,(ROUNDDOWN((G70*(1+(H$4/100))),0))) -> 27102 | I70: =IF(($F70="0"),$F70,(ROUNDDOWN((H70*(1+(I$4/100))),0))) -> 27313 | J70: =IF(($F70="0"),$F70,(ROUNDDOWN((I70*(1+(J$4/100))),0))) -> 27430 | K70: =IF(($F70="0"),$F70,(ROUNDDOWN((J70*(1+(K$4/100))),0))) -> 27512 | L70: =IF(($F70="0"),$F70,(ROUNDDOWN((K70*(1+(L$4/100))),0))) -> 27649 | M70: =IF(($F70="0"),$F70,(ROUNDDOWN((L70*(1+(M$4/100))),0))) -> 27842 | N70: =IF(($F70="0"),$F70,(ROUNDDOWN((M70*(1+(N$4/100))),0))) -> 27992 | O70: =IF(($F70="0"),$F70,(ROUNDDOWN((N70*(1+(O$4/100))),0))) -> 28061 | ... U70: =IF(($F70="0"),$F70,(ROUNDDOWN((T70*(1+(U$4/100))),0))) -> 29262 | V70: =U70-G70 -> 2441 | W70: =V70/G70 -> 0.091010775
A71: BIENES NO CONSUMIBLES | B71: CUCHARA PARA SERVIR | C71: Cuchara para servir en acero inoxidable de minimo 34 cm de largo | D71: Desgaste y uso mensual por unidad | E71: I2023004856 | F71: =IFERROR((VLOOKUP(E71,'MEMORANDOS E IPC 2023 Y 2024'!$A$1:$C$20,3,0)),"0") -> 44974 | G71: 23024 | H71: =IF(($F71="0"),$F71,(ROUNDDOWN((G71*(1+(H$4/100))),0))) -> 23265 | I71: =IF(($F71="0"),$F71,(ROUNDDOWN((H71*(1+(I$4/100))),0))) -> 23446 | J71: =IF(($F71="0"),$F71,(ROUNDDOWN((I71*(1+(J$4/100))),0))) -> 23546 | K71: =IF(($F71="0"),$F71,(ROUNDDOWN((J71*(1+(K$4/100))),0))) -> 23616 | L71: =IF(($F71="0"),$F71,(ROUNDDOWN((K71*(1+(L$4/100))),0))) -> 23734 | M71: =IF(($F71="0"),$F71,(ROUNDDOWN((L71*(1+(M$4/100))),0))) -> 23900 | N71: =IF(($F71="0"),$F71,(ROUNDDOWN((M71*(1+(N$4/100))),0))) -> 24029 | O71: =IF(($F71="0"),$F71,(ROUNDDOWN((N71*(1+(O$4/100))),0))) -> 24089 | ... U71: =IF(($F71="0"),$F71,(ROUNDDOWN((T71*(1+(U$4/100))),0))) -> 25120 | V71: =U71-G71 -> 2096 | W71: =V71/G71 -> 0.091035441
A72: BIENES NO CONSUMIBLES | B72: CUCHARA PERFORADA PARA SERVIR ENSALADA | C72: Cuchara perforada para servir ensalada en acero inoxidable. | D72: Desgaste y uso mensual por unidad | E72: I2023004856 | F72: =IFERROR((VLOOKUP(E72,'MEMORANDOS E IPC 2023 Y 2024'!$A$1:$C$20,3,0)),"0") -> 44974 | G72: 40707 | H72: =IF(($F72="0"),$F72,(ROUNDDOWN((G72*(1+(H$4/100))),0))) -> 41134 | I72: =IF(($F72="0"),$F72,(ROUNDDOWN((H72*(1+(I$4/100))),0))) -> 41454 | J72: =IF(($F72="0"),$F72,(ROUNDDOWN((I72*(1+(J$4/100))),0))) -> 41632 | K72: =IF(($F72="0"),$F72,(ROUNDDOWN((J72*(1+(K$4/100))),0))) -> 41756 | L72: =IF(($F72="0"),$F72,(ROUNDDOWN((K72*(1+(L$4/100))),0))) -> 41964 | M72: =IF(($F72="0"),$F72,(ROUNDDOWN((L72*(1+(M$4/100))),0))) -> 42257 | N72: =IF(($F72="0"),$F72,(ROUNDDOWN((M72*(1+(N$4/100))),0))) -> 42485 | O72: =IF(($F72="0"),$F72,(ROUNDDOWN((N72*(1+(O$4/100))),0))) -> 42591 | ... U72: =IF(($F72="0"),$F72,(ROUNDDOWN((T72*(1+(U$4/100))),0))) -> 44416 | V72: =U72-G72 -> 3709 | W72: =V72/G72 -> 0.09111455
A73: BIENES NO CONSUMIBLES | B73: CUCHARAS ESPUMADERAS | C73: cucharas espumaderas en aluminio de 16 x 44 cm. | D73: Desgaste y uso mensual por unidad | E73: I2023004856 | F73: =IFERROR((VLOOKUP(E73,'MEMORANDOS E IPC 2023 Y 2024'!$A$1:$C$20,3,0)),"0") -> 44974 | G73: 35203 | H73: =IF(($F73="0"),$F73,(ROUNDDOWN((G73*(1+(H$4/100))),0))) -> 35572 | I73: =IF(($F73="0"),$F73,(ROUNDDOWN((H73*(1+(I$4/100))),0))) -> 35849 | J73: =IF(($F73="0"),$F73,(ROUNDDOWN((I73*(1+(J$4/100))),0))) -> 36003 | K73: =IF(($F73="0"),$F73,(ROUNDDOWN((J73*(1+(K$4/100))),0))) -> 36111 | L73: =IF(($F73="0"),$F73,(ROUNDDOWN((K73*(1+(L$4/100))),0))) -> 36291 | M73: =IF(($F73="0"),$F73,(ROUNDDOWN((L73*(1+(M$4/100))),0))) -> 36545 | N73: =IF(($F73="0"),$F73,(ROUNDDOWN((M73*(1+(N$4/100))),0))) -> 36742 | O73: =IF(($F73="0"),$F73,(ROUNDDOWN((N73*(1+(O$4/100))),0))) -> 36833 | ... U73: =IF(($F73="0"),$F73,(ROUNDDOWN((T73*(1+(U$4/100))),0))) -> 38411 | V73: =U73-G73 -> 3208 | W73: =V73/G73 -> 0.091128597
A74: BIENES NO CONSUMIBLES | B74: CUCHARAS PARA SERVIR | C74: cucharas para servir pasta en material plástico de 30 a 35 cm. | D74: Desgaste y uso mensual por unidad | E74: I2023018072 | F74: =IFERROR((VLOOKUP(E74,'MEMORANDOS E IPC 2023 Y 2024'!$A$1:$C$20,3,0)),"0") -> 45100 | G74: 12000 | H74: =G74 -> 12000 | I74: =H74 -> 12000 | J74: =I74 -> 12000 | K74: =J74 -> 12000 | L74: =IF(($F74="0"),$F74,(ROUNDDOWN((K74*(1+(L$4/100))),0))) -> 12060 | M74: =IF(($F74="0"),$F74,(ROUNDDOWN((L74*(1+(M$4/100))),0))) -> 12144 | N74: =IF(($F74="0"),$F74,(ROUNDDOWN((M74*(1+(N$4/100))),0))) -> 12209 | O74: =IF(($F74="0"),$F74,(ROUNDDOWN((N74*(1+(O$4/100))),0))) -> 12239 | P74: =IF(($F74="0"),$F74,(ROUNDDOWN((O74*(1+(P$4/100))),0))) -> 12296 | Q74: =IF(($F74="0"),$F74,(ROUNDDOWN((P74*(1+(Q$4/100))),0))) -> 12351 | R74: =IF(($F74="0"),$F74,(ROUNDDOWN((Q74*(1+(R$4/100))),0))) -> 12464 | S74: =IF(($F74="0"),$F74,(ROUNDDOWN((R74*(1+(S$4/100))),0))) -> 12599 | ... U74: =IF(($F74="0"),$F74,(ROUNDDOWN((T74*(1+(U$4/100))),0))) -> 12761 | V74: =U74-G74 -> 761 | W74: =V74/G74 -> 0.063416667
A75: BIENES NO CONSUMIBLES | B75: CUCHARON | C75: Cucharon en aluminio de 30 a 35 cm de largo, resistente a la corrosión y al calor y de fácil agarre | D75: Desgaste y uso mensual por unidad | E75: I2023004856 | F75: =IFERROR((VLOOKUP(E75,'MEMORANDOS E IPC 2023 Y 2024'!$A$1:$C$20,3,0)),"0") -> 44974 | G75: 37967 | H75: =IF(($F75="0"),$F75,(ROUNDDOWN((G75*(1+(H$4/100))),0))) -> 38365 | I75: =IF(($F75="0"),$F75,(ROUNDDOWN((H75*(1+(I$4/100))),0))) -> 38664 | J75: =IF(($F75="0"),$F75,(ROUNDDOWN((I75*(1+(J$4/100))),0))) -> 38830 | K75: =IF(($F75="0"),$F75,(ROUNDDOWN((J75*(1+(K$4/100))),0))) -> 38946 | L75: =IF(($F75="0"),$F75,(ROUNDDOWN((K75*(1+(L$4/100))),0))) -> 39140 | M75: =IF(($F75="0"),$F75,(ROUNDDOWN((L75*(1+(M$4/100))),0))) -> 39413 | N75: =IF(($F75="0"),$F75,(ROUNDDOWN((M75*(1+(N$4/100))),0))) -> 39625 | O75: =IF(($F75="0"),$F75,(ROUNDDOWN((N75*(1+(O$4/100))),0))) -> 39724 | ... U75: =IF(($F75="0"),$F75,(ROUNDDOWN((T75*(1+(U$4/100))),0))) -> 41425 | V75: =U75-G75 -> 3458 | W75: =V75/G75 -> 0.091079095
A76: BIENES NO CONSUMIBLES | B76: CUCHILLOS JUEGO | C76: Juego de Cuchillos Profesionales con hoja en acero inoxidable y mango polipropileno ergonómico, texturizado y antibacterial. Un (1) Cuchillo para Pan tipo sierra, un (1) Cuchillo para frutas y verduras, un (1) Cuchillo deshuesador, una (1) Mancheta, una (1) tijera para cocina, dos (2) Peladores universales, una (1) Chaira Profesional y colgador magnético de 30 40 cm. El colgador magnético debe entregarse instalado donde el coordinador de la unidad operativa solicite | D76: Desgaste y uso mensual por unidad | E76: I2024004413 | F76: =IFERROR((VLOOKUP(E76,'MEMORANDOS E IPC 2023 Y 2024'!$A$1:$C$20,3,0)),"0") -> 0 | G76: 240999 | H76: =IF(($F76="0"),$G76,(ROUNDDOWN((G76*(1+(H$4/100))),0))) -> 240999 | I76: =IF(($F76="0"),$G76,(ROUNDDOWN((H76*(1+(I$4/100))),0))) -> 240999 | J76: =IF(($F76="0"),$G76,(ROUNDDOWN((I76*(1+(J$4/100))),0))) -> 240999 | K76: =IF(($F76="0"),$G76,(ROUNDDOWN((J76*(1+(K$4/100))),0))) -> 240999 | L76: =IF(($F76="0"),$G76,(ROUNDDOWN((K76*(1+(L$4/100))),0))) -> 240999 | M76: =IF(($F76="0"),$G76,(ROUNDDOWN((L76*(1+(M$4/100))),0))) -> 240999 | N76: =IF(($F76="0"),$G76,(ROUNDDOWN((M76*(1+(N$4/100))),0))) -> 240999 | O76: =IF(($F76="0"),$G76,(ROUNDDOWN((N76*(1+(O$4/100))),0))) -> 240999 | ... U76: =IF(($F76="0"),$G76,(ROUNDDOWN((T76*(1+(U$4/100))),0))) -> 240999 | V76: =U76-G76 -> 0 | W76: =V76/G76 -> 0
A77: BIENES NO CONSUMIBLES | B77: CUCHILLOS | C77: Dos (2) cuchillos cocineros - hoja en acero inoxidable de 15 cm, mango en polipropileno. | D77: Desgaste y uso mensual por unidad | E77: I2024004413 | F77: =IFERROR((VLOOKUP(E77,'MEMORANDOS E IPC 2023 Y 2024'!$A$1:$C$20,3,0)),"0") -> 0 | G77: 47880 | H77: =IF(($F77="0"),$G77,(ROUNDDOWN((G77*(1+(H$4/100))),0))) -> 47880 | I77: =IF(($F77="0"),$G77,(ROUNDDOWN((H77*(1+(I$4/100))),0))) -> 47880 | J77: =IF(($F77="0"),$G77,(ROUNDDOWN((I77*(1+(J$4/100))),0))) -> 47880 | K77: =IF(($F77="0"),$G77,(ROUNDDOWN((J77*(1+(K$4/100))),0))) -> 47880 | L77: =IF(($F77="0"),$G77,(ROUNDDOWN((K77*(1+(L$4/100))),0))) -> 47880 | M77: =IF(($F77="0"),$G77,(ROUNDDOWN((L77*(1+(M$4/100))),0))) -> 47880 | N77: =IF(($F77="0"),$G77,(ROUNDDOWN((M77*(1+(N$4/100))),0))) -> 47880 | O77: =IF(($F77="0"),$G77,(ROUNDDOWN((N77*(1+(O$4/100))),0))) -> 47880 | ... U77: =IF(($F77="0"),$G77,(ROUNDDOWN((T77*(1+(U$4/100))),0))) -> 47880 | V77: =U77-G77 -> 0 | W77: =V77/G77 -> 0
A78: BIENES NO CONSUMIBLES | B78: DISPENSADOR DE AGUA | C78: dispensador de agua | D78: Desgaste y uso mensual por unidad | E78: I2023004856 | F78: =IFERROR((VLOOKUP(E78,'MEMORANDOS E IPC 2023 Y 2024'!$A$1:$C$20,3,0)),"0") -> 44974 | G78: 482707 | H78: =IF(($F78="0"),$F78,(ROUNDDOWN((G78*(1+(H$4/100))),0))) -> 487775 | I78: =IF(($F78="0"),$F78,(ROUNDDOWN((H78*(1+(I$4/100))),0))) -> 491579 | J78: =IF(($F78="0"),$F78,(ROUNDDOWN((I78*(1+(J$4/100))),0))) -> 493692 | K78: =IF(($F78="0"),$F78,(ROUNDDOWN((J78*(1+(K$4/100))),0))) -> 495173 | L78: =IF(($F78="0"),$F78,(ROUNDDOWN((K78*(1+(L$4/100))),0))) -> 497648 | M78: =IF(($F78="0"),$F78,(ROUNDDOWN((L78*(1+(M$4/100))),0))) -> 501131 | N78: =IF(($F78="0"),$F78,(ROUNDDOWN((M78*(1+(N$4/100))),0))) -> 503837 | O78: =IF(($F78="0"),$F78,(ROUNDDOWN((N78*(1+(O$4/100))),0))) -> 505096 | ... U78: =IF(($F78="0"),$F78,(ROUNDDOWN((T78*(1+(U$4/100))),0))) -> 526777 | V78: =U78-G78 -> 44070 | W78: =V78/G78 -> 0.091297619
A79: BIENES NO CONSUMIBLES | B79: DURAKART | C79: Color rojo - Capacidad 208 litros | D79: Desgaste y uso mensual por unidad | E79: I2023004856 | F79: =IFERROR((VLOOKUP(E79,'MEMORANDOS E IPC 2023 Y 2024'!$A$1:$C$20,3,0)),"0") -> 44974 | G79: 876641 | H79: =IF(($F79="0"),$F79,(ROUNDDOWN((G79*(1+(H$4/100))),0))) -> 885845 | I79: =IF(($F79="0"),$F79,(ROUNDDOWN((H79*(1+(I$4/100))),0))) -> 892754 | J79: =IF(($F79="0"),$F79,(ROUNDDOWN((I79*(1+(J$4/100))),0))) -> 896592 | K79: =IF(($F79="0"),$F79,(ROUNDDOWN((J79*(1+(K$4/100))),0))) -> 899281 | L79: =IF(($F79="0"),$F79,(ROUNDDOWN((K79*(1+(L$4/100))),0))) -> 903777 | M79: =IF(($F79="0"),$F79,(ROUNDDOWN((L79*(1+(M$4/100))),0))) -> 910103 | N79: =IF(($F79="0"),$F79,(ROUNDDOWN((M79*(1+(N$4/100))),0))) -> 915017 | O79: =IF(($F79="0"),$F79,(ROUNDDOWN((N79*(1+(O$4/100))),0))) -> 917304 | ... U79: =IF(($F79="0"),$F79,(ROUNDDOWN((T79*(1+(U$4/100))),0))) -> 956684 | V79: =U79-G79 -> 80043 | W79: =V79/G79 -> 0.091306476
A80: BIENES NO CONSUMIBLES | B80: EMBUDO DE PLÁSTICO MEDIANO | C80: Embudo aceite de cocina con malla para filtrar particulas | D80: Desgaste y uso mensual por unidad | E80: i2023008278 | F80: =IFERROR((VLOOKUP(E80,'MEMORANDOS E IPC 2023 Y 2024'!$A$1:$C$20,3,0)),"0") -> 45002 | G80: 12683 | H80: =G80 -> 12683 | I80: =IF(($F80="0"),$F80,(ROUNDDOWN((H80*(1+(I$4/100))),0))) -> 12781 | J80: =IF(($F80="0"),$F80,(ROUNDDOWN((I80*(1+(J$4/100))),0))) -> 12835 | K80: =IF(($F80="0"),$F80,(ROUNDDOWN((J80*(1+(K$4/100))),0))) -> 12873 | L80: =IF(($F80="0"),$F80,(ROUNDDOWN((K80*(1+(L$4/100))),0))) -> 12937 | M80: =IF(($F80="0"),$F80,(ROUNDDOWN((L80*(1+(M$4/100))),0))) -> 13027 | N80: =IF(($F80="0"),$F80,(ROUNDDOWN((M80*(1+(N$4/100))),0))) -> 13097 | O80: =IF(($F80="0"),$F80,(ROUNDDOWN((N80*(1+(O$4/100))),0))) -> 13129 | P80: =IF(($F80="0"),$F80,(ROUNDDOWN((O80*(1+(P$4/100))),0))) -> 13190 | ... U80: =IF(($F80="0"),$F80,(ROUNDDOWN((T80*(1+(U$4/100))),0))) -> 13689 | V80: =U80-G80 -> 1006 | W80: =V80/G80 -> 0.079318773
A81: BIENES NO CONSUMIBLES | B81: ESCURRIDOR POR CADA COCINETA | C81: en aluminio de 40 cm, con base metálica. | D81: Desgaste y uso mensual por unidad | E81: I2023004856 | F81: =IFERROR((VLOOKUP(E81,'MEMORANDOS E IPC 2023 Y 2024'!$A$1:$C$20,3,0)),"0") -> 44974 | G81: 226877 | H81: =IF(($F81="0"),$F81,(ROUNDDOWN((G81*(1+(H$4/100))),0))) -> 229259 | I81: =IF(($F81="0"),$F81,(ROUNDDOWN((H81*(1+(I$4/100))),0))) -> 231047 | J81: =IF(($F81="0"),$F81,(ROUNDDOWN((I81*(1+(J$4/100))),0))) -> 232040 | K81: =IF(($F81="0"),$F81,(ROUNDDOWN((J81*(1+(K$4/100))),0))) -> 232736 | L81: =IF(($F81="0"),$F81,(ROUNDDOWN((K81*(1+(L$4/100))),0))) -> 233899 | M81: =IF(($F81="0"),$F81,(ROUNDDOWN((L81*(1+(M$4/100))),0))) -> 235536 | N81: =IF(($F81="0"),$F81,(ROUNDDOWN((M81*(1+(N$4/100))),0))) -> 236807 | O81: =IF(($F81="0"),$F81,(ROUNDDOWN((N81*(1+(O$4/100))),0))) -> 237399 | ... U81: =IF(($F81="0"),$F81,(ROUNDDOWN((T81*(1+(U$4/100))),0))) -> 247588 | V81: =U81-G81 -> 20711 | W81: =V81/G81 -> 0.09128735
A82: BIENES NO CONSUMIBLES | B82: ESTANTERIA | C82: Material metálico con pintura electrostática, 3 entrepaños desmontables (graduables en altura según uso) con refuerzos diseñados para soportar 30 Kg por bandeja. Medidas: Alto 200cm, Fondo 45cm y ancho 70cm. Color: Gris Claro. Apoyos con niveladores | D82: Desgaste y uso mensual por unidad | E82: I2023031801 | F82: =IFERROR((VLOOKUP(E82,'MEMORANDOS E IPC 2023 Y 2024'!$A$1:$C$20,3,0)),"0") -> 45212 | G82: 261800 | H82: =G82 -> 261800 | I82: =H82 -> 261800 | J82: =I82 -> 261800 | K82: =J82 -> 261800 | L82: =K82 -> 261800 | M82: =L82 -> 261800 | N82: =M82 -> 261800 | O82: =N82 -> 261800 | P82: =IF(($F82="0"),$F82,(ROUNDDOWN((O82*(1+(P$4/100))),0))) -> 263030 | Q82: =IF(($F82="0"),$F82,(ROUNDDOWN((P82*(1+(Q$4/100))),0))) -> 264213 | R82: =IF(($F82="0"),$F82,(ROUNDDOWN((Q82*(1+(R$4/100))),0))) -> 266643 | S82: =IF(($F82="0"),$F82,(ROUNDDOWN((R82*(1+(S$4/100))),0))) -> 269549 | T82: =IF(($F82="0"),$F82,(ROUNDDOWN((S82*(1+(T$4/100))),0))) -> 271435 | U82: =IF(($F82="0"),$F82,(ROUNDDOWN((T82*(1+(U$4/100))),0))) -> 273036 | V82: =U82-G82 -> 11236 | W82: =V82/G82 -> 0.042918258
A83: BIENES NO CONSUMIBLES | B83: ESTANTES 5 | C83: estantes en acero inoxidable de 5 entrepaños para almacenamiento en seco, de 50 cm x 50 cm como mínimo | D83: Desgaste y uso mensual por unidad | E83: I2023004856 | F83: =IFERROR((VLOOKUP(E83,'MEMORANDOS E IPC 2023 Y 2024'!$A$1:$C$20,3,0)),"0") -> 44974 | G83: 312375 | H83: =IF(($F83="0"),$F83,(ROUNDDOWN((G83*(1+(H$4/100))),0))) -> 315654 | I83: =IF(($F83="0"),$F83,(ROUNDDOWN((H83*(1+(I$4/100))),0))) -> 318116 | J83: =IF(($F83="0"),$F83,(ROUNDDOWN((I83*(1+(J$4/100))),0))) -> 319483 | K83: =IF(($F83="0"),$F83,(ROUNDDOWN((J83*(1+(K$4/100))),0))) -> 320441 | L83: =IF(($F83="0"),$F83,(ROUNDDOWN((K83*(1+(L$4/100))),0))) -> 322043 | M83: =IF(($F83="0"),$F83,(ROUNDDOWN((L83*(1+(M$4/100))),0))) -> 324297 | N83: =IF(($F83="0"),$F83,(ROUNDDOWN((M83*(1+(N$4/100))),0))) -> 326048 | O83: =IF(($F83="0"),$F83,(ROUNDDOWN((N83*(1+(O$4/100))),0))) -> 326863 | ... U83: =IF(($F83="0"),$F83,(ROUNDDOWN((T83*(1+(U$4/100))),0))) -> 340892 | V83: =U83-G83 -> 28517 | W83: =V83/G83 -> 0.091290916
A84: BIENES NO CONSUMIBLES | B84: ESTANTES 3 | C84: estantes en acero inoxidable de 3 entrepaños para almacenamiento en seco, de 50 cm x 50 cm como mínimo | D84: Desgaste y uso mensual por unidad | E84: I2023031801 | F84: =IFERROR((VLOOKUP(E84,'MEMORANDOS E IPC 2023 Y 2024'!$A$1:$C$20,3,0)),"0") -> 45212 | G84: 261800 | H84: =G84 -> 261800 | I84: =H84 -> 261800 | J84: =I84 -> 261800 | K84: =J84 -> 261800 | L84: =K84 -> 261800 | M84: =L84 -> 261800 | N84: =M84 -> 261800 | O84: =N84 -> 261800 | P84: =IF(($F84="0"),$F84,(ROUNDDOWN((O84*(1+(P$4/100))),0))) -> 263030 | Q84: =IF(($F84="0"),$F84,(ROUNDDOWN((P84*(1+(Q$4/100))),0))) -> 264213 | R84: =IF(($F84="0"),$F84,(ROUNDDOWN((Q84*(1+(R$4/100))),0))) -> 266643 | S84: =IF(($F84="0"),$F84,(ROUNDDOWN((R84*(1+(S$4/100))),0))) -> 269549 | T84: =IF(($F84="0"),$F84,(ROUNDDOWN((S84*(1+(T$4/100))),0))) -> 271435 | U84: =IF(($F84="0"),$F84,(ROUNDDOWN((T84*(1+(U$4/100))),0))) -> 273036 | V84: =U84-G84 -> 11236 | W84: =V84/G84 -> 0.042918258
A85: BIENES NO CONSUMIBLES | B85: ESTIBAS | C85: Estiba plástica para la alacena, de 60x60 | D85: Desgaste y uso mensual por unidad | E85: I2024004413 | F85: =IFERROR((VLOOKUP(E85,'MEMORANDOS E IPC 2023 Y 2024'!$A$1:$C$20,3,0)),"0") -> 0 | G85: 28867 | H85: =IF(($F85="0"),$G85,(ROUNDDOWN((G85*(1+(H$4/100))),0))) -> 28867 | I85: =IF(($F85="0"),$G85,(ROUNDDOWN((H85*(1+(I$4/100))),0))) -> 28867 | J85: =IF(($F85="0"),$G85,(ROUNDDOWN((I85*(1+(J$4/100))),0))) -> 28867 | K85: =IF(($F85="0"),$G85,(ROUNDDOWN((J85*(1+(K$4/100))),0))) -> 28867 | L85: =IF(($F85="0"),$G85,(ROUNDDOWN((K85*(1+(L$4/100))),0))) -> 28867 | M85: =IF(($F85="0"),$G85,(ROUNDDOWN((L85*(1+(M$4/100))),0))) -> 28867 | N85: =IF(($F85="0"),$G85,(ROUNDDOWN((M85*(1+(N$4/100))),0))) -> 28867 | O85: =IF(($F85="0"),$G85,(ROUNDDOWN((N85*(1+(O$4/100))),0))) -> 28867 | ... U85: =IF(($F85="0"),$G85,(ROUNDDOWN((T85*(1+(U$4/100))),0))) -> 28867 | V85: =U85-G85 -> 0 | W85: =V85/G85 -> 0
A86: BIENES NO CONSUMIBLES | B86: ESTUFA INDUSTRIAL CON HORNO | C86: Cuatro puestos grandes. Parrillas en fundición de hierro. Quemadores indeformables en hierro, de alto rendimiento. Mueble y entrepaño en acero inoxidable. Encendido electrónico. Patas en tubo de acero inoxidable con nivelador. Dimensiones: 100 x 88 x 87 cm. Potencia: 88.000 BTU/h. A gas. | D86: Desgaste y uso mensual por unidad | E86: I2023018072 | F86: =IFERROR((VLOOKUP(E86,'MEMORANDOS E IPC 2023 Y 2024'!$A$1:$C$20,3,0)),"0") -> 45100 | G86: 5570045 | H86: =G86 -> 5570045 | I86: =H86 -> 5570045 | J86: =I86 -> 5570045 | K86: =J86 -> 5570045 | L86: =IF(($F86="0"),$F86,(ROUNDDOWN((K86*(1+(L$4/100))),0))) -> 5597895 | M86: =IF(($F86="0"),$F86,(ROUNDDOWN((L86*(1+(M$4/100))),0))) -> 5637080 | N86: =IF(($F86="0"),$F86,(ROUNDDOWN((M86*(1+(N$4/100))),0))) -> 5667520 | O86: =IF(($F86="0"),$F86,(ROUNDDOWN((N86*(1+(O$4/100))),0))) -> 5681688 | P86: =IF(($F86="0"),$F86,(ROUNDDOWN((O86*(1+(P$4/100))),0))) -> 5708391 | Q86: =IF(($F86="0"),$F86,(ROUNDDOWN((P86*(1+(Q$4/100))),0))) -> 5734078 | R86: =IF(($F86="0"),$F86,(ROUNDDOWN((Q86*(1+(R$4/100))),0))) -> 5786831 | S86: =IF(($F86="0"),$F86,(ROUNDDOWN((R86*(1+(S$4/100))),0))) -> 5849907 | ... U86: =IF(($F86="0"),$F86,(ROUNDDOWN((T86*(1+(U$4/100))),0))) -> 5925612 | V86: =U86-G86 -> 355567 | W86: =V86/G86 -> 0.06383557
A87: BIENES NO CONSUMIBLES | B87: EXTRACTOR DE OLORES | C87: Campanas tipo pared, central o lisa manufacturada en acero inoxidable calibre 18/20 tipo 304-430 antiácidos, dotada con filtros. 60 x 103 x 50cm | D87: Desgaste y uso mensual por unidad | E87: I2023004856 | F87: =IFERROR((VLOOKUP(E87,'MEMORANDOS E IPC 2023 Y 2024'!$A$1:$C$20,3,0)),"0") -> 44974 | G87: 2201870 | H87: =IF(($F87="0"),$F87,(ROUNDDOWN((G87*(1+(H$4/100))),0))) -> 2224989 | I87: =IF(($F87="0"),$F87,(ROUNDDOWN((H87*(1+(I$4/100))),0))) -> 2242343 | J87: =IF(($F87="0"),$F87,(ROUNDDOWN((I87*(1+(J$4/100))),0))) -> 2251985 | K87: =IF(($F87="0"),$F87,(ROUNDDOWN((J87*(1+(K$4/100))),0))) -> 2258740 | L87: =IF(($F87="0"),$F87,(ROUNDDOWN((K87*(1+(L$4/100))),0))) -> 2270033 | M87: =IF(($F87="0"),$F87,(ROUNDDOWN((L87*(1+(M$4/100))),0))) -> 2285923 | N87: =IF(($F87="0"),$F87,(ROUNDDOWN((M87*(1+(N$4/100))),0))) -> 2298266 | O87: =IF(($F87="0"),$F87,(ROUNDDOWN((N87*(1+(O$4/100))),0))) -> 2304011 | ... U87: =IF(($F87="0"),$F87,(ROUNDDOWN((T87*(1+(U$4/100))),0))) -> 2402924 | V87: =U87-G87 -> 201054 | W87: =V87/G87 -> 0.091310568
A88: BIENES NO CONSUMIBLES | B88: FONDOS | C88: Dos (2) fondos de 75 litros, tapa metálica, olla en aluminio recortado | D88: Desgaste y uso mensual por unidad | E88: I2023018072 | F88: =IFERROR((VLOOKUP(E88,'MEMORANDOS E IPC 2023 Y 2024'!$A$1:$C$20,3,0)),"0") -> 45100 | G88: 168130 | H88: =G88 -> 168130 | I88: =H88 -> 168130 | J88: =I88 -> 168130 | K88: =J88 -> 168130 | L88: =IF(($F88="0"),$F88,(ROUNDDOWN((K88*(1+(L$4/100))),0))) -> 168970 | M88: =IF(($F88="0"),$F88,(ROUNDDOWN((L88*(1+(M$4/100))),0))) -> 170152 | N88: =IF(($F88="0"),$F88,(ROUNDDOWN((M88*(1+(N$4/100))),0))) -> 171070 | O88: =IF(($F88="0"),$F88,(ROUNDDOWN((N88*(1+(O$4/100))),0))) -> 171497 | P88: =IF(($F88="0"),$F88,(ROUNDDOWN((O88*(1+(P$4/100))),0))) -> 172303 | Q88: =IF(($F88="0"),$F88,(ROUNDDOWN((P88*(1+(Q$4/100))),0))) -> 173078 | R88: =IF(($F88="0"),$F88,(ROUNDDOWN((Q88*(1+(R$4/100))),0))) -> 174670 | S88: =IF(($F88="0"),$F88,(ROUNDDOWN((R88*(1+(S$4/100))),0))) -> 176573 | ... U88: =IF(($F88="0"),$F88,(ROUNDDOWN((T88*(1+(U$4/100))),0))) -> 178858 | V88: =U88-G88 -> 10728 | W88: =V88/G88 -> 0.063807768
A89: BIENES NO CONSUMIBLES | B89: FORRO PARA ALMOHADA | C89: Forro para almohada en material lona anti fluido tipo hospitalario que cubra la totalidad de la almohada y con cierre de cremallera. | D89: Desgaste y uso mensual por unidad | E89: I2023004856 | F89: =IFERROR((VLOOKUP(E89,'MEMORANDOS E IPC 2023 Y 2024'!$A$1:$C$20,3,0)),"0") -> 44974 | G89: 16533 | H89: =IF(($F89="0"),$F89,(ROUNDDOWN((G89*(1+(H$4/100))),0))) -> 16706 | I89: =IF(($F89="0"),$F89,(ROUNDDOWN((H89*(1+(I$4/100))),0))) -> 16836 | J89: =IF(($F89="0"),$F89,(ROUNDDOWN((I89*(1+(J$4/100))),0))) -> 16908 | K89: =IF(($F89="0"),$F89,(ROUNDDOWN((J89*(1+(K$4/100))),0))) -> 16958 | L89: =IF(($F89="0"),$F89,(ROUNDDOWN((K89*(1+(L$4/100))),0))) -> 17042 | M89: =IF(($F89="0"),$F89,(ROUNDDOWN((L89*(1+(M$4/100))),0))) -> 17161 | N89: =IF(($F89="0"),$F89,(ROUNDDOWN((M89*(1+(N$4/100))),0))) -> 17253 | O89: =IF(($F89="0"),$F89,(ROUNDDOWN((N89*(1+(O$4/100))),0))) -> 17296 | ... U89: =IF(($F89="0"),$F89,(ROUNDDOWN((T89*(1+(U$4/100))),0))) -> 18036 | V89: =U89-G89 -> 1503 | W89: =V89/G89 -> 0.090909091
A90: BIENES NO CONSUMIBLES | B90: FORRO PARA COLCHÓN | C90: Forro para Colchón de material lona anti fluido tipo hospitalario para cama sencilla, que cubra la totalidad del colchón y con cierre de cremallera. | D90: Desgaste y uso mensual por unidad | E90: I2023004856 | F90: =IFERROR((VLOOKUP(E90,'MEMORANDOS E IPC 2023 Y 2024'!$A$1:$C$20,3,0)),"0") -> 44974 | G90: 104661 | H90: =IF(($F90="0"),$F90,(ROUNDDOWN((G90*(1+(H$4/100))),0))) -> 105759 | I90: =IF(($F90="0"),$F90,(ROUNDDOWN((H90*(1+(I$4/100))),0))) -> 106583 | J90: =IF(($F90="0"),$F90,(ROUNDDOWN((I90*(1+(J$4/100))),0))) -> 107041 | K90: =IF(($F90="0"),$F90,(ROUNDDOWN((J90*(1+(K$4/100))),0))) -> 107362 | L90: =IF(($F90="0"),$F90,(ROUNDDOWN((K90*(1+(L$4/100))),0))) -> 107898 | M90: =IF(($F90="0"),$F90,(ROUNDDOWN((L90*(1+(M$4/100))),0))) -> 108653 | N90: =IF(($F90="0"),$F90,(ROUNDDOWN((M90*(1+(N$4/100))),0))) -> 109239 | O90: =IF(($F90="0"),$F90,(ROUNDDOWN((N90*(1+(O$4/100))),0))) -> 109512 | ... U90: =IF(($F90="0"),$F90,(ROUNDDOWN((T90*(1+(U$4/100))),0))) -> 114210 | V90: =U90-G90 -> 9549 | W90: =V90/G90 -> 0.091237424
A91: BIENES NO CONSUMIBLES | B91: GRAMERA DIGITAL PARA ALIMENTOS | C91: Gramera digital capacidad de 10 Kg con sensibilidad de 1 gramo, con función Tara. Incluyendo pilas o cargador para su funcionamiento. | D91: Desgaste y uso mensual por unidad | E91: I2023004856 | F91: =IFERROR((VLOOKUP(E91,'MEMORANDOS E IPC 2023 Y 2024'!$A$1:$C$20,3,0)),"0") -> 44974 | G91: 62269 | H91: =IF(($F91="0"),$F91,(ROUNDDOWN((G91*(1+(H$4/100))),0))) -> 62922 | I91: =IF(($F91="0"),$F91,(ROUNDDOWN((H91*(1+(I$4/100))),0))) -> 63412 | J91: =IF(($F91="0"),$F91,(ROUNDDOWN((I91*(1+(J$4/100))),0))) -> 63684 | K91: =IF(($F91="0"),$F91,(ROUNDDOWN((J91*(1+(K$4/100))),0))) -> 63875 | L91: =IF(($F91="0"),$F91,(ROUNDDOWN((K91*(1+(L$4/100))),0))) -> 64194 | M91: =IF(($F91="0"),$F91,(ROUNDDOWN((L91*(1+(M$4/100))),0))) -> 64643 | N91: =IF(($F91="0"),$F91,(ROUNDDOWN((M91*(1+(N$4/100))),0))) -> 64992 | O91: =IF(($F91="0"),$F91,(ROUNDDOWN((N91*(1+(O$4/100))),0))) -> 65154 | ... U91: =IF(($F91="0"),$F91,(ROUNDDOWN((T91*(1+(U$4/100))),0))) -> 67948 | V91: =U91-G91 -> 5679 | W91: =V91/G91 -> 0.091201079
A92: BIENES NO CONSUMIBLES | B92: HORNO MICROONDAS | C92: Casero mínimo de 17 litros | D92: Desgaste y uso mensual por unidad | E92: I2023004856 | F92: =IFERROR((VLOOKUP(E92,'MEMORANDOS E IPC 2023 Y 2024'!$A$1:$C$20,3,0)),"0") -> 44974 | G92: 560811 | H92: =IF(($F92="0"),$F92,(ROUNDDOWN((G92*(1+(H$4/100))),0))) -> 566699 | I92: =IF(($F92="0"),$F92,(ROUNDDOWN((H92*(1+(I$4/100))),0))) -> 571119 | J92: =IF(($F92="0"),$F92,(ROUNDDOWN((I92*(1+(J$4/100))),0))) -> 573574 | K92: =IF(($F92="0"),$F92,(ROUNDDOWN((J92*(1+(K$4/100))),0))) -> 575294 | L92: =IF(($F92="0"),$F92,(ROUNDDOWN((K92*(1+(L$4/100))),0))) -> 578170 | M92: =IF(($F92="0"),$F92,(ROUNDDOWN((L92*(1+(M$4/100))),0))) -> 582217 | N92: =IF(($F92="0"),$F92,(ROUNDDOWN((M92*(1+(N$4/100))),0))) -> 585360 | O92: =IF(($F92="0"),$F92,(ROUNDDOWN((N92*(1+(O$4/100))),0))) -> 586823 | ... U92: =IF(($F92="0"),$F92,(ROUNDDOWN((T92*(1+(U$4/100))),0))) -> 612014 | V92: =U92-G92 -> 51203 | W92: =V92/G92 -> 0.091301704
A93: BIENES NO CONSUMIBLES | B93: IMPRESORA MULTIFUNCIONAL | C93: impresora láser o led formato de impresión a4, multifuncional, impresión blanco y negro, volumen mensaul recomendado minimo 3,000 paginas, 32 ppm | D93: Desgaste y uso mensual por unidad | E93: I2024004413 | F93: =IFERROR((VLOOKUP(E93,'MEMORANDOS E IPC 2023 Y 2024'!$A$1:$C$20,3,0)),"0") -> 0 | G93: 1014445 | H93: =IF(($F93="0"),$G93,(ROUNDDOWN((G93*(1+(H$4/100))),0))) -> 1014445 | I93: =IF(($F93="0"),$G93,(ROUNDDOWN((H93*(1+(I$4/100))),0))) -> 1014445 | J93: =IF(($F93="0"),$G93,(ROUNDDOWN((I93*(1+(J$4/100))),0))) -> 1014445 | K93: =IF(($F93="0"),$G93,(ROUNDDOWN((J93*(1+(K$4/100))),0))) -> 1014445 | L93: =IF(($F93="0"),$G93,(ROUNDDOWN((K93*(1+(L$4/100))),0))) -> 1014445 | M93: =IF(($F93="0"),$G93,(ROUNDDOWN((L93*(1+(M$4/100))),0))) -> 1014445 | N93: =IF(($F93="0"),$G93,(ROUNDDOWN((M93*(1+(N$4/100))),0))) -> 1014445 | O93: =IF(($F93="0"),$G93,(ROUNDDOWN((N93*(1+(O$4/100))),0))) -> 1014445 | ... U93: =IF(($F93="0"),$G93,(ROUNDDOWN((T93*(1+(U$4/100))),0))) -> 1014445 | V93: =U93-G93 -> 0 | W93: =V93/G93 -> 0
A94: BIENES NO CONSUMIBLES | B94: JARRA DE ALUMINIO | C94: Jarra de Aluminio de 5 Lts. | D94: Desgaste y uso mensual por unidad | E94: I2023031084 | F94: =IFERROR((VLOOKUP(E94,'MEMORANDOS E IPC 2023 Y 2024'!$A$1:$C$20,3,0)),"0") -> 45210 | G94: 32843 | H94: =G94 -> 32843 | I94: =H94 -> 32843 | J94: =I94 -> 32843 | K94: =J94 -> 32843 | L94: =K94 -> 32843 | M94: =L94 -> 32843 | N94: =M94 -> 32843 | O94: =N94 -> 32843 | P94: =IF(($F94="0"),$F94,(ROUNDDOWN((O94*(1+(P$4/100))),0))) -> 32997 | Q94: =IF(($F94="0"),$F94,(ROUNDDOWN((P94*(1+(Q$4/100))),0))) -> 33145 | R94: =IF(($F94="0"),$F94,(ROUNDDOWN((Q94*(1+(R$4/100))),0))) -> 33449 | S94: =IF(($F94="0"),$F94,(ROUNDDOWN((R94*(1+(S$4/100))),0))) -> 33813 | T94: =IF(($F94="0"),$F94,(ROUNDDOWN((S94*(1+(T$4/100))),0))) -> 34049 | U94: =IF(($F94="0"),$F94,(ROUNDDOWN((T94*(1+(U$4/100))),0))) -> 34249 | V94: =U94-G94 -> 1406 | W94: =V94/G94 -> 0.042809731
A95: BIENES NO CONSUMIBLES | B95: JARRA PLÁSTICA CON TAPA DE 5 LITROS | C95: Jarra plástica con tapa de 5 litros | D95: Desgaste y uso mensual por unidad | E95: I2023004856 | F95: =IFERROR((VLOOKUP(E95,'MEMORANDOS E IPC 2023 Y 2024'!$A$1:$C$20,3,0)),"0") -> 44974 | G95: 16480 | H95: =IF(($F95="0"),$F95,(ROUNDDOWN((G95*(1+(H$4/100))),0))) -> 16653 | I95: =IF(($F95="0"),$F95,(ROUNDDOWN((H95*(1+(I$4/100))),0))) -> 16782 | J95: =IF(($F95="0"),$F95,(ROUNDDOWN((I95*(1+(J$4/100))),0))) -> 16854 | K95: =IF(($F95="0"),$F95,(ROUNDDOWN((J95*(1+(K$4/100))),0))) -> 16904 | L95: =IF(($F95="0"),$F95,(ROUNDDOWN((K95*(1+(L$4/100))),0))) -> 16988 | M95: =IF(($F95="0"),$F95,(ROUNDDOWN((L95*(1+(M$4/100))),0))) -> 17106 | N95: =IF(($F95="0"),$F95,(ROUNDDOWN((M95*(1+(N$4/100))),0))) -> 17198 | O95: =IF(($F95="0"),$F95,(ROUNDDOWN((N95*(1+(O$4/100))),0))) -> 17240 | ... U95: =IF(($F95="0"),$F95,(ROUNDDOWN((T95*(1+(U$4/100))),0))) -> 17978 | V95: =U95-G95 -> 1498 | W95: =V95/G95 -> 0.090898058
A96: BIENES NO CONSUMIBLES | B96: JUEGO DE SÁBANAS | C96: Juego de cama: sabanas de tres piezas 1 Sábana ajustable 100 cm x 190 cm 1 Sobre sábana 100 x 250 cm 1 funda 50 x 70 cms diseño 1 solo color (colores variados), gramaje de 90 grms en material 100% microfibra (Margen 10%+/-). | D96: Desgaste y uso mensual por unidad | E96: I2023031011 | F96: =IFERROR((VLOOKUP(E96,'MEMORANDOS E IPC 2023 Y 2024'!$A$1:$C$20,3,0)),"0") -> 45210 | G96: 32796 | H96: =G96 -> 32796 | I96: =H96 -> 32796 | J96: =I96 -> 32796 | K96: =J96 -> 32796 | L96: =K96 -> 32796 | M96: =L96 -> 32796 | N96: =M96 -> 32796 | O96: =N96 -> 32796 | P96: =IF(($F96="0"),$F96,(ROUNDDOWN((O96*(1+(P$4/100))),0))) -> 32950 | Q96: =IF(($F96="0"),$F96,(ROUNDDOWN((P96*(1+(Q$4/100))),0))) -> 33098 | R96: =IF(($F96="0"),$F96,(ROUNDDOWN((Q96*(1+(R$4/100))),0))) -> 33402 | S96: =IF(($F96="0"),$F96,(ROUNDDOWN((R96*(1+(S$4/100))),0))) -> 33766 | T96: =IF(($F96="0"),$F96,(ROUNDDOWN((S96*(1+(T$4/100))),0))) -> 34002 | U96: =IF(($F96="0"),$F96,(ROUNDDOWN((T96*(1+(U$4/100))),0))) -> 34202 | V96: =U96-G96 -> 1406 | W96: =V96/G96 -> 0.042871082
A97: BIENES NO CONSUMIBLES | B97: LAVADORA | C97: Lavadoras en buen estado de mantenimiento con capacidad de garantizar la correcta limpieza del 20% del vestuario y lencería en la periodicidad requerida con capacidad mínima de 20 kg entre los equipos requeridos. | D97: Unidad | E97: I2023004856 | F97: =IFERROR((VLOOKUP(E97,'MEMORANDOS E IPC 2023 Y 2024'!$A$1:$C$20,3,0)),"0") -> 44974 | G97: 3243796 | H97: =IF(($F97="0"),$F97,(ROUNDDOWN((G97*(1+(H$4/100))),0))) -> 3277855 | I97: =IF(($F97="0"),$F97,(ROUNDDOWN((H97*(1+(I$4/100))),0))) -> 3303422 | J97: =IF(($F97="0"),$F97,(ROUNDDOWN((I97*(1+(J$4/100))),0))) -> 3317626 | K97: =IF(($F97="0"),$F97,(ROUNDDOWN((J97*(1+(K$4/100))),0))) -> 3327578 | L97: =IF(($F97="0"),$F97,(ROUNDDOWN((K97*(1+(L$4/100))),0))) -> 3344215 | M97: =IF(($F97="0"),$F97,(ROUNDDOWN((L97*(1+(M$4/100))),0))) -> 3367624 | N97: =IF(($F97="0"),$F97,(ROUNDDOWN((M97*(1+(N$4/100))),0))) -> 3385809 | O97: =IF(($F97="0"),$F97,(ROUNDDOWN((N97*(1+(O$4/100))),0))) -> 3394273 | ... U97: =IF(($F97="0"),$F97,(ROUNDDOWN((T97*(1+(U$4/100))),0))) -> 3539995 | V97: =U97-G97 -> 296199 | W97: =V97/G97 -> 0.091312462
A98: BIENES NO CONSUMIBLES | B98: LAVAPLATOS | C98: de dos cubetas en electro plata o acero inoxidable medidas: Alto 15.2 Cm, Ancho 44.6 Cm, Largo 76.8 Cm | D98: Desgaste y uso mensual por unidad | E98: I2023018072 | F98: =IFERROR((VLOOKUP(E98,'MEMORANDOS E IPC 2023 Y 2024'!$A$1:$C$20,3,0)),"0") -> 45100 | G98: 4165000 | H98: =G98 -> 4165000 | I98: =H98 -> 4165000 | J98: =I98 -> 4165000 | K98: =J98 -> 4165000 | L98: =IF(($F98="0"),$F98,(ROUNDDOWN((K98*(1+(L$4/100))),0))) -> 4185825 | M98: =IF(($F98="0"),$F98,(ROUNDDOWN((L98*(1+(M$4/100))),0))) -> 4215125 | N98: =IF(($F98="0"),$F98,(ROUNDDOWN((M98*(1+(N$4/100))),0))) -> 4237886 | O98: =IF(($F98="0"),$F98,(ROUNDDOWN((N98*(1+(O$4/100))),0))) -> 4248480 | P98: =IF(($F98="0"),$F98,(ROUNDDOWN((O98*(1+(P$4/100))),0))) -> 4268447 | Q98: =IF(($F98="0"),$F98,(ROUNDDOWN((P98*(1+(Q$4/100))),0))) -> 4287655 | R98: =IF(($F98="0"),$F98,(ROUNDDOWN((Q98*(1+(R$4/100))),0))) -> 4327101 | S98: =IF(($F98="0"),$F98,(ROUNDDOWN((R98*(1+(S$4/100))),0))) -> 4374266 | ... U98: =IF(($F98="0"),$F98,(ROUNDDOWN((T98*(1+(U$4/100))),0))) -> 4430873 | V98: =U98-G98 -> 265873 | W98: =V98/G98 -> 0.063835054
A99: BIENES NO CONSUMIBLES | B99: LICUADORAS | C99: Licuadora semi-industrial o familiar mínimo 2 litros de capacidad. | D99: Desgaste y uso mensual por unidad | E99: I2023019873 | F99: =IFERROR((VLOOKUP(E99,'MEMORANDOS E IPC 2023 Y 2024'!$A$1:$C$20,3,0)),"0") -> 45117 | G99: 846733 | H99: =G99 -> 846733 | I99: =H99 -> 846733 | J99: =I99 -> 846733 | K99: =J99 -> 846733 | L99: =K99 -> 846733 | M99: =IF(($F99="0"),$F99,(ROUNDDOWN((L99*(1+(M$4/100))),0))) -> 852660 | N99: =IF(($F99="0"),$F99,(ROUNDDOWN((M99*(1+(N$4/100))),0))) -> 857264 | O99: =IF(($F99="0"),$F99,(ROUNDDOWN((N99*(1+(O$4/100))),0))) -> 859407 | P99: =IF(($F99="0"),$F99,(ROUNDDOWN((O99*(1+(P$4/100))),0))) -> 863446 | Q99: =IF(($F99="0"),$F99,(ROUNDDOWN((P99*(1+(Q$4/100))),0))) -> 867331 | R99: =IF(($F99="0"),$F99,(ROUNDDOWN((Q99*(1+(R$4/100))),0))) -> 875310 | S99: =IF(($F99="0"),$F99,(ROUNDDOWN((R99*(1+(S$4/100))),0))) -> 884850 | T99: =IF(($F99="0"),$F99,(ROUNDDOWN((S99*(1+(T$4/100))),0))) -> 891043 | U99: =IF(($F99="0"),$F99,(ROUNDDOWN((T99*(1+(U$4/100))),0))) -> 896300 | V99: =U99-G99 -> 49567 | W99: =V99/G99 -> 0.058539114
A100: BIENES NO CONSUMIBLES | B100: LICUADORAS INDUSTRIALES | C100: Se debe capacitar sobre el uso adecuado del elemento, motor potencia mínima de 1/2 hp, jarra en acero inoxidable 304, con diseño que garantice el correcto licuado de los alimentos, totalmente en acero inoxidable, sistema volcable (basculante) con pin de seguridad para evitar el volcamiento accidental del vaso o de vaso desmontable, con capacidad entre 4 y 5 lts, con sello mecánico para evitar filtraciones de líquidos, eje de motor en acero, base en tubería de acero inoxidable (para licuadoras volcables), cuadrante y acople de cuadrante en acero (vaso desmontable), interruptor pulsador termo magnético automático para corte por sobrecarga en el caso que se frene el motor y evitar que se queme. | D100: Desgaste y uso mensual por unidad | E100: I2023018072 | F100: =IFERROR((VLOOKUP(E100,'MEMORANDOS E IPC 2023 Y 2024'!$A$1:$C$20,3,0)),"0") -> 45100 | G100: 1557710 | H100: =G100 -> 1557710 | I100: =H100 -> 1557710 | J100: =I100 -> 1557710 | K100: =J100 -> 1557710 | L100: =IF(($F100="0"),$F100,(ROUNDDOWN((K100*(1+(L$4/100))),0))) -> 1565498 | M100: =IF(($F100="0"),$F100,(ROUNDDOWN((L100*(1+(M$4/100))),0))) -> 1576456 | N100: =IF(($F100="0"),$F100,(ROUNDDOWN((M100*(1+(N$4/100))),0))) -> 1584968 | O100: =IF(($F100="0"),$F100,(ROUNDDOWN((N100*(1+(O$4/100))),0))) -> 1588930 | P100: =IF(($F100="0"),$F100,(ROUNDDOWN((O100*(1+(P$4/100))),0))) -> 1596397 | Q100: =IF(($F100="0"),$F100,(ROUNDDOWN((P100*(1+(Q$4/100))),0))) -> 1603580 | R100: =IF(($F100="0"),$F100,(ROUNDDOWN((Q100*(1+(R$4/100))),0))) -> 1618332 | S100: =IF(($F100="0"),$F100,(ROUNDDOWN((R100*(1+(S$4/100))),0))) -> 1635971 | ... U100: =IF(($F100="0"),$F100,(ROUNDDOWN((T100*(1+(U$4/100))),0))) -> 1657141 | V100: =U100-G100 -> 99431 | W100: =V100/G100 -> 0.063831522
A101: BIENES NO CONSUMIBLES | B101: LOCKERS DOBLE | C101: LOCKER 2 CUERPOS alto 2 m x ancho 65 cm x fondo 35 cms Metálica, Coll rolled Calibre de la lámina 22 locker de 6 compartimentos y 2 cuerpos estructura en coll rolled pintura electrostática en polvo, previo proceso de desengrase y fosfatizado Porta candado con manija Parche | D101: Desgaste y uso mensual por unidad | E101: I2023031801 | F101: =IFERROR((VLOOKUP(E101,'MEMORANDOS E IPC 2023 Y 2024'!$A$1:$C$20,3,0)),"0") -> 45212 | G101: 589000 | H101: =G101 -> 589000 | I101: =H101 -> 589000 | J101: =I101 -> 589000 | K101: =J101 -> 589000 | L101: =K101 -> 589000 | M101: =L101 -> 589000 | N101: =M101 -> 589000 | O101: =N101 -> 589000 | P101: =IF(($F101="0"),$F101,(ROUNDDOWN((O101*(1+(P$4/100))),0))) -> 591768 | Q101: =IF(($F101="0"),$F101,(ROUNDDOWN((P101*(1+(Q$4/100))),0))) -> 594430 | R101: =IF(($F101="0"),$F101,(ROUNDDOWN((Q101*(1+(R$4/100))),0))) -> 599898 | S101: =IF(($F101="0"),$F101,(ROUNDDOWN((R101*(1+(S$4/100))),0))) -> 606436 | T101: =IF(($F101="0"),$F101,(ROUNDDOWN((S101*(1+(T$4/100))),0))) -> 610681 | U101: =IF(($F101="0"),$F101,(ROUNDDOWN((T101*(1+(U$4/100))),0))) -> 614284 | V101: =U101-G101 -> 25284 | W101: =V101/G101 -> 0.042926995
A102: BIENES NO CONSUMIBLES | B102: LOCKERS PARA TALENTO HUMANO | C102: Torre de Lockers por 3 unidades con su respectivo candado, que garanticen la seguridad de los elementos, con un cajon mínimo de 25 x 50 cm | D102: Desgaste y uso mensual por unidad | E102: I2023004856 | F102: =IFERROR((VLOOKUP(E102,'MEMORANDOS E IPC 2023 Y 2024'!$A$1:$C$20,3,0)),"0") -> 44974 | G102: 1522175 | H102: =IF(($F102="0"),$F102,(ROUNDDOWN((G102*(1+(H$4/100))),0))) -> 1538157 | I102: =IF(($F102="0"),$F102,(ROUNDDOWN((H102*(1+(I$4/100))),0))) -> 1550154 | J102: =IF(($F102="0"),$F102,(ROUNDDOWN((I102*(1+(J$4/100))),0))) -> 1556819 | K102: =IF(($F102="0"),$F102,(ROUNDDOWN((J102*(1+(K$4/100))),0))) -> 1561489 | L102: =IF(($F102="0"),$F102,(ROUNDDOWN((K102*(1+(L$4/100))),0))) -> 1569296 | M102: =IF(($F102="0"),$F102,(ROUNDDOWN((L102*(1+(M$4/100))),0))) -> 1580281 | N102: =IF(($F102="0"),$F102,(ROUNDDOWN((M102*(1+(N$4/100))),0))) -> 1588814 | O102: =IF(($F102="0"),$F102,(ROUNDDOWN((N102*(1+(O$4/100))),0))) -> 1592786 | ... U102: =IF(($F102="0"),$F102,(ROUNDDOWN((T102*(1+(U$4/100))),0))) -> 1661165 | V102: =U102-G102 -> 138990 | W102: =V102/G102 -> 0.091310132
A103: BIENES NO CONSUMIBLES | B103: MESA DE TRABAJO | C103: Mesa de trabajo lisa en material higiénico sanitario, bordes sin aristas de las siguientes medidas aproximadas altura minima :84 cm, largo minimo :150 cm, ancho minimo :50cm | D103: Desgaste y uso mensual por unidad | E103: I2023004856 | F103: =IFERROR((VLOOKUP(E103,'MEMORANDOS E IPC 2023 Y 2024'!$A$1:$C$20,3,0)),"0") -> 44974 | G103: 2918600 | H103: =IF(($F103="0"),$F103,(ROUNDDOWN((G103*(1+(H$4/100))),0))) -> 2949245 | I103: =IF(($F103="0"),$F103,(ROUNDDOWN((H103*(1+(I$4/100))),0))) -> 2972249 | J103: =IF(($F103="0"),$F103,(ROUNDDOWN((I103*(1+(J$4/100))),0))) -> 2985029 | K103: =IF(($F103="0"),$F103,(ROUNDDOWN((J103*(1+(K$4/100))),0))) -> 2993984 | L103: =IF(($F103="0"),$F103,(ROUNDDOWN((K103*(1+(L$4/100))),0))) -> 3008953 | M103: =IF(($F103="0"),$F103,(ROUNDDOWN((L103*(1+(M$4/100))),0))) -> 3030015 | N103: =IF(($F103="0"),$F103,(ROUNDDOWN((M103*(1+(N$4/100))),0))) -> 3046377 | O103: =IF(($F103="0"),$F103,(ROUNDDOWN((N103*(1+(O$4/100))),0))) -> 3053992 | ... U103: =IF(($F103="0"),$F103,(ROUNDDOWN((T103*(1+(U$4/100))),0))) -> 3185102 | V103: =U103-G103 -> 266502 | W103: =V103/G103 -> 0.091311588
A104: BIENES NO CONSUMIBLES | B104: MESAS | C104: Mesas Plástica (En material higiénico sanitario) desarmables, de 4 puestos, de 80,5 cm x 80, 5 x 72,5 cm | D104: Desgaste y uso mensual por unidad | E104: I2023018072 | F104: =IFERROR((VLOOKUP(E104,'MEMORANDOS E IPC 2023 Y 2024'!$A$1:$C$20,3,0)),"0") -> 45100 | G104: 69129 | H104: =G104 -> 69129 | I104: =H104 -> 69129 | J104: =I104 -> 69129 | K104: =J104 -> 69129 | L104: =IF(($F104="0"),$F104,(ROUNDDOWN((K104*(1+(L$4/100))),0))) -> 69474 | M104: =IF(($F104="0"),$F104,(ROUNDDOWN((L104*(1+(M$4/100))),0))) -> 69960 | N104: =IF(($F104="0"),$F104,(ROUNDDOWN((M104*(1+(N$4/100))),0))) -> 70337 | O104: =IF(($F104="0"),$F104,(ROUNDDOWN((N104*(1+(O$4/100))),0))) -> 70512 | P104: =IF(($F104="0"),$F104,(ROUNDDOWN((O104*(1+(P$4/100))),0))) -> 70843 | Q104: =IF(($F104="0"),$F104,(ROUNDDOWN((P104*(1+(Q$4/100))),0))) -> 71161 | R104: =IF(($F104="0"),$F104,(ROUNDDOWN((Q104*(1+(R$4/100))),0))) -> 71815 | S104: =IF(($F104="0"),$F104,(ROUNDDOWN((R104*(1+(S$4/100))),0))) -> 72597 | ... U104: =IF(($F104="0"),$F104,(ROUNDDOWN((T104*(1+(U$4/100))),0))) -> 73536 | V104: =U104-G104 -> 4407 | W104: =V104/G104 -> 0.06375038
A105: BIENES NO CONSUMIBLES | B105: MESAS PLASTICAS - 6 PUESTOS | C105: Mesas plasticas - 6 puestos altura 70 Cm, ancho 80 cm. Largo 120 cm | D105: Desgaste y uso mensual por unidad | E105: I2024014734 | F105: =IFERROR((VLOOKUP(E105,'MEMORANDOS E IPC 2023 Y 2024'!$A$1:$C$20,3,0)),"0") -> 0 | G105: 287230 | H105: =IF(($F105="0"),$G105,(ROUNDDOWN((G105*(1+(H$4/100))),0))) -> 287230 | I105: =IF(($F105="0"),$G105,(ROUNDDOWN((H105*(1+(I$4/100))),0))) -> 287230 | J105: =IF(($F105="0"),$G105,(ROUNDDOWN((I105*(1+(J$4/100))),0))) -> 287230 | K105: =IF(($F105="0"),$G105,(ROUNDDOWN((J105*(1+(K$4/100))),0))) -> 287230 | L105: =IF(($F105="0"),$G105,(ROUNDDOWN((K105*(1+(L$4/100))),0))) -> 287230 | M105: =IF(($F105="0"),$G105,(ROUNDDOWN((L105*(1+(M$4/100))),0))) -> 287230 | N105: =IF(($F105="0"),$G105,(ROUNDDOWN((M105*(1+(N$4/100))),0))) -> 287230 | O105: =IF(($F105="0"),$G105,(ROUNDDOWN((N105*(1+(O$4/100))),0))) -> 287230 | ... U105: =IF(($F105="0"),$G105,(ROUNDDOWN((T105*(1+(U$4/100))),0))) -> 287230 | V105: =U105-G105 -> 0 | W105: =V105/G105 -> 0
A106: BIENES NO CONSUMIBLES | B106: MICRÓFONO | C106: Micrófono con sistema inalámbrico alcance 30 metros de distancia. | D106: Desgaste y uso mensual por unidad | E106: I2023004856 | F106: =IFERROR((VLOOKUP(E106,'MEMORANDOS E IPC 2023 Y 2024'!$A$1:$C$20,3,0)),"0") -> 44974 | G106: 177530 | H106: =IF(($F106="0"),$F106,(ROUNDDOWN((G106*(1+(H$4/100))),0))) -> 179394 | I106: =IF(($F106="0"),$F106,(ROUNDDOWN((H106*(1+(I$4/100))),0))) -> 180793 | J106: =IF(($F106="0"),$F106,(ROUNDDOWN((I106*(1+(J$4/100))),0))) -> 181570 | K106: =IF(($F106="0"),$F106,(ROUNDDOWN((J106*(1+(K$4/100))),0))) -> 182114 | L106: =IF(($F106="0"),$F106,(ROUNDDOWN((K106*(1+(L$4/100))),0))) -> 183024 | M106: =IF(($F106="0"),$F106,(ROUNDDOWN((L106*(1+(M$4/100))),0))) -> 184305 | N106: =IF(($F106="0"),$F106,(ROUNDDOWN((M106*(1+(N$4/100))),0))) -> 185300 | O106: =IF(($F106="0"),$F106,(ROUNDDOWN((N106*(1+(O$4/100))),0))) -> 185763 | ... U106: =IF(($F106="0"),$F106,(ROUNDDOWN((T106*(1+(U$4/100))),0))) -> 193735 | V106: =U106-G106 -> 16205 | W106: =V106/G106 -> 0.091280347
A107: BIENES NO CONSUMIBLES | B107: MOLINILLO | C107: Molinillo en material plástico de 30 a 35 cm. - | D107: Desgaste y uso mensual por unidad | E107: I2023018072 | F107: =IFERROR((VLOOKUP(E107,'MEMORANDOS E IPC 2023 Y 2024'!$A$1:$C$20,3,0)),"0") -> 45100 | G107: 4833 | H107: =G107 -> 4833 | I107: =H107 -> 4833 | J107: =I107 -> 4833 | K107: =J107 -> 4833 | L107: =IF(($F107="0"),$F107,(ROUNDDOWN((K107*(1+(L$4/100))),0))) -> 4857 | M107: =IF(($F107="0"),$F107,(ROUNDDOWN((L107*(1+(M$4/100))),0))) -> 4890 | N107: =IF(($F107="0"),$F107,(ROUNDDOWN((M107*(1+(N$4/100))),0))) -> 4916 | O107: =IF(($F107="0"),$F107,(ROUNDDOWN((N107*(1+(O$4/100))),0))) -> 4928 | P107: =IF(($F107="0"),$F107,(ROUNDDOWN((O107*(1+(P$4/100))),0))) -> 4951 | Q107: =IF(($F107="0"),$F107,(ROUNDDOWN((P107*(1+(Q$4/100))),0))) -> 4973 | R107: =IF(($F107="0"),$F107,(ROUNDDOWN((Q107*(1+(R$4/100))),0))) -> 5018 | S107: =IF(($F107="0"),$F107,(ROUNDDOWN((R107*(1+(S$4/100))),0))) -> 5072 | ... U107: =IF(($F107="0"),$F107,(ROUNDDOWN((T107*(1+(U$4/100))),0))) -> 5137 | V107: =U107-G107 -> 304 | W107: =V107/G107 -> 0.06290089
A108: BIENES NO CONSUMIBLES | B108: MULETAS | C108: Par de muletas para adulto talla S Para personas entre 1.20 a 1.52 mts de estatura y talla M Para personas entre 1.53 a 1.75 mts de estatura, muletas axilares fabricadas en aluminio, manijas y axilares acolchadas, con tapones ntideslizantes de goma, graduación de altura por medio de Pin, capacidad de carga 125 Kg. | D108: Desgaste y uso mensual por unidad | E108: I2023031433 | F108: =IFERROR((VLOOKUP(E108,'MEMORANDOS E IPC 2023 Y 2024'!$A$1:$C$20,3,0)),"0") -> 45212 | G108: 84667 | H108: =G108 -> 84667 | I108: =H108 -> 84667 | J108: =I108 -> 84667 | K108: =J108 -> 84667 | L108: =K108 -> 84667 | M108: =L108 -> 84667 | N108: =M108 -> 84667 | O108: =N108 -> 84667 | P108: =IF(($F108="0"),$F108,(ROUNDDOWN((O108*(1+(P$4/100))),0))) -> 85064 | Q108: =IF(($F108="0"),$F108,(ROUNDDOWN((P108*(1+(Q$4/100))),0))) -> 85446 | R108: =IF(($F108="0"),$F108,(ROUNDDOWN((Q108*(1+(R$4/100))),0))) -> 86232 | S108: =IF(($F108="0"),$F108,(ROUNDDOWN((R108*(1+(S$4/100))),0))) -> 87171 | T108: =IF(($F108="0"),$F108,(ROUNDDOWN((S108*(1+(T$4/100))),0))) -> 87781 | U108: =IF(($F108="0"),$F108,(ROUNDDOWN((T108*(1+(U$4/100))),0))) -> 88298 | V108: =U108-G108 -> 3631 | W108: =V108/G108 -> 0.042885658
A109: BIENES NO CONSUMIBLES | B109: NEVERA | C109: Nevera vertical mixta (refrigeración- congelación) mínimo de 1000 litros axilares fabricadas en aluminio, manijas y axilares - nevera de 21 pies | D109: Desgaste y uso mensual por unidad | E109: I2023004856 | F109: =IFERROR((VLOOKUP(E109,'MEMORANDOS E IPC 2023 Y 2024'!$A$1:$C$20,3,0)),"0") -> 44974 | G109: 10631067 | H109: =IF(($F109="0"),$F109,(ROUNDDOWN((G109*(1+(H$4/100))),0))) -> 10742693 | I109: =IF(($F109="0"),$F109,(ROUNDDOWN((H109*(1+(I$4/100))),0))) -> 10826486 | J109: =IF(($F109="0"),$F109,(ROUNDDOWN((I109*(1+(J$4/100))),0))) -> 10873039 | K109: =IF(($F109="0"),$F109,(ROUNDDOWN((J109*(1+(K$4/100))),0))) -> 10905658 | L109: =IF(($F109="0"),$F109,(ROUNDDOWN((K109*(1+(L$4/100))),0))) -> 10960186 | M109: =IF(($F109="0"),$F109,(ROUNDDOWN((L109*(1+(M$4/100))),0))) -> 11036907 | N109: =IF(($F109="0"),$F109,(ROUNDDOWN((M109*(1+(N$4/100))),0))) -> 11096506 | O109: =IF(($F109="0"),$F109,(ROUNDDOWN((N109*(1+(O$4/100))),0))) -> 11124247 | ... U109: =IF(($F109="0"),$F109,(ROUNDDOWN((T109*(1+(U$4/100))),0))) -> 11601832 | V109: =U109-G109 -> 970765 | W109: =V109/G109 -> 0.091313976
...

Sheet Est. de costos Lote 1 cupos 130
B1: ESTRUCTURA DE COSTOS | P1: In IPC TH | Q1: 0.0704
B2: 7948 Desarrollo del abordaje integral del fenómeno de habitabilidad en calle para contribuir a la reducción de las formas extremas de exclusión en Bogotá D.C. | P2: Proy IPC SDIS | Q2: 0.03
B3: SERVICIO DE ATENCIÓN COMUNIDAD DE VIDA PARA PERSONAS HABITANTES DE CALLE
B4: Objeto: Brindar procesos de atención integral orientados a la población habitante de calle de 29 años de edad en adelante, a través de un servicio de comunidad de vida dirigido a la superación de las formas extremas de exclusión asociadas a las dinámicas de vida en la calle. | D4: Objeto: Brindar procesos de atención integral orientados a la población habitante de calle de 29 años de edad en adelante, a través de un servicio de comunidad de vida dirigido a la superación de las formas extremas de exclusión asociadas a las dinámicas de vida en la calle.
B5: PLAZO: 15 MESES
B9: COBERTURA (# DE CUPOS): | C9: 130 | J9: CUPO 130 | O9: TOTAL ESTRUCTURA
B10: PLAZO: | C10: 3 MESES | J10: PLAZ0 12 MESES | O10: PLAZO TOTAL 15 MESES
K11: 0.03
B12: ITEM | C12: CANTIDAD | D12: FORMULA | E12: VALOR UNITARIO MES 2024 | F12: VALOR MENSUAL 2024 | G12: PERIODO MESES 30 DIAS (CF) DIAS CALENDARIO (CV) | H12: VALOR VIGENCIA 1 DE OCTUBRE DE 2024 AL 31 DE DICIEMBRE DE 2024 | J12: VALOR UNITARIO MES 2025 | K12: VALOR MENSUAL 2025 | L12: PERIODO MESES 30 DIAS (CF) DIAS CALENDARIO (CV) | M12: VIGENCIA 01 ENERO A DICIEBRE 31 DE 2025 | O12: VIGENCIA 2024 | P12: VIGENCIA FUTURAS (2025) | Q12: TOTAL
B13: COSTOS FIJOS | J13: COSTOS FIJOS | O13: COSTOS FIJOS
B14: TALENTO HUMANO | C14: =SUM(C15:C33) -> 72 | E14: =SUM(E15:E33) -> 62130707 | F14: =SUM(F15:F33) -> 220835356 | H14: =SUM(H15:H33) -> 662506068 | J14: =SUM(J15:J33) -> 66504713 | K14: =SUM(K15:K33) -> 236382185 | M14: =SUM(M15:M33) -> 2836586220 | O14: =SUM(O15:O33) -> 662506068 | P14: =SUM(P15:P33) -> 2836586220 | Q14: =SUM(Q15:Q33) -> 3499092288
A15: 1 | B15: COORDINADOR/A O RESPONSABLE | C15: =IFERROR(VLOOKUP($B15,'REQUISTO MIN TH'!$A$2:$H$27,7,0),0) -> 1 | D15: Valor mensual x periodo | E15: =IFERROR((VLOOKUP($B15,'1. TABLA COSTOS REC HUMANO'!$B$7:$M$31,3,0)),0) -> 5133210 | F15: =ROUND(E15*$C15,0) -> 5133210 | G15: 3 | H15: =ROUND(F15*G15,0) -> 15399630 | J15: =ROUND(E15*(1+$Q$1),0) -> 5494588 | K15: =ROUND(J15*$C15,0) -> 5494588 | L15: 12 | M15: =ROUND(K15*L15,0) -> 65935056 | O15: =H15 -> 15399630 | P15: =M15 -> 65935056 | Q15: =O15+P15 -> 81334686
A16: 2 | B16: NUTRICIONISTA DIETISTA | C16: =IFERROR(VLOOKUP($B16,'REQUISTO MIN TH'!$A$2:$H$27,7,0),0) -> 2 | D16: Valor mensual x periodo | E16: =IFERROR((VLOOKUP($B16,'1. TABLA COSTOS REC HUMANO'!$B$7:$M$31,3,0)),0) -> 4399725 | F16: =ROUND(E16*$C16,0) -> 8799450 | G16: 3 | H16: =ROUND(F16*G16,0) -> 26398350 | J16: =ROUND(E16*(1+$Q$1),0) -> 4709466 | K16: =ROUND(J16*$C16,0) -> 9418932 | L16: 12 | M16: =ROUND(K16*L16,0) -> 113027184 | O16: =H16 -> 26398350 | P16: =M16 -> 113027184 | Q16: =O16+P16 -> 139425534
A17: 4 | B17: PROFESIONAL EN PEDAGOGÍA REEDUCADOR O LICENCIADO EN PEDAGOGIA | C17: =IFERROR(VLOOKUP($B17,'REQUISTO MIN TH'!$A$2:$H$27,7,0),0) -> 2 | D17: Valor mensual x periodo | E17: =IFERROR((VLOOKUP($B17,'1. TABLA COSTOS REC HUMANO'!$B$7:$M$31,3,0)),0) -> 4399725 | F17: =ROUND(E17*$C17,0) -> 8799450 | G17: 3 | H17: =ROUND(F17*G17,0) -> 26398350 | J17: =ROUND(E17*(1+$Q$1),0) -> 4709466 | K17: =ROUND(J17*$C17,0) -> 9418932 | L17: 12 | M17: =ROUND(K17*L17,0) -> 113027184 | O17: =H17 -> 26398350 | P17: =M17 -> 113027184 | Q17: =O17+P17 -> 139425534
A18: 5 | B18: PROFESIONAL EN PSICOLOGÍA | C18: =IFERROR(VLOOKUP($B18,'REQUISTO MIN TH'!$A$2:$H$27,7,0),0) -> 5 | D18: Valor mensual x periodo | E18: =IFERROR((VLOOKUP($B18,'1. TABLA COSTOS REC HUMANO'!$B$7:$M$31,3,0)),0) -> 4399725 | F18: =ROUND(E18*$C18,0) -> 21998625 | G18: 3 | H18: =ROUND(F18*G18,0) -> 65995875 | J18: =ROUND(E18*(1+$Q$1),0) -> 4709466 | K18: =ROUND(J18*$C18,0) -> 23547330 | L18: 12 | M18: =ROUND(K18*L18,0) -> 282567960 | O18: =H18 -> 65995875 | P18: =M18 -> 282567960 | Q18: =O18+P18 -> 348563835
A19: 6 | B19: TERAPEUTA OCUPACIONAL | C19: =IFERROR(VLOOKUP($B19,'REQUISTO MIN TH'!$A$2:$H$27,7,0),0) -> 5 | D19: Valor mensual x periodo | E19: =IFERROR((VLOOKUP($B19,'1. TABLA COSTOS REC HUMANO'!$B$7:$M$31,3,0)),0) -> 4399725 | F19: =ROUND(E19*$C19,0) -> 21998625 | G19: 3 | H19: =ROUND(F19*G19,0) -> 65995875 | J19: =ROUND(E19*(1+$Q$1),0) -> 4709466 | K19: =ROUND(J19*$C19,0) -> 23547330 | L19: 12 | M19: =ROUND(K19*L19,0) -> 282567960 | O19: =H19 -> 65995875 | P19: =M19 -> 282567960 | Q19: =O19+P19 -> 348563835
A20: 8 | B20: TRABAJADOR (A) SOCIAL | C20: =IFERROR(VLOOKUP($B20,'REQUISTO MIN TH'!$A$2:$H$27,7,0),0) -> 5 | D20: Valor mensual x periodo | E20: =IFERROR((VLOOKUP($B20,'1. TABLA COSTOS REC HUMANO'!$B$7:$M$31,3,0)),0) -> 4399725 | F20: =ROUND(E20*$C20,0) -> 21998625 | G20: 3 | H20: =ROUND(F20*G20,0) -> 65995875 | J20: =ROUND(E20*(1+$Q$1),0) -> 4709466 | K20: =ROUND(J20*$C20,0) -> 23547330 | L20: 12 | M20: =ROUND(K20*L20,0) -> 282567960 | O20: =H20 -> 65995875 | P20: =M20 -> 282567960 | Q20: =O20+P20 -> 348563835
A21: 9 | B21: EDUCADOR FÍSICO | C21: =IFERROR(VLOOKUP($B21,'REQUISTO MIN TH'!$A$2:$H$27,7,0),0) -> 2 | D21: Valor mensual x periodo | E21: =IFERROR((VLOOKUP($B21,'1. TABLA COSTOS REC HUMANO'!$B$7:$M$31,3,0)),0) -> 3666240 | F21: =ROUND(E21*$C21,0) -> 7332480 | G21: 3 | H21: =ROUND(F21*G21,0) -> 21997440 | J21: =ROUND(E21*(1+$Q$1),0) -> 3924343 | K21: =ROUND(J21*$C21,0) -> 7848686 | L21: 12 | M21: =ROUND(K21*L21,0) -> 94184232 | O21: =H21 -> 21997440 | P21: =M21 -> 94184232 | Q21: =O21+P21 -> 116181672
A22: 10 | B22: PROMOTORES (AS) SOCIAL | C22: =IFERROR(VLOOKUP($B22,'REQUISTO MIN TH'!$A$2:$H$27,7,0),0) -> 20 | D22: Valor mensual x periodo | E22: =IFERROR((VLOOKUP($B22,'1. TABLA COSTOS REC HUMANO'!$B$7:$M$31,3,0)),0) -> 2445690 | F22: =ROUND(E22*$C22,0) -> 48913800 | G22: 3 | H22: =ROUND(F22*G22,0) -> 146741400 | J22: =ROUND(E22*(1+$Q$1),0) -> 2617867 | K22: =ROUND(J22*$C22,0) -> 52357340 | L22: 12 | M22: =ROUND(K22*L22,0) -> 628288080 | O22: =H22 -> 146741400 | P22: =M22 -> 628288080 | Q22: =O22+P22 -> 775029480
A23: 3 | B23: TECNICO OPERATIVO | C23: =IFERROR(VLOOKUP($B23,'REQUISTO MIN TH'!$A$2:$H$27,7,0),0) -> 1 | D23: Valor mensual x periodo | E23: =IFERROR((VLOOKUP($B23,'1. TABLA COSTOS REC HUMANO'!$B$7:$M$31,3,0)),0) -> 2885920 | F23: =ROUND(E23*$C23,0) -> 2885920 | G23: 3 | H23: =ROUND(F23*G23,0) -> 8657760 | J23: =ROUND(E23*(1+$Q$1),0) -> 3089089 | K23: =ROUND(J23*$C23,0) -> 3089089 | L23: 12 | M23: =ROUND(K23*L23,0) -> 37069068 | O23: =H23 -> 8657760 | P23: =M23 -> 37069068 | Q23: =O23+P23 -> 45726828
A24: 11 | B24: TÉCNICO ADMINISTRATIVO | C24: =IFERROR(VLOOKUP($B24,'REQUISTO MIN TH'!$A$2:$H$27,7,0),0) -> 1 | D24: Valor mensual x periodo | E24: =IFERROR((VLOOKUP($B24,'1. TABLA COSTOS REC HUMANO'!$B$7:$M$31,3,0)),0) -> 2885920 | F24: =ROUND(E24*$C24,0) -> 2885920 | G24: 3 | H24: =ROUND(F24*G24,0) -> 8657760 | J24: =ROUND(E24*(1+$Q$1),0) -> 3089089 | K24: =ROUND(J24*$C24,0) -> 3089089 | L24: 12 | M24: =ROUND(K24*L24,0) -> 37069068 | O24: =H24 -> 8657760 | P24: =M24 -> 37069068 | Q24: =O24+P24 -> 45726828
A25: 12 | B25: TÉCNICO(A) O TECNÓLOGO(A) AMBIENTAL | C25: =IFERROR(VLOOKUP($B25,'REQUISTO MIN TH'!$A$2:$H$27,7,0),0) -> 1 | D25: Valor mensual x periodo | E25: =IFERROR((VLOOKUP($B25,'1. TABLA COSTOS REC HUMANO'!$B$7:$M$31,3,0)),0) -> 2885920 | F25: =ROUND(E25*$C25,0) -> 2885920 | G25: 3 | H25: =ROUND(F25*G25,0) -> 8657760 | J25: =ROUND(E25*(1+$Q$1),0) -> 3089089 | K25: =ROUND(J25*$C25,0) -> 3089089 | L25: 12 | M25: =ROUND(K25*L25,0) -> 37069068 | O25: =H25 -> 8657760 | P25: =M25 -> 37069068 | Q25: =O25+P25 -> 45726828
A26: 13 | B26: TÉCNICO(A) O TECNÓLOGO(A) EN ALIMENTOS | C26: =IFERROR(VLOOKUP($B26,'REQUISTO MIN TH'!$A$2:$H$27,7,0),0) -> 1 | D26: Valor mensual x periodo | E26: =IFERROR((VLOOKUP($B26,'1. TABLA COSTOS REC HUMANO'!$B$7:$M$31,3,0)),0) -> 2885920 | F26: =ROUND(E26*$C26,0) -> 2885920 | G26: 3 | H26: =ROUND(F26*G26,0) -> 8657760 | J26: =ROUND(E26*(1+$Q$1),0) -> 3089089 | K26: =ROUND(J26*$C26,0) -> 3089089 | L26: 12 | M26: =ROUND(K26*L26,0) -> 37069068 | O26: =H26 -> 8657760 | P26: =M26 -> 37069068 | Q26: =O26+P26 -> 45726828
... A33: 19 | B33: SERVICIOS GENERALES | C33: =IFERROR(VLOOKUP($B33,'REQUISTO MIN TH'!$A$2:$H$27,7,0),0) -> 6 | D33: Valor mensual x periodo | E33: =IFERROR((VLOOKUP($B33,'1. TABLA COSTOS REC HUMANO'!$B$7:$M$31,3,0)),0) -> 2281433 | F33: =ROUND(E33*$C33,0) -> 13688598 | G33: 3 | H33: =ROUND(F33*G33,0) -> 41065794 | J33: =ROUND(E33*(1+$Q$1),0) -> 2442046 | K33: =ROUND(J33*$C33,0) -> 14652276 | L33: 12 | M33: =ROUND(K33*L33,0) -> 175827312 | O33: =H33 -> 41065794 | P33: =M33 -> 175827312 | Q33: =O33+P33 -> 216893106
B34: DOTACION DE TALENTO HUMANO | C34: 1 | D34: Valor mensual x periodo | E34: ='2. DOTACION PARA TALENTO HUMANO'!O19 -> 4126120 | F34: =ROUND(E34*$C34,0) -> 4126120 | G34: 3 | H34: =ROUND(F34*G34,0) -> 12378360 | J34: =ROUND(E34*(1+$Q$2),0) -> 4249904 | K34: =ROUND(J34*$C34,0) -> 4249904 | L34: 12 | M34: =ROUND(K34*L34,0) -> 50998848 | O34: =H34 -> 12378360 | P34: =M34 -> 50998848 | Q34: =O34+P34 -> 63377208
B35: VIGILANCIA + TARIFA ADMINISTRACION Y SUPERVISION+AIU (DEL 01 ENERO AL 14 DE JULIO PARA CADA VIGENCIAS) | C35: 2 | D35: Valor unitario día x días | E35: ='3. VIGILANCIA'!O7 -> 864353 | F35: =E35 -> 864353 | G35: 0 | H35: =ROUND(E35*G35,0) -> 0 | J35: =ROUND(($E35*$Q$2)+$E35,0) -> 890284 | K35: =J35 -> 890284 | L35: 194 | M35: =ROUND(J35*L35,0) -> 172715096 | O35: =H35 -> 0 | P35: =M35 -> 172715096 | Q35: =O35+P35 -> 172715096
B36: VIGILANCIA + TARIFA ADMINISTRACION Y SUPERVISION+AIU (DEL 15 DE JULIO AL 31 DE DICIEMBREPARA CADA VIGENCIA) | C36: 2 | D36: Valor unitario día x días | E36: ='3. VIGILANCIA'!O8 -> 871983 | F36: =E36 -> 871983 | G36: 90 | H36: =ROUND(E36*G36,0) -> 78478470 | J36: =ROUND(($E36*$Q$2)+$E36,0) -> 898142 | K36: =J36 -> 898142 | L36: 166 | M36: =ROUND(J36*L36,0) -> 149091572 | O36: =H36 -> 78478470 | P36: =M36 -> 149091572 | Q36: =O36+P36 -> 227570042
B37: VIGILANCIA + MEDIO TECNOLOGICO | C37: 1 | D37: Valor mensual x periodo | E37: ='3. VIGILANCIA'!P13 -> 1820680 | F37: =ROUND(E37*C37,0) -> 1820680 | G37: 3 | H37: =ROUND(F37*G37,0) -> 5462040 | J37: =ROUND(E37*(1+$Q$2),0) -> 1875300 | K37: =ROUND(J37*$C37,0) -> 1875300 | L37: 12 | M37: =ROUND(K37*L37,0) -> 22503600 | O37: =H37 -> 5462040 | P37: =M37 -> 22503600 | Q37: =O37+P37 -> 27965640
B38: TRANSPORTE | C38: 1 | D38: Valor mensual x periodo | E38: ='4. TRANSPORTE'!L10 -> 32759584 | F38: =ROUND(E38*C38,0) -> 32759584 | G38: 3 | H38: =ROUND(F38*G38,0) -> 98278752 | J38: =ROUND(E38*(1+$Q$2),0) -> 33742372 | K38: =ROUND(J38*$C38,0) -> 33742372 | L38: 12 | M38: =ROUND(K38*L38,0) -> 404908464 | O38: =H38 -> 98278752 | P38: =M38 -> 404908464 | Q38: =O38+P38 -> 503187216
B39: BIENES NO CONSUMIBLES | C39: 1 | D39: Valor mensual x periodo | E39: ='5. BIENES NO CONSUMIBLES'!N113 -> 19253061 | F39: =ROUND(E39*C39,0) -> 19253061 | G39: 3 | H39: =ROUND(F39*G39,0) -> 57759183 | J39: =ROUND(E39*(1+$Q$2),0) -> 19830653 | K39: =ROUND(J39*$C39,0) -> 19830653 | L39: 12 | M39: =ROUND(K39*L39,0) -> 237967836 | O39: =H39 -> 57759183 | P39: =M39 -> 237967836 | Q39: =O39+P39 -> 295727019
B40: LAVANDERIA | C40: 1 | D40: Valor mensual x periodo | E40: ='14. LAVANDERIA'!N12 -> 714526 | F40: =ROUND(E40*C40,0) -> 714526 | G40: 3 | H40: =ROUND(F40*G40,0) -> 2143578 | J40: =ROUND(E40*(1+$Q$2),0) -> 735962 | K40: =ROUND(J40*$C40,0) -> 735962 | L40: 12 | M40: =ROUND(K40*L40,0) -> 8831544 | O40: =H40 -> 2143578 | P40: =M40 -> 8831544 | Q40: =O40+P40 -> 10975122
B41: ASEO INSTITUCIONAL | C41: 1 | D41: Valor mensual x periodo | E41: ='13. ASEO INSTITUCIONAL'!N35 -> 2831700 | F41: =ROUND(E41*C41,0) -> 2831700 | G41: 3 | H41: =ROUND(F41*G41,0) -> 8495100 | J41: =ROUND(E41*(1+$Q$2),0) -> 2916651 | K41: =ROUND(J41*$C41,0) -> 2916651 | L41: 12 | M41: =ROUND(K41*L41,0) -> 34999812 | O41: =H41 -> 8495100 | P41: =M41 -> 34999812 | Q41: =O41+P41 -> 43494912
B42: ACTIVIDADES PEDAGOGICAS, LUDICAS, RECREATIVAS, DEPORTIVAS | C42: 1 | D42: Talleres y papelería + Actividades recreo deportivas | E42: =SUM(E43:E45) -> 34602594 | F42: =SUM(F43:F45) -> 34602594 | H42: =SUM(H43:H45) -> 103807782 | J42: =SUM(J43:J45) -> 35640672 | K42: =SUM(K43:K45) -> 35640672 | M42: =SUM(M43:M45) -> 427688064 | O42: =H42 -> 103807782 | P42: =SUM(P43:P45) -> 427688064 | Q42: =O42+P42 -> 531495846
B43: TALLERES Y PAPELERIA | C43: 1 | D43: Valor mensual x periodo | E43: ='7. TALLERES Y PAPELERIA'!N43 -> 5911115 | F43: =ROUND(E43*C43,0) -> 5911115 | G43: 3 | H43: =ROUND(F43*G43,0) -> 17733345 | J43: =ROUND(E43*(1+$Q$2),0) -> 6088448 | K43: =ROUND(J43*$C43,0) -> 6088448 | L43: 12 | M43: =ROUND(K43*L43,0) -> 73061376 | O43: =H43 -> 17733345 | P43: =M43 -> 73061376 | Q43: =O43+P43 -> 90794721
B44: ACTIVIDADES RECREODEPORTIVAS | C44: 1 | D44: Valor mensual x periodo | E44: ='8. RECREO DEPORTIVAS'!N32 -> 953923 | F44: =ROUND(E44*C44,0) -> 953923 | G44: 3 | H44: =ROUND(F44*G44,0) -> 2861769 | J44: =ROUND(E44*(1+$Q$2),0) -> 982541 | K44: =ROUND(J44*$C44,0) -> 982541 | L44: 12 | M44: =ROUND(K44*L44,0) -> 11790492 | O44: =H44 -> 2861769 | P44: =M44 -> 11790492 | Q44: =O44+P44 -> 14652261
B45: ACTIVIDADES AGRO RURAL + URBANA | C45: 1 | D45: Valor mensual x periodo | E45: ='9. TALLER AGRICOLA'!O64 -> 27737556 | F45: =ROUND(E45*C45,0) -> 27737556 | G45: 3 | H45: =ROUND(F45*G45,0) -> 83212668 | J45: =ROUND(E45*(1+$Q$2),0) -> 28569683 | K45: =ROUND(J45*$C45,0) -> 28569683 | L45: 12 | M45: =ROUND(K45*L45,0) -> 342836196 | O45: =H45 -> 83212668 | P45: =M45 -> 342836196 | Q45: =O45+P45 -> 426048864
B46: COMPONENTE DE GESTION DOCUMENTAL | C46: 1 | D46: Valor mensual x periodo | E46: ='12. Comp Gestion Documental'!N20 -> 1132607 | F46: =ROUND(E46*C46,0) -> 1132607 | G46: 3 | H46: =ROUND(F46*G46,0) -> 3397821 | J46: =ROUND(E46*(1+$Q$2),0) -> 1166585 | K46: =ROUND(J46*$C46,0) -> 1166585 | L46: 12 | M46: =ROUND(K46*L46,0) -> 13999020 | O46: =H46 -> 3397821 | P46: =M46 -> 13999020 | Q46: =O46+P46 -> 17396841
B47: PIEZAS COMUNICATIVAS Y DE DIFUSIÓN | C47: 1 | D47: Valor mensual x periodo | E47: ='16, Piezas comunic. y de difus'!M7 -> 21560 | F47: =ROUND(E47*C47,0) -> 21560 | G47: 3 | H47: =ROUND(F47*G47,0) -> 64680 | J47: =ROUND(E47*(1+$Q$2),0) -> 22207 | K47: =ROUND(J47*$C47,0) -> 22207 | L47: 12 | M47: =ROUND(K47*L47,0) -> 266484 | O47: =H47 -> 64680 | P47: =M47 -> 266484 | Q47: =O47+P47 -> 331164
B48: RECONOCIMIENTO DE INMUEBLE | C48: 1 | D48: Valor mensual x periodo | E48: ='15. Rec, mant y serv Publicos'!E7 -> 64260000 | F48: =ROUND(E48*C48,0) -> 64260000 | G48: 3 | H48: =ROUND(F48*G48,0) -> 192780000 | J48: =ROUND(E48*(1+$Q$2),0) -> 66187800 | K48: =ROUND(J48*$C48,0) -> 66187800 | L48: 12 | M48: =ROUND(K48*L48,0) -> 794253600 | O48: =H48 -> 192780000 | P48: =M48 -> 794253600 | Q48: =O48+P48 -> 987033600
B49: MANTENIMIENTO DEL INMUEBLE | C49: 1 | D49: Valor mensual x periodo | E49: ='15. Rec, mant y serv Publicos'!E9 -> 13637684 | F49: =ROUND(E49*C49,0) -> 13637684 | G49: 3 | H49: =ROUND(F49*G49,0) -> 40913052 | J49: =ROUND(E49*(1+$Q$2),0) -> 14046815 | K49: =ROUND(J49*$C49,0) -> 14046815 | L49: 12 | M49: =ROUND(K49*L49,0) -> 168561780 | O49: =H49 -> 40913052 | P49: =M49 -> 168561780 | Q49: =O49+P49 -> 209474832
B50: SUBTOTAL COSTOS FIJOS | E50: =E14+E34+E35+E36+E37+E38+E39+E40+E41+E42+E46+E47+E48+E49 -> 239027159 | H50: =H14+H34+H35+H36+H37+H38+H39+H40+H41+H42+H46+H47+H48+H49 -> 1266464886 | J50: =J14+J34+J35+J36+J37+J38+J39+J40+J41+J42+J46+J47+J48+J49 -> 248708060 | M50: =M14+M34+M35+M36+M37+M38+M39+M40+M41+M42+M46+M47+M48+M49 -> 5323371940 | O50: =O14+O34+O35+O36+O37+O38+O39+O40+O41+O42+O46+O47+O48+O49 -> 1266464886 | P50: =P14+P34+P35+P36+P37+P38+P39+P40+P41+P42+P46+P47+P48+P49 -> 5323371940 | Q50: =Q14+Q34+Q35+Q36+Q37+Q38+Q39+Q40+Q41+Q42+Q46+Q47+Q48+Q49 -> 6589836826
B51: COSTOS VARIABLES | J51: COSTOS VARIABLES | O51: COSTOS VARIABLES
B52: SERVICIOS PÚBLICOS | C52: 1 | D52: Valor unitario día x días calendario | E52: ='15. Rec, mant y serv Publicos'!F22 -> 554904 | F52: =E52 -> 554904 | G52: 92 | H52: =ROUND(E52*G52,0) -> 51051168 | J52: =ROUND(E52*(1+$Q$2),0) -> 571551 | K52: =J52 -> 571551 | L52: 365 | M52: =ROUND(J52*L52,0) -> 208616115 | O52: =H52 -> 51051168 | P52: =M52 -> 208616115 | Q52: =O52+P52 -> 259667283
B53: ASEO PERSONAL PARA LOS PARTICIPANTES | C53: 1 | D53: Valor unitario día x días calendario | E53: ='11. ASEO PARTICIPANTES'!O30 -> 1116478 | F53: =E53 -> 1116478 | G53: 92 | H53: =ROUND(E53*G53,0) -> 102715976 | J53: =ROUND(E53*(1+$Q$2),0) -> 1149972 | K53: =J53 -> 1149972 | L53: 365 | M53: =ROUND(J53*L53,0) -> 419739780 | O53: =H53 -> 102715976 | P53: =M53 -> 419739780 | Q53: =O53+P53 -> 522455756
B54: VESTUARIO PARA LOS PARTICIPANTES | C54: 1 | D54: Valor unitario día x días calendario | E54: ='10. VESTUARIO PARTICIPANTES'!O26 -> 1507202 | F54: =E54 -> 1507202 | G54: 92 | H54: =ROUND(E54*G54,0) -> 138662584 | J54: =ROUND(E54*(1+$Q$2),0) -> 1552418 | K54: =J54 -> 1552418 | L54: 365 | M54: =ROUND(J54*L54,0) -> 566632570 | O54: =H54 -> 138662584 | P54: =M54 -> 566632570 | Q54: =O54+P54 -> 705295154
B55: ALIMENTACION | C55: 1 | D55: Valor unitario día x días calendario | E55: ='17. ALIMENTACION PARTICIPANTES'!I128 -> 4585681 | F55: =E55 -> 4585681 | G55: 92 | H55: =ROUND(E55*G55,0) -> 421882652 | J55: =ROUND(E55*(1+$Q$2),0) -> 4723251 | K55: =J55 -> 4723251 | L55: 365 | M55: =ROUND(J55*L55,0) -> 1723986615 | O55: =H55 -> 421882652 | P55: =M55 -> 1723986615 | Q55: =O55+P55 -> 2145869267
B56: SUBTOTAL COSTOS VARIABLES | E56: =SUM(E52:E55) -> 7764265 | H56: =SUM(H52:H55) -> 714312380 | J56: =SUM(J52:J55) -> 7997192 | M56: =SUM(M52:M55) -> 2918975080 | O56: =SUM(O52:O55) -> 714312380 | P56: =SUM(P52:P55) -> 2918975080 | Q56: =SUM(Q52:Q55) -> 3633287460
B58: TOTAL COSTOS ESTRUCTURA | E58: =E50+E56 -> 246791424 | H58: =H50+H56 -> 1980777266 | J58: =J50+J56 -> 256705252 | M58: =M50+M56 -> 8242347020 | O58: =O50+O56 -> 1980777266 | P58: =P50+P56 -> 8242347020 | Q58: =Q50+Q56 -> 10223124286
B64: Nota 1: Calculo de precios unitarios: Las estructuras de costos, se calcularon con los precios unitarios del estudio de mercado con base a los valores unitarios viabilizados por la Subdirección de Diseño, Evaluación y Sistematización de la Secretaría Distrital de Integración Social - SDIS.
B65: Los ajustes del IPC, para la vigencia 2025 se realizaron tomando como base el valor de la vigencia anterior, para el caso del recurso Humano teniendo en cuenta el análisis del comportamiento del IPC mensual desde el mes de enero del año 2020 al mes de abril del año 2024 dando como resultado un índice del 7.04%, Además, se tuvo en cuenta el aumento del salario mínimo en los años 2022 y 2023 para mantener dicho índice. Para lo otros ítems se incrementó en el 3%.
B66: Nota 2: Indexación de precios: Para facilitar el proceso de ajuste por viabilización se adjunta Archivo con el cálculo de la indexación mes a mes para cada uno de los productos, de acuerdo con las fechas de cada uno de los memorandos de viabilización expedidos por la Subdirección de Diseño, Evaluación y Sistematización de la Secretaría Distrital de Integración Social - SDIS y la información mensual del IPC emitida por el DANE. Para este registro una vez calculado, se toma el porcentaje de IPC acumulado y el precio calculado para el mes de Abril de 2024, Documento Estudio de mercado Hoja llamada “INDEXACION PRODUCTOS MES A MES”
B67: Nota 3: Talento Humano: teniendo en cuenta la resolución de honorarios No. 30 del 5 de enero de 2024 expedida por la Secretaría Distrital de Integración Social, para el talento Humano se calculó el valor unitario mensual, y con base a este se calcula el período así: multiplicando el valor unitario mensual por cada perfil y a su vez por la cantidad de meses, tres (3) para 2024. Y doce (12) meses para la Vigencia 2025. se proyecta el talento humano con un incremento sobre el valor al cierre de la vigencia anterior del 7,04% para el 2025, se hará el incremento de acuerdo con lo que se estipule en las actualizaciones de la resolución de honorarios respectiva, emitida por la Entidad o cualquier otro documento que expida la SDIS para el incremento del talento humano de convenios o contratos.
B68: Nota 4: Dotación talento humano: Para el cálculo de la dotación de talento Humano se toma la información de los elementos exigidos en el anexo técnico y los precios indexados. este ítem se encuentra viabilizado por la Subdirección de Diseño, Evaluación y sistematización de la Secretaría Distrital de Integración Social - SDIS a través de los memorandos No. I2023004856 del 17/02/2024; I2023008278 del 17/03/2024; I2024004413 del 16/02/20024; I2024014734 del 29/05/2024. con las condiciones que se especifican a continuación, el cálculo se realiza con la formula "Valor unitario cupo día x cupos x días". Para el 2025 se incremento un 3% con respecto al precio del 2024
B69: Nota 5 Vigilancia - medio humano: De conformidad con la circular externa No. 20231300001105 del 30 de diciembre del 2023 emitida por la Superintendencia de Vigilancia y memorando de la Subdirección Administrativa y Financiera No. I2024000033 del 02 de enero de 2024; para la prestación de este servicio se requiere que la empresa de vigilancia se contrate de la siguiente manera: Se debe garantizar un servicio de 24 horas los siete días de la semana, comunicación permanente con la central de operaciones, dos guardas de seguridad debidamente uniformados, entrenados y capacitados, sin armas (1 guarda en puesto fijo y un guarda en recorrido por el centro de atención). De igual manera, supervisión permanente del personal que ingresa y sale del servicio. Se calculo con la formula "(Valor unitario mes / 30) x cantidades x días". Para las vigencias 2024, y 2025. se calculo de acuerdo con cada periodo como se especifica en la circular así: del 1 de octubre al 31 de diciembre de 2024, del 1 de enero de 2025 al 14 de Julio de 2025, del 15 de julio al 31 de Diciembre de 2025. Para el 2025 se incrementó un 3% con respecto al precio del 2024. Para el 2025 en la ejecución del contrato y con el fin de establecer el precio de referencia de vigilancia se tendrá en cuenta la circular que emita la supervigilancia.
B70: Según la circular externa emitida por la Superintendencia de Vigilancia y memorando de la Subdirección Administrativa y Financiera para la vigencia (2025), este comprende dos periodos para su cálculo, Un primer periodo que va del 1 enero al 14 de julio de cada año y el segundo que va del 15 de julio al 31 de diciembre o hasta finalizar el contrato. Razón por la cual se aclara, que para determinar la suma total de costo fijo mes, sólo se debe tener en cuenta el valor que aplica para cada periodo.
B71: Nota 6: Vigilancia Medio Tecnológico: Debe contar con Circuito cerrado de televisión con cámaras dentro del espacio funcional cubriendo las diferentes áreas que requieran vigilancia permanente, asegurando la cobertura total del centro de atención. El CCTV, debe tener las siguientes especificaciones técnicas mínimas: tecnología digital tríplex, de alta definición, grabación en tiempo real, almacenamiento digital de 180 días calendario. Se calcula el servicio con la formula "Valor unitario mes x cantidades x días" de acuerdo con el precio viabilizado por la Subdirección de Diseño, Evaluación y sistematización de la Secretaría Distrital de Integración Social - SDIS memorando No: I2024004948. Para el 2025 se incrementó un 3% con respecto al precio del 2024.
B72: Nota 7 Transporte: Este ítem se encuentra viabilizado por la Subdirección de Diseño, Evaluación y sistematización de la Secretaría Distrital de Integración Social - SDIS a través de Memorando No. I2024014734 del 29/05/2024. con las condiciones que se especifican en hoja No. 4 del estudio de mercado “Transporte" el cálculo se realiza con la formula "Valor unitario cupo día x cupos x días" donde por cantidad se toma como un (1) servicio integral comprende 2 vehículos uno por 12 horas y otro por 24 horas (incluido el conductor en ambos casos) Para el 2025 se incrementó un 3% con respecto al precio del 2024.
B73: Nota 8 Bienes no consumibles: en este ítem se incluyeron todos los elementos necesarios para el servicio que no son consumibles, equipos, mobiliario, maquinas, etc. Se realizó el cálculo del valor unitario mes, a partir de los costos unitarios de los elementos viabilizados por la Subdirección de Diseño, Evaluación y sistematización de la Secretaría Distrital de Integración Social - SDIS mediante los memorandos I2023004856 DEL 17/02/2023; I2023018072 del 23/06/2023; I2023031991 del 20/10/2023; I2023031433 del 13/10/2023; I2023031084 del 11/10/52024; I2023008278 del 17/03/2023; I2023024745 del 23/08/2023; I2024014734 del 29/05/2024; I2024004413 del 16/02/2024", se manejó una indexación mes a mes para cada producto de acuerdo con la fecha de emisión del cada uno de los memorandos de viabilización correspondientes al año 2023 este proceso se encuentra detallado en la hoja "INDEXACION DE PRODUCTOS MES A MES" del estudio de mercado, y para los productos viabilizados en el 2024 se tomo la información de los memorandos expedidos en este año. la fórmula para el cálculo es "Valor unitario cupo día x cupos x días". Para el 2025 se incrementó un 3% con respecto al precio del 2024.
B74: Nota 9 Los bienes consumibles: se encuentran distribuidos en los ítems Lavandería, Aseo Institucional, actividades pedagógicas (Talleres y papelería y Actividades recreo deportivas), y el Componente de gestión documental.
B75: Nota 10 Los Productos correspondientes a Lavandería: se encuentran viabilizados por la Subdirección de Diseño, Evaluación y Sistematización de la Secretaría Distrital de Integración Social - SDIS con los memorandos No. I2023004856 del 17/02/2023; I2023019873 del 10/07/2023 el cálculo se realización la fórmula "Valor unitario cupo día x cupos x días". Se manejó una indexación mes a mes para cada producto de acuerdo con la fecha de emisión del cada uno de los memorandos de viabilización correspondientes al año 2023 este proceso se encuentra detallado en la hoja "INDEXACION DE PRODUCTOS MES A MES" del estudio de mercado. Para el 2025 se incrementó un 3% con respecto al precio del 2024.
B76: Nota 11 Los Productos de talleres y Papelería: se encuentran viabilizados por la Subdirección de Diseño, Evaluación y Sistematización de la Secretaría Distrital de Integración Social - SDIS con los memorandos No. I2023004856 del 17/02/2023; I2023008278 del 17/03/2023; I2023015628 del 30/05/2023; I2024004413 del 16/02/2024; I2024014734 del 29/05/2024 el cálculo se realización la fórmula "Valor unitario cupo día x cupos x días" se manejó una indexación mes a mes para cada producto de acuerdo con la fecha de emisión del cada uno de los memorandos de viabilización correspondientes al año 2023 este proceso se encuentra detallado en la hoja "INDEXACION DE PRODUCTOS MES A MES" del estudio de mercado, y para los productos viabilizados en el 2024 se tomo la información de los memorandos expedidos en este año. Para el 2025 se incrementó un 3% con respecto al precio del 2024.
B77: Nota 12 Productos Recreo deportivos: se encuentran viabilizados por la Subdirección de Diseño, Evaluación y Sistematización de la Secretaría Distrital de Integración Social - SDIS con los memorandos No. I2023004856 del 17/02/2023; I2023008278 del 17/03/2023; I2023019873 del 10/07/2023; I2023032069 del 10/10/2024 del 30/05/2023; I2024014734 del 29/05/2024 el cálculo se realización la fórmula "Valor unitario cupo día x cupos x días" | C77: se manejó una indexación mes a mes para cada producto de acuerdo con la fecha de emisión del cada uno de los memorandos de viabilización correspondientes al año 2023 este proceso se encuentra detallado en la hoja "INDEXACION DE PRODUCTOS MES A MES" del estudio de mercado, y para los productos viabilizados en el 2024 se tomo la información de los memorandos expedidos en este año. Para el 2025 se incrementó un 3% con respecto al precio del 2024.
B78: Nota 13 Talleres Agrícolas: Los Productos se encuentran viabilizados por la Subdirección de Diseño, Evaluación y Sistematización de la Secretaría Distrital de Integración Social - SDIS con los memorandos No. I2023004856 del 17/02/2023; I2023008278 del 17/03/2023; I2023019873 del 10/07/2023; I2023015628 del 30/05/2023; I2024004413 del 16/02/2024; I2024014734 del 29/05/2024 el cálculo se realización la fórmula "Valor unitario cupo día x cupos x días". se manejó una indexación mes a mes para cada producto de acuerdo con la fecha de emisión del cada uno de los memorandos de viabilización correspondientes al año 2023 este proceso se encuentra detallado en la hoja "INDEXACION DE PRODUCTOS MES A MES" del estudio de mercado, y para los productos viabilizados en el 2024 se tomo la información de los memorandos expedidos en este año. Para el 2025 se incrementó un 3% con respecto al precio del 2024.
B79: Nota 14 Aseo Institucional: se encuentran viabilizados por la Subdirección de Diseño, Evaluación y Sistematización de la Secretaría Distrital de Integración Social - SDIS con los memorandos No. I2023004856 del 17/02/2023; I2023008278 del 17/03/2023; I2023019873 del 10/07/2023; I2024004413 del 16/02/2024 el cálculo se realización la fórmula "Valor unitario cupo día x cupos x días". se manejó una indexación mes a mes para cada producto de acuerdo con la fecha de emisión del cada uno de los memorandos de viabilización correspondientes al año 2023 este proceso se encuentra detallado en la hoja "INDEXACION DE PRODUCTOS MES A MES" del estudio de mercado, y para los productos viabilizados en el 2024 se tomo la información de los memorandos expedidos en este año. Para el 2025 se incrementó un 3% con respecto al precio del 2024.
B80: Nota 15 Aseo Participantes: Se encuentran viabilizados por la Subdirección de Diseño, Evaluación y Sistematización de la Secretaría Distrital de Integración Social - SDIS con los memorandos No. I2023008278 del 17/03/2023; I2023019873 del 10/07/2023; I2023010652 del 14/04/2023; I2024014734 del 29/05/2024 el cálculo se realización la fórmula Valor unitario cupo día x cupos x días calendario". se manejó una indexación mes a mes para cada producto de acuerdo con la fecha de emisión del cada uno de los memorandos de viabilización correspondientes al año 2023 este proceso se encuentra detallado en la hoja "INDEXACION DE PRODUCTOS MES A MES" del estudio de mercado, y para los productos viabilizados en el 2024 se tomo la información de los memorandos expedidos en este año. Para el 2025 se incrementó un 3% con respecto al precio del 2024.
B81: Nota 16 Vestuario Participantes: Se encuentran viabilizados por la Subdirección de Diseño, Evaluación y Sistematización de la Secretaría Distrital de Integración Social - SDIS con los memorandos No. I2023004856 del 17/02/2023; I2023019873 del 10/07/2023; I2024014734 del 29/05/2024 el cálculo se realización la fórmula Valor unitario cupo día x cupos x días calendario". se manejó una indexación mes a mes para cada producto de acuerdo con la fecha de emisión del cada uno de los memorandos de viabilización correspondientes al año 2023 este proceso se encuentra detallado en la hoja "INDEXACION DE PRODUCTOS MES A MES" del estudio de mercado, y para los productos viabilizados en el 2024 se tomo la información de los memorandos expedidos en este año. Para el 2025 se incrementó un 3% con respecto al precio del 2024.
B82: Nota 17: Alimentación participantes: De acuerdo con aporte nutricional definido para el servicio, con base en las recomendaciones de ingesta de calorías y nutrientes para la población habitante de calle o en riesgo de estarlo, de 29 años en adelante y la minuta definida por la Dirección de Nutrición y Abastecimiento, se realizó el cálculo del costo mensual, a partir de los costos unitarios de los alimentos viabilizados por la Subdirección de Diseño, Evaluación y sistematización de la Secretaría Distrital de Integración Social - SDIS mediante los radicados definidos I2024011245 26/04/2024; I2024012926 14/05/2024; I2024011757 1/05/2024; I2024011415 29/04/2024; I2024005209 24/02/2024, I2024013739 21/05/2024. Así mismo, El cálculo se realiza con la siguiente formula Valor unitario cupo día x cupos x días calendario calendario" Para el 2025 se incrementó un 3% con respecto al precio del 2024.
B83: Nota 18: Productos de Panadería para la alimentación de los participantes: se tuvo en cuenta para los productos de panadería los precios suministrados por la Dirección de Nutrición Y Abastecimiento viabilizados según correo enviado el miércoles 5 de junio de 2024. este proceso se encuentra detallado en la hoja "INDEXACION DE PRODUCTOS MES A MES" del estudio de mercado, y para los productos viabilizados en el 2024 se tomo la información de los memorandos expedidos en este año. Para el 2025 se incrementó un 3% con respecto al precio del 2024.
B84: Nota 19 Reconocimiento del Inmueble; se encuentran viabilizados por la Subdirección de Diseño, Evaluación y Sistematización de la Secretaría Distrital de Integración Social - SDIS con los memorandos No. I2024014734 del 29/05/2024 el calculo se realización la fórmula "Valor unitario cupo día x cupos x días". Para el 2025 se incrementó un 3% con respecto al precio del 2024.
B85: Nota 20 Mantenimiento del Inmueble; se encuentran viabilizados por la Subdirección de Diseño, Evaluación y Sistematización de la Secretaría Distrital de Integración Social - SDIS con los memorandos No. I2024014734 del 29/05/2024 el calculo se realización la fórmula "Valor unitario cupo día x cupos x días". Para el 2025 se incrementó un 3% con respecto al precio del 2024.
B86: Nota 21 Servicios Públicos: Para el caso de los servicios Públicos, Energía, Acueducto, gas, aseo, telefonía e internet se encuentra viabilizado por la Subdirección de Diseño, Evaluación y Sistematización de la Secretaría Distrital de Integración Social - SDIS con los memorandos No. I2024014734 del 29/05/2024, este se toma como un costo variable por tanto la formula para el calculo en la estructura es la siguiente: Valor unitario cupo día x cupos x días calendario" Para el 2025 se incrementó un 3% con respecto al precio del 2024.
B87: Nota 22: EL Incremento del IPC para la Vigencias 2025: Durante la ejecución del contrato para la vigencia 2025 Se tendrá en cuenta el IPC publicado por el Departamento Administrativo Nacional de Estadística DANE. Y la oferta comercial adjudicada. Para este cálculo se aplicará el valor de la diferencia sea por encima o por debajo sobre el porcentaje de incremento aplicado en la oferta comercial para la vigencia 2025. Como resultado se obtendrá unos nuevos precios de referencia para cada ítem, a excepción de talento humano y vigilancia medio Humano.
B88: Talento Humano- 2025 se hará teniendo en cuenta la oferta comercial adjudicada y el incremento de acuerdo con lo que se estipule en las actualizaciones de la resolución de honorarios respectiva, emitida por la SDIS o cualquier otro documento que expida la SDIS para el incremento del talento humano de convenios o contratos.
B89: Vigilancia - 2025 medio Humano: se hará teniendo en cuenta la circular que expida la superintendencia para el 2025.
... B93: Nota 25: Teniendo en cuenta que los precios de referencia que se publican en SECOP “Oferta Económica” Identificados en las columnas como “valor unitario Cupo Dia 2024” y “valor unitario cupo día 2025” es el valor máximo por ítem para que el proponente presente su propuesta; por lo anterior de conformidad con su oferta económica el proponente debe diligenciar el Formato XXX donde indique para cada ítem de la estructura el porcentaje de menor o mayor valor frente al valor unitario mes 2024 y 2025.Porcentaje base para actualizar los precios del 2025.

Sheet Est. de costos Lote 2 cupos 130
B1: ESTRUCTURA DE COSTOS | P1: In IPC TH | Q1: 0.0704
B2: 7948 Desarrollo del abordaje integral del fenómeno de habitabilidad en calle para contribuir a la reducción de las formas extremas de exclusión en Bogotá D.C. | P2: Proy IPC SDIS | Q2: 0.03
B3: SERVICIO DE ATENCIÓN COMUNIDAD DE VIDA PARA PERSONAS HABITANTES DE CALLE
B4: Objeto: Brindar procesos de atención integral orientados a la población habitante de calle de 29 años de edad en adelante, a través de un servicio de comunidad de vida dirigido a la superación de las formas extremas de exclusión asociadas a las dinámicas de vida en la calle. | D4: Objeto: Brindar procesos de atención integral orientados a la población habitante de calle de 29 años de edad en adelante, a través de un servicio de comunidad de vida dirigido a la superación de las formas extremas de exclusión asociadas a las dinámicas de vida en la calle.
B5: PLAZO: 15 MESES
B9: COBERTURA (# DE CUPOS): | C9: 130 | J9: CUPO 130 | O9: TOTAL ESTRUCTURA
B10: PLAZO: | C10: 3 MESES | J10: PLAZ0 12 MESES | O10: PLAZO TOTAL 15 MESES
K11: 0.03
B12: ITEM | C12: CANTIDAD | D12: FORMULA | E12: VALOR UNITARIO MES 2024 | F12: VALOR MENSUAL 2024 | G12: PERIODO MESES 30 DIAS (CF) DIAS CALENDARIO (CV) | H12: VALOR VIGENCIA 1 DE OCTUBRE DE 2024 AL 31 DE DICIEMBRE DE 2024 | J12: VALOR UNITARIO MES 2025 | K12: VALOR MENSUAL 2025 | L12: PERIODO MESES 30 DIAS (CF) DIAS CALENDARIO (CV) | M12: VIGENCIA 01 ENERO A DICIEBRE 31 DE 2025 | O12: VIGENCIA 2024 | P12: VIGENCIA FUTURAS (2025) | Q12: TOTAL
B13: COSTOS FIJOS | J13: COSTOS FIJOS | O13: COSTOS FIJOS
B14: TALENTO HUMANO | C14: =SUM(C15:C33) -> 72 | E14: =SUM(E15:E33) -> 62130707 | F14: =SUM(F15:F33) -> 220835356 | H14: =SUM(H15:H33) -> 662506068 | J14: =SUM(J15:J33) -> 66504713 | K14: =SUM(K15:K33) -> 236382185 | M14: =SUM(M15:M33) -> 2836586220 | O14: =SUM(O15:O33) -> 662506068 | P14: =SUM(P15:P33) -> 2836586220 | Q14: =SUM(Q15:Q33) -> 3499092288
A15: 1 | B15: COORDINADOR/A O RESPONSABLE | C15: =IFERROR(VLOOKUP($B15,'REQUISTO MIN TH'!$A$2:$H$27,7,0),0) -> 1 | D15: Valor mensual x periodo | E15: =IFERROR((VLOOKUP($B15,'1. TABLA COSTOS REC HUMANO'!$B$7:$M$31,3,0)),0) -> 5133210 | F15: =ROUND(E15*$C15,0) -> 5133210 | G15: 3 | H15: =ROUND(F15*G15,0) -> 15399630 | J15: =ROUND(E15*(1+$Q$1),0) -> 5494588 | K15: =ROUND(J15*$C15,0) -> 5494588 | L15: 12 | M15: =ROUND(K15*L15,0) -> 65935056 | O15: =H15 -> 15399630 | P15: =M15 -> 65935056 | Q15: =O15+P15 -> 81334686
A16: 2 | B16: NUTRICIONISTA DIETISTA | C16: =IFERROR(VLOOKUP($B16,'REQUISTO MIN TH'!$A$2:$H$27,7,0),0) -> 2 | D16: Valor mensual x periodo | E16: =IFERROR((VLOOKUP($B16,'1. TABLA COSTOS REC HUMANO'!$B$7:$M$31,3,0)),0) -> 4399725 | F16: =ROUND(E16*$C16,0) -> 8799450 | G16: 3 | H16: =ROUND(F16*G16,0) -> 26398350 | J16: =ROUND(E16*(1+$Q$1),0) -> 4709466 | K16: =ROUND(J16*$C16,0) -> 9418932 | L16: 12 | M16: =ROUND(K16*L16,0) -> 113027184 | O16: =H16 -> 26398350 | P16: =M16 -> 113027184 | Q16: =O16+P16 -> 139425534
A17: 4 | B17: PROFESIONAL EN PEDAGOGÍA REEDUCADOR O LICENCIADO EN PEDAGOGIA | C17: =IFERROR(VLOOKUP($B17,'REQUISTO MIN TH'!$A$2:$H$27,7,0),0) -> 2 | D17: Valor mensual x periodo | E17: =IFERROR((VLOOKUP($B17,'1. TABLA COSTOS REC HUMANO'!$B$7:$M$31,3,0)),0) -> 4399725 | F17: =ROUND(E17*$C17,0) -> 8799450 | G17: 3 | H17: =ROUND(F17*G17,0) -> 26398350 | J17: =ROUND(E17*(1+$Q$1),0) -> 4709466 | K17: =ROUND(J17*$C17,0) -> 9418932 | L17: 12 | M17: =ROUND(K17*L17,0) -> 113027184 | O17: =H17 -> 26398350 | P17: =M17 -> 113027184 | Q17: =O17+P17 -> 139425534
A18: 5 | B18: PROFESIONAL EN PSICOLOGÍA | C18: =IFERROR(VLOOKUP($B18,'REQUISTO MIN TH'!$A$2:$H$27,7,0),0) -> 5 | D18: Valor mensual x periodo | E18: =IFERROR((VLOOKUP($B18,'1. TABLA COSTOS REC HUMANO'!$B$7:$M$31,3,0)),0) -> 4399725 | F18: =ROUND(E18*$C18,0) -> 21998625 | G18: 3 | H18: =ROUND(F18*G18,0) -> 65995875 | J18: =ROUND(E18*(1+$Q$1),0) -> 4709466 | K18: =ROUND(J18*$C18,0) -> 23547330 | L18: 12 | M18: =ROUND(K18*L18,0) -> 282567960 | O18: =H18 -> 65995875 | P18: =M18 -> 282567960 | Q18: =O18+P18 -> 348563835
A19: 6 | B19: TERAPEUTA OCUPACIONAL | C19: =IFERROR(VLOOKUP($B19,'REQUISTO MIN TH'!$A$2:$H$27,7,0),0) -> 5 | D19: Valor mensual x periodo | E19: =IFERROR((VLOOKUP($B19,'1. TABLA COSTOS REC HUMANO'!$B$7:$M$31,3,0)),0) -> 4399725 | F19: =ROUND(E19*$C19,0) -> 21998625 | G19: 3 | H19: =ROUND(F19*G19,0) -> 65995875 | J19: =ROUND(E19*(1+$Q$1),0) -> 4709466 | K19: =ROUND(J19*$C19,0) -> 23547330 | L19: 12 | M19: =ROUND(K19*L19,0) -> 282567960 | O19: =H19 -> 65995875 | P19: =M19 -> 282567960 | Q19: =O19+P19 -> 348563835
A20: 8 | B20: TRABAJADOR (A) SOCIAL | C20: =IFERROR(VLOOKUP($B20,'REQUISTO MIN TH'!$A$2:$H$27,7,0),0) -> 5 | D20: Valor mensual x periodo | E20: =IFERROR((VLOOKUP($B20,'1. TABLA COSTOS REC HUMANO'!$B$7:$M$31,3,0)),0) -> 4399725 | F20: =ROUND(E20*$C20,0) -> 21998625 | G20: 3 | H20: =ROUND(F20*G20,0) -> 65995875 | J20: =ROUND(E20*(1+$Q$1),0) -> 4709466 | K20: =ROUND(J20*$C20,0) -> 23547330 | L20: 12 | M20: =ROUND(K20*L20,0) -> 282567960 | O20: =H20 -> 65995875 | P20: =M20 -> 282567960 | Q20: =O20+P20 -> 348563835
A21: 9 | B21: EDUCADOR FÍSICO | C21: =IFERROR(VLOOKUP($B21,'REQUISTO MIN TH'!$A$2:$H$27,7,0),0) -> 2 | D21: Valor mensual x periodo | E21: =IFERROR((VLOOKUP($B21,'1. TABLA COSTOS REC HUMANO'!$B$7:$M$31,3,0)),0) -> 3666240 | F21: =ROUND(E21*$C21,0) -> 7332480 | G21: 3 | H21: =ROUND(F21*G21,0) -> 21997440 | J21: =ROUND(E21*(1+$Q$1),0) -> 3924343 | K21: =ROUND(J21*$C21,0) -> 7848686 | L21: 12 | M21: =ROUND(K21*L21,0) -> 94184232 | O21: =H21 -> 21997440 | P21: =M21 -> 94184232 | Q21: =O21+P21 -> 116181672
A22: 10 | B22: PROMOTORES (AS) SOCIAL | C22: =IFERROR(VLOOKUP($B22,'REQUISTO MIN TH'!$A$2:$H$27,7,0),0) -> 20 | D22: Valor mensual x periodo | E22: =IFERROR((VLOOKUP($B22,'1. TABLA COSTOS REC HUMANO'!$B$7:$M$31,3,0)),0) -> 2445690 | F22: =ROUND(E22*$C22,0) -> 48913800 | G22: 3 | H22: =ROUND(F22*G22,0) -> 146741400 | J22: =ROUND(E22*(1+$Q$1),0) -> 2617867 | K22: =ROUND(J22*$C22,0) -> 52357340 | L22: 12 | M22: =ROUND(K22*L22,0) -> 628288080 | O22: =H22 -> 146741400 | P22: =M22 -> 628288080 | Q22: =O22+P22 -> 775029480
A23: 3 | B23: TECNICO OPERATIVO | C23: =IFERROR(VLOOKUP($B23,'REQUISTO MIN TH'!$A$2:$H$27,7,0),0) -> 1 | D23: Valor mensual x periodo | E23: =IFERROR((VLOOKUP($B23,'1. TABLA COSTOS REC HUMANO'!$B$7:$M$31,3,0)),0) -> 2885920 | F23: =ROUND(E23*$C23,0) -> 2885920 | G23: 3 | H23: =ROUND(F23*G23,0) -> 8657760 | J23: =ROUND(E23*(1+$Q$1),0) -> 3089089 | K23: =ROUND(J23*$C23,0) -> 3089089 | L23: 12 | M23: =ROUND(K23*L23,0) -> 37069068 | O23: =H23 -> 8657760 | P23: =M23 -> 37069068 | Q23: =O23+P23 -> 45726828
A24: 11 | B24: TÉCNICO ADMINISTRATIVO | C24: =IFERROR(VLOOKUP($B24,'REQUISTO MIN TH'!$A$2:$H$27,7,0),0) -> 1 | D24: Valor mensual x periodo | E24: =IFERROR((VLOOKUP($B24,'1. TABLA COSTOS REC HUMANO'!$B$7:$M$31,3,0)),0) -> 2885920 | F24: =ROUND(E24*$C24,0) -> 2885920 | G24: 3 | H24: =ROUND(F24*G24,0) -> 8657760 | J24: =ROUND(E24*(1+$Q$1),0) -> 3089089 | K24: =ROUND(J24*$C24,0) -> 3089089 | L24: 12 | M24: =ROUND(K24*L24,0) -> 37069068 | O24: =H24 -> 8657760 | P24: =M24 -> 37069068 | Q24: =O24+P24 -> 45726828
A25: 12 | B25: TÉCNICO(A) O TECNÓLOGO(A) AMBIENTAL | C25: =IFERROR(VLOOKUP($B25,'REQUISTO MIN TH'!$A$2:$H$27,7,0),0) -> 1 | D25: Valor mensual x periodo | E25: =IFERROR((VLOOKUP($B25,'1. TABLA COSTOS REC HUMANO'!$B$7:$M$31,3,0)),0) -> 2885920 | F25: =ROUND(E25*$C25,0) -> 2885920 | G25: 3 | H25: =ROUND(F25*G25,0) -> 8657760 | J25: =ROUND(E25*(1+$Q$1),0) -> 3089089 | K25: =ROUND(J25*$C25,0) -> 3089089 | L25: 12 | M25: =ROUND(K25*L25,0) -> 37069068 | O25: =H25 -> 8657760 | P25: =M25 -> 37069068 | Q25: =O25+P25 -> 45726828
A26: 13 | B26: TÉCNICO(A) O TECNÓLOGO(A) EN ALIMENTOS | C26: =IFERROR(VLOOKUP($B26,'REQUISTO MIN TH'!$A$2:$H$27,7,0),0) -> 1 | D26: Valor mensual x periodo | E26: =IFERROR((VLOOKUP($B26,'1. TABLA COSTOS REC HUMANO'!$B$7:$M$31,3,0)),0) -> 2885920 | F26: =ROUND(E26*$C26,0) -> 2885920 | G26: 3 | H26: =ROUND(F26*G26,0) -> 8657760 | J26: =ROUND(E26*(1+$Q$1),0) -> 3089089 | K26: =ROUND(J26*$C26,0) -> 3089089 | L26: 12 | M26: =ROUND(K26*L26,0) -> 37069068 | O26: =H26 -> 8657760 | P26: =M26 -> 37069068 | Q26: =O26+P26 -> 45726828
... A33: 19 | B33: SERVICIOS GENERALES | C33: =IFERROR(VLOOKUP($B33,'REQUISTO MIN TH'!$A$2:$H$27,7,0),0) -> 6 | D33: Valor mensual x periodo | E33: =IFERROR((VLOOKUP($B33,'1. TABLA COSTOS REC HUMANO'!$B$7:$M$31,3,0)),0) -> 2281433 | F33: =ROUND(E33*$C33,0) -> 13688598 | G33: 3 | H33: =ROUND(F33*G33,0) -> 41065794 | J33: =ROUND(E33*(1+$Q$1),0) -> 2442046 | K33: =ROUND(J33*$C33,0) -> 14652276 | L33: 12 | M33: =ROUND(K33*L33,0) -> 175827312 | O33: =H33 -> 41065794 | P33: =M33 -> 175827312 | Q33: =O33+P33 -> 216893106
B34: DOTACION DE TALENTO HUMANO | C34: 1 | D34: Valor mensual x periodo | E34: ='2. DOTACION PARA TALENTO HUMANO'!O19 -> 4126120 | F34: =ROUND(E34*$C34,0) -> 4126120 | G34: 3 | H34: =ROUND(F34*G34,0) -> 12378360 | J34: =ROUND(E34*(1+$Q$2),0) -> 4249904 | K34: =ROUND(J34*$C34,0) -> 4249904 | L34: 12 | M34: =ROUND(K34*L34,0) -> 50998848 | O34: =H34 -> 12378360 | P34: =M34 -> 50998848 | Q34: =O34+P34 -> 63377208
B35: VIGILANCIA + TARIFA ADMINISTRACION Y SUPERVISION+AIU (DEL 01 ENERO AL 14 DE JULIO PARA CADA VIGENCIAS) | C35: 2 | D35: Valor unitario día x días | E35: ='3. VIGILANCIA'!O7 -> 864353 | F35: =E35 -> 864353 | G35: 0 | H35: =ROUND(E35*G35,0) -> 0 | J35: =ROUND(($E35*$Q$2)+$E35,0) -> 890284 | K35: =J35 -> 890284 | L35: 194 | M35: =ROUND(J35*L35,0) -> 172715096 | O35: =H35 -> 0 | P35: =M35 -> 172715096 | Q35: =O35+P35 -> 172715096
B36: VIGILANCIA + TARIFA ADMINISTRACION Y SUPERVISION+AIU (DEL 15 DE JULIO AL 31 DE DICIEMBREPARA CADA VIGENCIA) | C36: 2 | D36: Valor unitario día x días | E36: ='3. VIGILANCIA'!O8 -> 871983 | F36: =E36 -> 871983 | G36: 90 | H36: =ROUND(E36*G36,0) -> 78478470 | J36: =ROUND(($E36*$Q$2)+$E36,0) -> 898142 | K36: =J36 -> 898142 | L36: 166 | M36: =ROUND(J36*L36,0) -> 149091572 | O36: =H36 -> 78478470 | P36: =M36 -> 149091572 | Q36: =O36+P36 -> 227570042
B37: VIGILANCIA + MEDIO TECNOLOGICO | C37: 1 | D37: Valor mensual x periodo | E37: ='3. VIGILANCIA'!P13 -> 1820680 | F37: =ROUND(E37*C37,0) -> 1820680 | G37: 3 | H37: =ROUND(F37*G37,0) -> 5462040 | J37: =ROUND(E37*(1+$Q$2),0) -> 1875300 | K37: =ROUND(J37*$C37,0) -> 1875300 | L37: 12 | M37: =ROUND(K37*L37,0) -> 22503600 | O37: =H37 -> 5462040 | P37: =M37 -> 22503600 | Q37: =O37+P37 -> 27965640
B38: TRANSPORTE | C38: 1 | D38: Valor mensual x periodo | E38: ='4. TRANSPORTE'!L10 -> 32759584 | F38: =ROUND(E38*C38,0) -> 32759584 | G38: 3 | H38: =ROUND(F38*G38,0) -> 98278752 | J38: =ROUND(E38*(1+$Q$2),0) -> 33742372 | K38: =ROUND(J38*$C38,0) -> 33742372 | L38: 12 | M38: =ROUND(K38*L38,0) -> 404908464 | O38: =H38 -> 98278752 | P38: =M38 -> 404908464 | Q38: =O38+P38 -> 503187216
B39: BIENES NO CONSUMIBLES | C39: 1 | D39: Valor mensual x periodo | E39: ='5. BIENES NO CONSUMIBLES'!N113 -> 19253061 | F39: =ROUND(E39*C39,0) -> 19253061 | G39: 3 | H39: =ROUND(F39*G39,0) -> 57759183 | J39: =ROUND(E39*(1+$Q$2),0) -> 19830653 | K39: =ROUND(J39*$C39,0) -> 19830653 | L39: 12 | M39: =ROUND(K39*L39,0) -> 237967836 | O39: =H39 -> 57759183 | P39: =M39 -> 237967836 | Q39: =O39+P39 -> 295727019
B40: LAVANDERIA | C40: 1 | D40: Valor mensual x periodo | E40: ='14. LAVANDERIA'!N12 -> 714526 | F40: =ROUND(E40*C40,0) -> 714526 | G40: 3 | H40: =ROUND(F40*G40,0) -> 2143578 | J40: =ROUND(E40*(1+$Q$2),0) -> 735962 | K40: =ROUND(J40*$C40,0) -> 735962 | L40: 12 | M40: =ROUND(K40*L40,0) -> 8831544 | O40: =H40 -> 2143578 | P40: =M40 -> 8831544 | Q40: =O40+P40 -> 10975122
B41: ASEO INSTITUCIONAL | C41: 1 | D41: Valor mensual x periodo | E41: ='13. ASEO INSTITUCIONAL'!N35 -> 2831700 | F41: =ROUND(E41*C41,0) -> 2831700 | G41: 3 | H41: =ROUND(F41*G41,0) -> 8495100 | J41: =ROUND(E41*(1+$Q$2),0) -> 2916651 | K41: =ROUND(J41*$C41,0) -> 2916651 | L41: 12 | M41: =ROUND(K41*L41,0) -> 34999812 | O41: =H41 -> 8495100 | P41: =M41 -> 34999812 | Q41: =O41+P41 -> 43494912
B42: ACTIVIDADES PEDAGOGICAS, LUDICAS, RECREATIVAS, DEPORTIVAS | C42: 1 | D42: Talleres y papelería + Actividades recreo deportivas | E42: =SUM(E43:E45) -> 34602594 | F42: =SUM(F43:F45) -> 34602594 | H42: =SUM(H43:H45) -> 103807782 | J42: =SUM(J43:J45) -> 35640672 | K42: =SUM(K43:K45) -> 35640672 | M42: =SUM(M43:M45) -> 427688064 | O42: =H42 -> 103807782 | P42: =SUM(P43:P45) -> 427688064 | Q42: =O42+P42 -> 531495846
B43: TALLERES Y PAPELERIA | C43: 1 | D43: Valor mensual x periodo | E43: ='7. TALLERES Y PAPELERIA'!N43 -> 5911115 | F43: =ROUND(E43*C43,0) -> 5911115 | G43: 3 | H43: =ROUND(F43*G43,0) -> 17733345 | J43: =ROUND(E43*(1+$Q$2),0) -> 6088448 | K43: =ROUND(J43*$C43,0) -> 6088448 | L43: 12 | M43: =ROUND(K43*L43,0) -> 73061376 | O43: =H43 -> 17733345 | P43: =M43 -> 73061376 | Q43: =O43+P43 -> 90794721
B44: ACTIVIDADES RECREODEPORTIVAS | C44: 1 | D44: Valor mensual x periodo | E44: ='8. RECREO DEPORTIVAS'!N32 -> 953923 | F44: =ROUND(E44*C44,0) -> 953923 | G44: 3 | H44: =ROUND(F44*G44,0) -> 2861769 | J44: =ROUND(E44*(1+$Q$2),0) -> 982541 | K44: =ROUND(J44*$C44,0) -> 982541 | L44: 12 | M44: =ROUND(K44*L44,0) -> 11790492 | O44: =H44 -> 2861769 | P44: =M44 -> 11790492 | Q44: =O44+P44 -> 14652261
B45: ACTIVIDADES AGRO RURAL + URBANA | C45: 1 | D45: Valor mensual x periodo | E45: ='9. TALLER AGRICOLA'!O64 -> 27737556 | F45: =ROUND(E45*C45,0) -> 27737556 | G45: 3 | H45: =ROUND(F45*G45,0) -> 83212668 | J45: =ROUND(E45*(1+$Q$2),0) -> 28569683 | K45: =ROUND(J45*$C45,0) -> 28569683 | L45: 12 | M45: =ROUND(K45*L45,0) -> 342836196 | O45: =H45 -> 83212668 | P45: =M45 -> 342836196 | Q45: =O45+P45 -> 426048864
B46: COMPONENTE DE GESTION DOCUMENTAL | C46: 1 | D46: Valor mensual x periodo | E46: ='12. Comp Gestion Documental'!N20 -> 1132607 | F46: =ROUND(E46*C46,0) -> 1132607 | G46: 3 | H46: =ROUND(F46*G46,0) -> 3397821 | J46: =ROUND(E46*(1+$Q$2),0) -> 1166585 | K46: =ROUND(J46*$C46,0) -> 1166585 | L46: 12 | M46: =ROUND(K46*L46,0) -> 13999020 | O46: =H46 -> 3397821 | P46: =M46 -> 13999020 | Q46: =O46+P46 -> 17396841
B47: PIEZAS COMUNICATIVAS Y DE DIFUSIÓN | C47: 1 | D47: Valor mensual x periodo | E47: ='16, Piezas comunic. y de difus'!M7 -> 21560 | F47: =ROUND(E47*C47,0) -> 21560 | G47: 3 | H47: =ROUND(F47*G47,0) -> 64680 | J47: =ROUND(E47*(1+$Q$2),0) -> 22207 | K47: =ROUND(J47*$C47,0) -> 22207 | L47: 12 | M47: =ROUND(K47*L47,0) -> 266484 | O47: =H47 -> 64680 | P47: =M47 -> 266484 | Q47: =O47+P47 -> 331164
B48: RECONOCIMIENTO DE INMUEBLE | C48: 1 | D48: Valor mensual x periodo | E48: ='15. Rec, mant y serv Publicos'!E7 -> 64260000 | F48: =ROUND(E48*C48,0) -> 64260000 | G48: 3 | H48: =ROUND(F48*G48,0) -> 192780000 | J48: =ROUND(E48*(1+$Q$2),0) -> 66187800 | K48: =ROUND(J48*$C48,0) -> 66187800 | L48: 12 | M48: =ROUND(K48*L48,0) -> 794253600 | O48: =H48 -> 192780000 | P48: =M48 -> 794253600 | Q48: =O48+P48 -> 987033600
B49: MANTENIMIENTO DEL INMUEBLE | C49: 1 | D49: Valor mensual x periodo | E49: ='15. Rec, mant y serv Publicos'!E9 -> 13637684 | F49: =ROUND(E49*C49,0) -> 13637684 | G49: 3 | H49: =ROUND(F49*G49,0) -> 40913052 | J49: =ROUND(E49*(1+$Q$2),0) -> 14046815 | K49: =ROUND(J49*$C49,0) -> 14046815 | L49: 12 | M49: =ROUND(K49*L49,0) -> 168561780 | O49: =H49 -> 40913052 | P49: =M49 -> 168561780 | Q49: =O49+P49 -> 209474832
B50: SUBTOTAL COSTOS FIJOS | E50: =E14+E34+E35+E36+E37+E38+E39+E40+E41+E42+E46+E47+E48+E49 -> 239027159 | H50: =H14+H34+H35+H36+H37+H38+H39+H40+H41+H42+H46+H47+H48+H49 -> 1266464886 | J50: =J14+J34+J35+J36+J37+J38+J39+J40+J41+J42+J46+J47+J48+J49 -> 248708060 | M50: =M14+M34+M35+M36+M37+M38+M39+M40+M41+M42+M46+M47+M48+M49 -> 5323371940 | O50: =O14+O34+O35+O36+O37+O38+O39+O40+O41+O42+O46+O47+O48+O49 -> 1266464886 | P50: =P14+P34+P35+P36+P37+P38+P39+P40+P41+P42+P46+P47+P48+P49 -> 5323371940 | Q50: =Q14+Q34+Q35+Q36+Q37+Q38+Q39+Q40+Q41+Q42+Q46+Q47+Q48+Q49 -> 6589836826
B51: COSTOS VARIABLES | J51: COSTOS VARIABLES | O51: COSTOS VARIABLES
B52: SERVICIOS PÚBLICOS | C52: 1 | D52: Valor unitario día x días calendario | E52: ='15. Rec, mant y serv Publicos'!F22 -> 554904 | F52: =E52 -> 554904 | G52: 92 | H52: =ROUND(E52*G52,0) -> 51051168 | J52: =ROUND(E52*(1+$Q$2),0) -> 571551 | K52: =J52 -> 571551 | L52: 365 | M52: =ROUND(J52*L52,0) -> 208616115 | O52: =H52 -> 51051168 | P52: =M52 -> 208616115 | Q52: =O52+P52 -> 259667283
B53: ASEO PERSONAL PARA LOS PARTICIPANTES | C53: 1 | D53: Valor unitario día x días calendario | E53: ='11. ASEO PARTICIPANTES'!O30 -> 1116478 | F53: =E53 -> 1116478 | G53: 92 | H53: =ROUND(E53*G53,0) -> 102715976 | J53: =ROUND(E53*(1+$Q$2),0) -> 1149972 | K53: =J53 -> 1149972 | L53: 365 | M53: =ROUND(J53*L53,0) -> 419739780 | O53: =H53 -> 102715976 | P53: =M53 -> 419739780 | Q53: =O53+P53 -> 522455756
B54: VESTUARIO PARA LOS PARTICIPANTES | C54: 1 | D54: Valor unitario día x días calendario | E54: ='10. VESTUARIO PARTICIPANTES'!O26 -> 1507202 | F54: =E54 -> 1507202 | G54: 92 | H54: =ROUND(E54*G54,0) -> 138662584 | J54: =ROUND(E54*(1+$Q$2),0) -> 1552418 | K54: =J54 -> 1552418 | L54: 365 | M54: =ROUND(J54*L54,0) -> 566632570 | O54: =H54 -> 138662584 | P54: =M54 -> 566632570 | Q54: =O54+P54 -> 705295154
B55: ALIMENTACION | C55: 1 | D55: Valor unitario día x días calendario | E55: ='17. ALIMENTACION PARTICIPANTES'!I128 -> 4585681 | F55: =E55 -> 4585681 | G55: 92 | H55: =ROUND(E55*G55,0) -> 421882652 | J55: =ROUND(E55*(1+$Q$2),0) -> 4723251 | K55: =J55 -> 4723251 | L55: 365 | M55: =ROUND(J55*L55,0) -> 1723986615 | O55: =H55 -> 421882652 | P55: =M55 -> 1723986615 | Q55: =O55+P55 -> 2145869267
B56: SUBTOTAL COSTOS VARIABLES | E56: =SUM(E52:E55) -> 7764265 | H56: =SUM(H52:H55) -> 714312380 | J56: =SUM(J52:J55) -> 7997192 | M56: =SUM(M52:M55) -> 2918975080 | O56: =SUM(O52:O55) -> 714312380 | P56: =SUM(P52:P55) -> 2918975080 | Q56: =SUM(Q52:Q55) -> 3633287460
B58: TOTAL COSTOS ESTRUCTURA | E58: =E50+E56 -> 246791424 | H58: =H50+H56 -> 1980777266 | J58: =J50+J56 -> 256705252 | M58: =M50+M56 -> 8242347020 | O58: =O50+O56 -> 1980777266 | P58: =P50+P56 -> 8242347020 | Q58: =Q50+Q56 -> 10223124286
B64: Nota 1: Calculo de precios unitarios: Las estructuras de costos, se calcularon con los precios unitarios del estudio de mercado con base a los valores unitarios viabilizados por la Subdirección de Diseño, Evaluación y Sistematización de la Secretaría Distrital de Integración Social - SDIS.
B65: Los ajustes del IPC, para la vigencia 2025 se realizaron tomando como base el valor de la vigencia anterior, para el caso del recurso Humano teniendo en cuenta el análisis del comportamiento del IPC mensual desde el mes de enero del año 2020 al mes de abril del año 2024 dando como resultado un índice del 7.04%, Además, se tuvo en cuenta el aumento del salario mínimo en los años 2022 y 2023 para mantener dicho índice. Para lo otros ítems se incrementó en el 3%.
B66: Nota 2: Indexación de precios: Para facilitar el proceso de ajuste por viabilización se adjunta Archivo con el cálculo de la indexación mes a mes para cada uno de los productos, de acuerdo con las fechas de cada uno de los memorandos de viabilización expedidos por la Subdirección de Diseño, Evaluación y Sistematización de la Secretaría Distrital de Integración Social - SDIS y la información mensual del IPC emitida por el DANE. Para este registro una vez calculado, se toma el porcentaje de IPC acumulado y el precio calculado para el mes de Abril de 2024, Documento Estudio de mercado Hoja llamada “INDEXACION PRODUCTOS MES A MES”
B67: Nota 3: Talento Humano: teniendo en cuenta la resolución de honorarios No. 30 del 5 de enero de 2024 expedida por la Secretaría Distrital de Integración Social, para el talento Humano se calculó el valor unitario mensual, y con base a este se calcula el período así: multiplicando el valor unitario mensual por cada perfil y a su vez por la cantidad de meses, tres (3) para 2024. Y doce (12) meses para la Vigencia 2025. se proyecta el talento humano con un incremento sobre el valor al cierre de la vigencia anterior del 7,04% para el 2025, se hará el incremento de acuerdo con lo que se estipule en las actualizaciones de la resolución de honorarios respectiva, emitida por la Entidad o cualquier otro documento que expida la SDIS para el incremento del talento humano de convenios o contratos.
B68: Nota 4: Dotación talento humano: Para el cálculo de la dotación de talento Humano se toma la información de los elementos exigidos en el anexo técnico y los precios indexados. este ítem se encuentra viabilizado por la Subdirección de Diseño, Evaluación y sistematización de la Secretaría Distrital de Integración Social - SDIS a través de los memorandos No. I2023004856 del 17/02/2024; I2023008278 del 17/03/2024; I2024004413 del 16/02/20024; I2024014734 del 29/05/2024. con las condiciones que se especifican a continuación, el cálculo se realiza con la formula "Valor unitario cupo día x cupos x días". Para el 2025 se incremento un 3% con respecto al precio del 2024
B69: Nota 5 Vigilancia - medio humano: De conformidad con la circular externa No. 20231300001105 del 30 de diciembre del 2023 emitida por la Superintendencia de Vigilancia y memorando de la Subdirección Administrativa y Financiera No. I2024000033 del 02 de enero de 2024; para la prestación de este servicio se requiere que la empresa de vigilancia se contrate de la siguiente manera: Se debe garantizar un servicio de 24 horas los siete días de la semana, comunicación permanente con la central de operaciones, dos guardas de seguridad debidamente uniformados, entrenados y capacitados, sin armas (1 guarda en puesto fijo y un guarda en recorrido por el centro de atención). De igual manera, supervisión permanente del personal que ingresa y sale del servicio. Se calculo con la formula "(Valor unitario mes / 30) x cantidades x días". Para las vigencias 2024, y 2025. se calculo de acuerdo con cada periodo como se especifica en la circular así: del 1 de octubre al 31 de diciembre de 2024, del 1 de enero de 2025 al 14 de Julio de 2025, del 15 de julio al 31 de Diciembre de 2025. Para el 2025 se incrementó un 3% con respecto al precio del 2024. Para el 2025 en la ejecución del contrato y con el fin de establecer el precio de referencia de vigilancia se tendrá en cuenta la circular que emita la supervigilancia.
B70: Según la circular externa emitida por la Superintendencia de Vigilancia y memorando de la Subdirección Administrativa y Financiera para la vigencia (2025), este comprende dos periodos para su cálculo, Un primer periodo que va del 1 enero al 14 de julio de cada año y el segundo que va del 15 de julio al 31 de diciembre o hasta finalizar el contrato. Razón por la cual se aclara, que para determinar la suma total de costo fijo mes, sólo se debe tener en cuenta el valor que aplica para cada periodo.
B71: Nota 6: Vigilancia Medio Tecnológico: Debe contar con Circuito cerrado de televisión con cámaras dentro del espacio funcional cubriendo las diferentes áreas que requieran vigilancia permanente, asegurando la cobertura total del centro de atención. El CCTV, debe tener las siguientes especificaciones técnicas mínimas: tecnología digital tríplex, de alta definición, grabación en tiempo real, almacenamiento digital de 180 días calendario. Se calcula el servicio con la formula "Valor unitario mes x cantidades x días" de acuerdo con el precio viabilizado por la Subdirección de Diseño, Evaluación y sistematización de la Secretaría Distrital de Integración Social - SDIS memorando No: I2024004948. Para el 2025 se incrementó un 3% con respecto al precio del 2024.
B72: Nota 7 Transporte: Este ítem se encuentra viabilizado por la Subdirección de Diseño, Evaluación y sistematización de la Secretaría Distrital de Integración Social - SDIS a través de Memorando No. I2024014734 del 29/05/2024. con las condiciones que se especifican en hoja No. 4 del estudio de mercado “Transporte" el cálculo se realiza con la formula "Valor unitario cupo día x cupos x días" donde por cantidad se toma como un (1) servicio integral comprende 2 vehículos uno por 12 horas y otro por 24 horas (incluido el conductor en ambos casos) Para el 2025 se incrementó un 3% con respecto al precio del 2024.
B73: Nota 8 Bienes no consumibles: en este ítem se incluyeron todos los elementos necesarios para el servicio que no son consumibles, equipos, mobiliario, maquinas, etc. Se realizó el cálculo del valor unitario mes, a partir de los costos unitarios de los elementos viabilizados por la Subdirección de Diseño, Evaluación y sistematización de la Secretaría Distrital de Integración Social - SDIS mediante los memorandos I2023004856 DEL 17/02/2023; I2023018072 del 23/06/2023; I2023031991 del 20/10/2023; I2023031433 del 13/10/2023; I2023031084 del 11/10/52024; I2023008278 del 17/03/2023; I2023024745 del 23/08/2023; I2024014734 del 29/05/2024; I2024004413 del 16/02/2024", se manejó una indexación mes a mes para cada producto de acuerdo con la fecha de emisión del cada uno de los memorandos de viabilización correspondientes al año 2023 este proceso se encuentra detallado en la hoja "INDEXACION DE PRODUCTOS MES A MES" del estudio de mercado, y para los productos viabilizados en el 2024 se tomo la información de los memorandos expedidos en este año. la fórmula para el cálculo es "Valor unitario cupo día x cupos x días". Para el 2025 se incrementó un 3% con respecto al precio del 2024.
B74: Nota 9 Los bienes consumibles: se encuentran distribuidos en los ítems Lavandería, Aseo Institucional, actividades pedagógicas (Talleres y papelería y Actividades recreo deportivas), y el Componente de gestión documental.
B75: Nota 10 Los Productos correspondientes a Lavandería: se encuentran viabilizados por la Subdirección de Diseño, Evaluación y Sistematización de la Secretaría Distrital de Integración Social - SDIS con los memorandos No. I2023004856 del 17/02/2023; I2023019873 del 10/07/2023 el cálculo se realización la fórmula "Valor unitario cupo día x cupos x días". Se manejó una indexación mes a mes para cada producto de acuerdo con la fecha de emisión del cada uno de los memorandos de viabilización correspondientes al año 2023 este proceso se encuentra detallado en la hoja "INDEXACION DE PRODUCTOS MES A MES" del estudio de mercado. Para el 2025 se incrementó un 3% con respecto al precio del 2024.
B76: Nota 11 Los Productos de talleres y Papelería: se encuentran viabilizados por la Subdirección de Diseño, Evaluación y Sistematización de la Secretaría Distrital de Integración Social - SDIS con los memorandos No. I2023004856 del 17/02/2023; I2023008278 del 17/03/2023; I2023015628 del 30/05/2023; I2024004413 del 16/02/2024; I2024014734 del 29/05/2024 el cálculo se realización la fórmula "Valor unitario cupo día x cupos x días" se manejó una indexación mes a mes para cada producto de acuerdo con la fecha de emisión del cada uno de los memorandos de viabilización correspondientes al año 2023 este proceso se encuentra detallado en la hoja "INDEXACION DE PRODUCTOS MES A MES" del estudio de mercado, y para los productos viabilizados en el 2024 se tomo la información de los memorandos expedidos en este año. Para el 2025 se incrementó un 3% con respecto al precio del 2024.
B77: Nota 12 Productos Recreo deportivos: se encuentran viabilizados por la Subdirección de Diseño, Evaluación y Sistematización de la Secretaría Distrital de Integración Social - SDIS con los memorandos No. I2023004856 del 17/02/2023; I2023008278 del 17/03/2023; I2023019873 del 10/07/2023; I2023032069 del 10/10/2024 del 30/05/2023; I2024014734 del 29/05/2024 el cálculo se realización la fórmula "Valor unitario cupo día x cupos x días" | C77: se manejó una indexación mes a mes para cada producto de acuerdo con la fecha de emisión del cada uno de los memorandos de viabilización correspondientes al año 2023 este proceso se encuentra detallado en la hoja "INDEXACION DE PRODUCTOS MES A MES" del estudio de mercado, y para los productos viabilizados en el 2024 se tomo la información de los memorandos expedidos en este año. Para el 2025 se incrementó un 3% con respecto al precio del 2024.
B78: Nota 13 Talleres Agrícolas: Los Productos se encuentran viabilizados por la Subdirección de Diseño, Evaluación y Sistematización de la Secretaría Distrital de Integración Social - SDIS con los memorandos No. I2023004856 del 17/02/2023; I2023008278 del 17/03/2023; I2023019873 del 10/07/2023; I2023015628 del 30/05/2023; I2024004413 del 16/02/2024; I2024014734 del 29/05/2024 el cálculo se realización la fórmula "Valor unitario cupo día x cupos x días". se manejó una indexación mes a mes para cada producto de acuerdo con la fecha de emisión del cada uno de los memorandos de viabilización correspondientes al año 2023 este proceso se encuentra detallado en la hoja "INDEXACION DE PRODUCTOS MES A MES" del estudio de mercado, y para los productos viabilizados en el 2024 se tomo la información de los memorandos expedidos en este año. Para el 2025 se incrementó un 3% con respecto al precio del 2024.
B79: Nota 14 Aseo Institucional: se encuentran viabilizados por la Subdirección de Diseño, Evaluación y Sistematización de la Secretaría Distrital de Integración Social - SDIS con los memorandos No. I2023004856 del 17/02/2023; I2023008278 del 17/03/2023; I2023019873 del 10/07/2023; I2024004413 del 16/02/2024 el cálculo se realización la fórmula "Valor unitario cupo día x cupos x días". se manejó una indexación mes a mes para cada producto de acuerdo con la fecha de emisión del cada uno de los memorandos de viabilización correspondientes al año 2023 este proceso se encuentra detallado en la hoja "INDEXACION DE PRODUCTOS MES A MES" del estudio de mercado, y para los productos viabilizados en el 2024 se tomo la información de los memorandos expedidos en este año. Para el 2025 se incrementó un 3% con respecto al precio del 2024.
B80: Nota 15 Aseo Participantes: Se encuentran viabilizados por la Subdirección de Diseño, Evaluación y Sistematización de la Secretaría Distrital de Integración Social - SDIS con los memorandos No. I2023008278 del 17/03/2023; I2023019873 del 10/07/2023; I2023010652 del 14/04/2023; I2024014734 del 29/05/2024 el cálculo se realización la fórmula Valor unitario cupo día x cupos x días calendario". se manejó una indexación mes a mes para cada producto de acuerdo con la fecha de emisión del cada uno de los memorandos de viabilización correspondientes al año 2023 este proceso se encuentra detallado en la hoja "INDEXACION DE PRODUCTOS MES A MES" del estudio de mercado, y para los productos viabilizados en el 2024 se tomo la información de los memorandos expedidos en este año. Para el 2025 se incrementó un 3% con respecto al precio del 2024.
B81: Nota 16 Vestuario Participantes: Se encuentran viabilizados por la Subdirección de Diseño, Evaluación y Sistematización de la Secretaría Distrital de Integración Social - SDIS con los memorandos No. I2023004856 del 17/02/2023; I2023019873 del 10/07/2023; I2024014734 del 29/05/2024 el cálculo se realización la fórmula Valor unitario cupo día x cupos x días calendario". se manejó una indexación mes a mes para cada producto de acuerdo con la fecha de emisión del cada uno de los memorandos de viabilización correspondientes al año 2023 este proceso se encuentra detallado en la hoja "INDEXACION DE PRODUCTOS MES A MES" del estudio de mercado, y para los productos viabilizados en el 2024 se tomo la información de los memorandos expedidos en este año. Para el 2025 se incrementó un 3% con respecto al precio del 2024.
B82: Nota 17: Alimentación participantes: De acuerdo con aporte nutricional definido para el servicio, con base en las recomendaciones de ingesta de calorías y nutrientes para la población habitante de calle o en riesgo de estarlo, de 29 años en adelante y la minuta definida por la Dirección de Nutrición y Abastecimiento, se realizó el cálculo del costo mensual, a partir de los costos unitarios de los alimentos viabilizados por la Subdirección de Diseño, Evaluación y sistematización de la Secretaría Distrital de Integración Social - SDIS mediante los radicados definidos I2024011245 26/04/2024; I2024012926 14/05/2024; I2024011757 1/05/2024; I2024011415 29/04/2024; I2024005209 24/02/2024, I2024013739 21/05/2024. Así mismo, El cálculo se realiza con la siguiente formula Valor unitario cupo día x cupos x días calendario calendario" Para el 2025 se incrementó un 3% con respecto al precio del 2024.
B83: Nota 18: Productos de Panadería para la alimentación de los participantes: se tuvo en cuenta para los productos de panadería los precios suministrados por la Dirección de Nutrición Y Abastecimiento viabilizados según correo enviado el miércoles 5 de junio de 2024. este proceso se encuentra detallado en la hoja "INDEXACION DE PRODUCTOS MES A MES" del estudio de mercado, y para los productos viabilizados en el 2024 se tomo la información de los memorandos expedidos en este año. Para el 2025 se incrementó un 3% con respecto al precio del 2024.
B84: Nota 19 Reconocimiento del Inmueble; se encuentran viabilizados por la Subdirección de Diseño, Evaluación y Sistematización de la Secretaría Distrital de Integración Social - SDIS con los memorandos No. I2024014734 del 29/05/2024 el calculo se realización la fórmula "Valor unitario cupo día x cupos x días". Para el 2025 se incrementó un 3% con respecto al precio del 2024.
B85: Nota 20 Mantenimiento del Inmueble; se encuentran viabilizados por la Subdirección de Diseño, Evaluación y Sistematización de la Secretaría Distrital de Integración Social - SDIS con los memorandos No. I2024014734 del 29/05/2024 el calculo se realización la fórmula "Valor unitario cupo día x cupos x días". Para el 2025 se incrementó un 3% con respecto al precio del 2024.
B86: Nota 21 Servicios Públicos: Para el caso de los servicios Públicos, Energía, Acueducto, gas, aseo, telefonía e internet se encuentra viabilizado por la Subdirección de Diseño, Evaluación y Sistematización de la Secretaría Distrital de Integración Social - SDIS con los memorandos No. I2024014734 del 29/05/2024, este se toma como un costo variable por tanto la formula para el calculo en la estructura es la siguiente: Valor unitario cupo día x cupos x días calendario" Para el 2025 se incrementó un 3% con respecto al precio del 2024.
B87: Nota 22: EL Incremento del IPC para la Vigencias 2025: Durante la ejecución del contrato para la vigencia 2025 Se tendrá en cuenta el IPC publicado por el Departamento Administrativo Nacional de Estadística DANE. Y la oferta comercial adjudicada. Para este cálculo se aplicará el valor de la diferencia sea por encima o por debajo sobre el porcentaje de incremento aplicado en la oferta comercial para la vigencia 2025. Como resultado se obtendrá unos nuevos precios de referencia para cada ítem, a excepción de talento humano y vigilancia medio Humano.
B88: Talento Humano- 2025 se hará teniendo en cuenta la oferta comercial adjudicada y el incremento de acuerdo con lo que se estipule en las actualizaciones de la resolución de honorarios respectiva, emitida por la SDIS o cualquier otro documento que expida la SDIS para el incremento del talento humano de convenios o contratos.
B89: Vigilancia - 2025 medio Humano: se hará teniendo en cuenta la circular que expida la superintendencia para el 2025.
... B93: Nota 25: Teniendo en cuenta que los precios de referencia que se publican en SECOP “Oferta Económica” Identificados en las columnas como “valor unitario Cupo Dia 2024” y “valor unitario cupo día 2025” es el valor máximo por ítem para que el proponente presente su propuesta; por lo anterior de conformidad con su oferta económica el proponente debe diligenciar el Formato XXX donde indique para cada ítem de la estructura el porcentaje de menor o mayor valor frente al valor unitario mes 2024 y 2025.Porcentaje base para actualizar los precios del 2025.

Sheet Est. de costos Lote 3 cupos 100
B1: ESTRUCTURA DE COSTOS | P1: In IPC TH | Q1: 0.0704
B2: 7948 Desarrollo del abordaje integral del fenómeno de habitabilidad en calle para contribuir a la reducción de las formas extremas de exclusión en Bogotá D.C. | P2: Proy IPC SDIS | Q2: 0.03
B3: SERVICIO DE ATENCIÓN COMUNIDAD DE VIDA PARA PERSONAS HABITANTES DE CALLE
B4: Objeto: Brindar procesos de atención integral orientados a la población habitante de calle de 29 años de edad en adelante, a través de un servicio de comunidad de vida dirigido a la superación de las formas extremas de exclusión asociadas a las dinámicas de vida en la calle. | D4: Objeto: Brindar procesos de atención integral orientados a la población habitante de calle de 29 años de edad en adelante, a través de un servicio de comunidad de vida dirigido a la superación de las formas extremas de exclusión asociadas a las dinámicas de vida en la calle.
B5: PLAZO: 15 MESES
B9: COBERTURA (# DE CUPOS): | C9: 100 | J9: CUPO 100 | O9: TOTAL ESTRUCTURA
B10: PLAZO: | C10: 3 MESES | J10: PLAZ0 12 MESES | O10: PLAZO TOTAL 15 MESES
B12: ITEM | C12: CANTIDAD | D12: FORMULA | E12: VALOR UNITARIO CUPO DIA 2024 | F12: VALOR MENSUAL 2024 | G12: PERIODO MESES 30 DIAS (CF) DIAS CALENDARIO (CV) | H12: VALOR VIGENCIA 1 DE OCTUBRE DE 2024 AL 31 DE DICIEMBRE DE 2024 | J12: VALOR UNITARIO CUPO DIA 2025 | K12: VALOR MENSUAL 2025 | L12: PERIODO MESES 30 DIAS (CF) DIAS CALENDARIO (CV) | M12: VIGENCIA 01 ENERO A DICIEBRE 31 DE 2025 | O12: VIGENCIA 2024 | P12: VIGENCIA FUTURA (2025) | Q12: TOTAL
B13: COSTOS FIJOS | J13: COSTOS FIJOS | O13: COSTOS FIJOS
B14: TALENTO HUMANO | C14: =SUM(C15:C33) -> 61 | E14: =SUM(E15:E33) -> 62130707 | F14: =SUM(F15:F33) -> 187518715 | H14: =SUM(H15:H33) -> 562556145 | J14: =SUM(J15:J33) -> 66504713 | K14: =SUM(K15:K33) -> 200720049 | M14: =SUM(M15:M33) -> 2408640588 | O14: =SUM(O15:O33) -> 562556145 | P14: =M14 -> 2408640588 | Q14: =SUM(Q15:Q33) -> 2971196733
A15: 1 | B15: COORDINADOR/A O RESPONSABLE | C15: =IFERROR(VLOOKUP($B15,'REQUISTO MIN TH'!$A$2:$H$27,6,0),0) -> 1 | D15: Valor mensual x periodo | E15: =IFERROR((VLOOKUP($B15,'1. TABLA COSTOS REC HUMANO'!$B$7:$M$31,3,0)),0) -> 5133210 | F15: =ROUND(E15*$C15,0) -> 5133210 | G15: 3 | H15: =ROUND(F15*G15,0) -> 15399630 | J15: =ROUND(E15*(1+$Q$1),0) -> 5494588 | K15: =ROUND(J15*$C15,0) -> 5494588 | L15: 12 | M15: =ROUND(K15*L15,0) -> 65935056 | O15: =H15 -> 15399630 | P15: =M15 -> 65935056 | Q15: =O15+P15 -> 81334686
A16: 2 | B16: NUTRICIONISTA DIETISTA | C16: =IFERROR(VLOOKUP($B16,'REQUISTO MIN TH'!$A$2:$H$27,6,0),0) -> 2 | D16: Valor mensual x periodo | E16: =IFERROR((VLOOKUP($B16,'1. TABLA COSTOS REC HUMANO'!$B$7:$M$31,3,0)),0) -> 4399725 | F16: =ROUND(E16*$C16,0) -> 8799450 | G16: 3 | H16: =ROUND(F16*G16,0) -> 26398350 | J16: =ROUND(E16*(1+$Q$1),0) -> 4709466 | K16: =ROUND(J16*$C16,0) -> 9418932 | L16: 12 | M16: =ROUND(K16*L16,0) -> 113027184 | O16: =H16 -> 26398350 | P16: =M16 -> 113027184 | Q16: =O16+P16 -> 139425534
A17: 4 | B17: PROFESIONAL EN PEDAGOGÍA REEDUCADOR O LICENCIADO EN PEDAGOGIA | C17: =IFERROR(VLOOKUP($B17,'REQUISTO MIN TH'!$A$2:$H$27,6,0),0) -> 2 | D17: Valor mensual x periodo | E17: =IFERROR((VLOOKUP($B17,'1. TABLA COSTOS REC HUMANO'!$B$7:$M$31,3,0)),0) -> 4399725 | F17: =ROUND(E17*$C17,0) -> 8799450 | G17: 3 | H17: =ROUND(F17*G17,0) -> 26398350 | J17: =ROUND(E17*(1+$Q$1),0) -> 4709466 | K17: =ROUND(J17*$C17,0) -> 9418932 | L17: 12 | M17: =ROUND(K17*L17,0) -> 113027184 | O17: =H17 -> 26398350 | P17: =M17 -> 113027184 | Q17: =O17+P17 -> 139425534
A18: 5 | B18: PROFESIONAL EN PSICOLOGÍA | C18: =IFERROR(VLOOKUP($B18,'REQUISTO MIN TH'!$A$2:$H$27,6,0),0) -> 4 | D18: Valor mensual x periodo | E18: =IFERROR((VLOOKUP($B18,'1. TABLA COSTOS REC HUMANO'!$B$7:$M$31,3,0)),0) -> 4399725 | F18: =ROUND(E18*$C18,0) -> 17598900 | G18: 3 | H18: =ROUND(F18*G18,0) -> 52796700 | J18: =ROUND(E18*(1+$Q$1),0) -> 4709466 | K18: =ROUND(J18*$C18,0) -> 18837864 | L18: 12 | M18: =ROUND(K18*L18,0) -> 226054368 | O18: =H18 -> 52796700 | P18: =M18 -> 226054368 | Q18: =O18+P18 -> 278851068
A19: 6 | B19: TERAPEUTA OCUPACIONAL | C19: =IFERROR(VLOOKUP($B19,'REQUISTO MIN TH'!$A$2:$H$27,6,0),0) -> 4 | D19: Valor mensual x periodo | E19: =IFERROR((VLOOKUP($B19,'1. TABLA COSTOS REC HUMANO'!$B$7:$M$31,3,0)),0) -> 4399725 | F19: =ROUND(E19*$C19,0) -> 17598900 | G19: 3 | H19: =ROUND(F19*G19,0) -> 52796700 | J19: =ROUND(E19*(1+$Q$1),0) -> 4709466 | K19: =ROUND(J19*$C19,0) -> 18837864 | L19: 12 | M19: =ROUND(K19*L19,0) -> 226054368 | O19: =H19 -> 52796700 | P19: =M19 -> 226054368 | Q19: =O19+P19 -> 278851068
A20: 8 | B20: TRABAJADOR (A) SOCIAL | C20: =IFERROR(VLOOKUP($B20,'REQUISTO MIN TH'!$A$2:$H$27,6,0),0) -> 4 | D20: Valor mensual x periodo | E20: =IFERROR((VLOOKUP($B20,'1. TABLA COSTOS REC HUMANO'!$B$7:$M$31,3,0)),0) -> 4399725 | F20: =ROUND(E20*$C20,0) -> 17598900 | G20: 3 | H20: =ROUND(F20*G20,0) -> 52796700 | J20: =ROUND(E20*(1+$Q$1),0) -> 4709466 | K20: =ROUND(J20*$C20,0) -> 18837864 | L20: 12 | M20: =ROUND(K20*L20,0) -> 226054368 | O20: =H20 -> 52796700 | P20: =M20 -> 226054368 | Q20: =O20+P20 -> 278851068
A21: 9 | B21: EDUCADOR FÍSICO | C21: =IFERROR(VLOOKUP($B21,'REQUISTO MIN TH'!$A$2:$H$27,6,0),0) -> 2 | D21: Valor mensual x periodo | E21: =IFERROR((VLOOKUP($B21,'1. TABLA COSTOS REC HUMANO'!$B$7:$M$31,3,0)),0) -> 3666240 | F21: =ROUND(E21*$C21,0) -> 7332480 | G21: 3 | H21: =ROUND(F21*G21,0) -> 21997440 | J21: =ROUND(E21*(1+$Q$1),0) -> 3924343 | K21: =ROUND(J21*$C21,0) -> 7848686 | L21: 12 | M21: =ROUND(K21*L21,0) -> 94184232 | O21: =H21 -> 21997440 | P21: =M21 -> 94184232 | Q21: =O21+P21 -> 116181672
A22: 10 | B22: PROMOTORES (AS) SOCIAL | C22: =IFERROR(VLOOKUP($B22,'REQUISTO MIN TH'!$A$2:$H$27,6,0),0) -> 16 | D22: Valor mensual x periodo | E22: =IFERROR((VLOOKUP($B22,'1. TABLA COSTOS REC HUMANO'!$B$7:$M$31,3,0)),0) -> 2445690 | F22: =ROUND(E22*$C22,0) -> 39131040 | G22: 3 | H22: =ROUND(F22*G22,0) -> 117393120 | J22: =ROUND(E22*(1+$Q$1),0) -> 2617867 | K22: =ROUND(J22*$C22,0) -> 41885872 | L22: 12 | M22: =ROUND(K22*L22,0) -> 502630464 | O22: =H22 -> 117393120 | P22: =M22 -> 502630464 | Q22: =O22+P22 -> 620023584
A23: 3 | B23: TECNICO OPERATIVO | C23: =IFERROR(VLOOKUP($B23,'REQUISTO MIN TH'!$A$2:$H$27,6,0),0) -> 1 | D23: Valor mensual x periodo | E23: =IFERROR((VLOOKUP($B23,'1. TABLA COSTOS REC HUMANO'!$B$7:$M$31,3,0)),0) -> 2885920 | F23: =ROUND(E23*$C23,0) -> 2885920 | G23: 3 | H23: =ROUND(F23*G23,0) -> 8657760 | J23: =ROUND(E23*(1+$Q$1),0) -> 3089089 | K23: =ROUND(J23*$C23,0) -> 3089089 | L23: 12 | M23: =ROUND(K23*L23,0) -> 37069068 | O23: =H23 -> 8657760 | P23: =M23 -> 37069068 | Q23: =O23+P23 -> 45726828
A24: 11 | B24: TÉCNICO ADMINISTRATIVO | C24: =IFERROR(VLOOKUP($B24,'REQUISTO MIN TH'!$A$2:$H$27,6,0),0) -> 1 | D24: Valor mensual x periodo | E24: =IFERROR((VLOOKUP($B24,'1. TABLA COSTOS REC HUMANO'!$B$7:$M$31,3,0)),0) -> 2885920 | F24: =ROUND(E24*$C24,0) -> 2885920 | G24: 3 | H24: =ROUND(F24*G24,0) -> 8657760 | J24: =ROUND(E24*(1+$Q$1),0) -> 3089089 | K24: =ROUND(J24*$C24,0) -> 3089089 | L24: 12 | M24: =ROUND(K24*L24,0) -> 37069068 | O24: =H24 -> 8657760 | P24: =M24 -> 37069068 | Q24: =O24+P24 -> 45726828
A25: 12 | B25: TÉCNICO(A) O TECNÓLOGO(A) AMBIENTAL | C25: =IFERROR(VLOOKUP($B25,'REQUISTO MIN TH'!$A$2:$H$27,6,0),0) -> 1 | D25: Valor mensual x periodo | E25: =IFERROR((VLOOKUP($B25,'1. TABLA COSTOS REC HUMANO'!$B$7:$M$31,3,0)),0) -> 2885920 | F25: =ROUND(E25*$C25,0) -> 2885920 | G25: 3 | H25: =ROUND(F25*G25,0) -> 8657760 | J25: =ROUND(E25*(1+$Q$1),0) -> 3089089 | K25: =ROUND(J25*$C25,0) -> 3089089 | L25: 12 | M25: =ROUND(K25*L25,0) -> 37069068 | O25: =H25 -> 8657760 | P25: =M25 -> 37069068 | Q25: =O25+P25 -> 45726828
A26: 13 | B26: TÉCNICO(A) O TECNÓLOGO(A) EN ALIMENTOS | C26: =IFERROR(VLOOKUP($B26,'REQUISTO MIN TH'!$A$2:$H$27,6,0),0) -> 1 | D26: Valor mensual x periodo | E26: =IFERROR((VLOOKUP($B26,'1. TABLA COSTOS REC HUMANO'!$B$7:$M$31,3,0)),0) -> 2885920 | F26: =ROUND(E26*$C26,0) -> 2885920 | G26: 3 | H26: =ROUND(F26*G26,0) -> 8657760 | J26: =ROUND(E26*(1+$Q$1),0) -> 3089089 | K26: =ROUND(J26*$C26,0) -> 3089089 | L26: 12 | M26: =ROUND(K26*L26,0) -> 37069068 | O26: =H26 -> 8657760 | P26: =M26 -> 37069068 | Q26: =O26+P26 -> 45726828
... A33: 19 | B33: SERVICIOS GENERALES | C33: =IFERROR(VLOOKUP($B33,'REQUISTO MIN TH'!$A$2:$H$27,6,0),0) -> 5 | D33: Valor mensual x periodo | E33: =IFERROR((VLOOKUP($B33,'1. TABLA COSTOS REC HUMANO'!$B$7:$M$31,3,0)),0) -> 2281433 | F33: =ROUND(E33*$C33,0) -> 11407165 | G33: 3 | H33: =ROUND(F33*G33,0) -> 34221495 | J33: =ROUND(E33*(1+$Q$1),0) -> 2442046 | K33: =ROUND(J33*$C33,0) -> 12210230 | L33: 12 | M33: =ROUND(K33*L33,0) -> 146522760 | O33: =H33 -> 34221495 | P33: =M33 -> 146522760 | Q33: =O33+P33 -> 180744255
B34: DOTACION DE TALENTO HUMANO | C34: 1 | D34: Valor mensual x periodo | E34: ='2. DOTACION PARA TALENTO HUMANO'!N19 -> 3457795 | F34: =ROUND(E34*$C34,0) -> 3457795 | G34: 3 | H34: =ROUND(F34*G34,0) -> 10373385 | J34: =ROUND(E34*(1+$Q$2),0) -> 3561529 | K34: =ROUND(J34*$C34,0) -> 3561529 | L34: 12 | M34: =ROUND(K34*L34,0) -> 42738348 | O34: =H34 -> 10373385 | P34: =M34 -> 42738348 | Q34: =O34+P34 -> 53111733
B35: VIGILANCIA + TARIFA ADMINISTRACION Y SUPERVISION+AIU (DEL 01 ENERO AL 14 DE JULIO PARA CADA VIGENCIAS) | C35: 2 | D35: Valor unitario día x días | E35: ='3. VIGILANCIA'!O7 -> 864353 | F35: =E35 -> 864353 | G35: 0 | H35: =ROUND(F35*G35,0) -> 0 | J35: =ROUND(E35*(1+$Q$2),0) -> 890284 | K35: =J35 -> 890284 | L35: 194 | M35: =ROUND(J35*L35,0) -> 172715096 | O35: =H35 -> 0 | P35: =M35 -> 172715096 | Q35: =O35+P35 -> 172715096
B36: VIGILANCIA + TARIFA ADMINISTRACION Y SUPERVISION+AIU (DEL 15 DE JULIO AL 31 DE DICIEMBREPARA CADA VIGENCIA) | C36: 2 | D36: Valor unitario día x días | E36: ='3. VIGILANCIA'!O8 -> 871983 | F36: =E36 -> 871983 | G36: 90 | H36: =ROUND(E36*G36,0) -> 78478470 | J36: =ROUND(E36*(1+$Q$2),0) -> 898142 | K36: =J36 -> 898142 | L36: 166 | M36: =ROUND(J36*L36,0) -> 149091572 | O36: =H36 -> 78478470 | P36: =M36 -> 149091572 | Q36: =O36+P36 -> 227570042
B37: VIGILANCIA + MEDIO TECNOLOGICO | C37: 1 | D37: Valor mensual x periodo | E37: ='3. VIGILANCIA'!P13 -> 1820680 | F37: =ROUND(E37*$C37,0) -> 1820680 | G37: 3 | H37: =ROUND(F37*G37,0) -> 5462040 | J37: =ROUND(E37*(1+$Q$2),0) -> 1875300 | K37: =ROUND(J37*$C37,0) -> 1875300 | L37: 12 | M37: =ROUND(K37*L37,0) -> 22503600 | O37: =H37 -> 5462040 | P37: =M37 -> 22503600 | Q37: =O37+P37 -> 27965640
B38: TRANSPORTE | C38: 1 | D38: Valor mensual x periodo | E38: ='4. TRANSPORTE'!L10 -> 32759584 | F38: =ROUND(E38*$C38,0) -> 32759584 | G38: 3 | H38: =ROUND(F38*G38,0) -> 98278752 | J38: =ROUND(E38*(1+$Q$2),0) -> 33742372 | K38: =ROUND(J38*$C38,0) -> 33742372 | L38: 12 | M38: =ROUND(K38*L38,0) -> 404908464 | O38: =H38 -> 98278752 | P38: =M38 -> 404908464 | Q38: =O38+P38 -> 503187216
B39: BIENES NO CONSUMIBLES | C39: 1 | D39: Valor mensual x periodo | E39: ='5. BIENES NO CONSUMIBLES'!M113 -> 15130791 | F39: =ROUND(E39*$C39,0) -> 15130791 | G39: 3 | H39: =ROUND(F39*G39,0) -> 45392373 | J39: =ROUND(E39*(1+$Q$2),0) -> 15584715 | K39: =ROUND(J39*$C39,0) -> 15584715 | L39: 12 | M39: =ROUND(K39*L39,0) -> 187016580 | O39: =H39 -> 45392373 | P39: =M39 -> 187016580 | Q39: =O39+P39 -> 232408953
B40: LAVANDERIA | C40: 1 | D40: Valor mensual x periodo | E40: ='14. LAVANDERIA'!M12 -> 614204 | F40: =ROUND(E40*$C40,0) -> 614204 | G40: 3 | H40: =ROUND(F40*G40,0) -> 1842612 | J40: =ROUND(E40*(1+$Q$2),0) -> 632630 | K40: =ROUND(J40*$C40,0) -> 632630 | L40: 12 | M40: =ROUND(K40*L40,0) -> 7591560 | O40: =H40 -> 1842612 | P40: =M40 -> 7591560 | Q40: =O40+P40 -> 9434172
B41: ASEO INSTITUCIONAL | C41: 1 | D41: Valor mensual x periodo | E41: ='13. ASEO INSTITUCIONAL'!M35 -> 2344900 | F41: =ROUND(E41*$C41,0) -> 2344900 | G41: 3 | H41: =ROUND(F41*G41,0) -> 7034700 | J41: =ROUND(E41*(1+$Q$2),0) -> 2415247 | K41: =ROUND(J41*$C41,0) -> 2415247 | L41: 12 | M41: =ROUND(K41*L41,0) -> 28982964 | O41: =H41 -> 7034700 | P41: =M41 -> 28982964 | Q41: =O41+P41 -> 36017664
B42: ACTIVIDADES PEDAGOGICAS, LUDICAS, RECREATIVAS, DEPORTIVAS | C42: 1 | D42: Talleres y papelería + Actividades recreo deportivas | E42: =SUM(E43:E45) -> 27983492 | F42: =SUM(F43:F45) -> 27983492 | H42: =SUM(H43:H45) -> 83950476 | J42: =SUM(J43:J45) -> 28822997 | K42: =SUM(K43:K45) -> 28822997 | M42: =SUM(M43:M45) -> 345875964 | O42: =H42 -> 83950476 | P42: =M42 -> 345875964 | Q42: =O42+P42 -> 429826440
B43: TALLERES Y PAPELERIA | C43: 1 | D43: Valor mensual x periodo | E43: ='7. TALLERES Y PAPELERIA'!M43 -> 5581342 | F43: =ROUND(E43*$C43,0) -> 5581342 | G43: 3 | H43: =ROUND(F43*G43,0) -> 16744026 | J43: =ROUND(E43*(1+$Q$2),0) -> 5748782 | K43: =ROUND(J43*$C43,0) -> 5748782 | L43: 12 | M43: =ROUND(K43*L43,0) -> 68985384 | O43: =H43 -> 16744026 | P43: =M43 -> 68985384 | Q43: =O43+P43 -> 85729410
